Workbook
Name _________kk29: #REF!
Name ________kk06: #REF!
Name ________kk29: #REF!
Name _______kk06: #REF!
Name _______kk29: #REF!
Name ______kk06: #REF!
Name ______kk29: #REF!
Name _____kk06: #REF!
Name _____kk29: #REF!
Name ____kk06: #REF!
Name ____kk29: #REF!
Name ___kk06: #REF!
Name ___kk29: #REF!
Name __kk06: #REF!
Name __kk29: #REF!
Name _kk06: #REF!
Name _kk1: #REF!
Name _kk1: #REF!
Name _kk1: #REF!
Name _kk1: #REF!
Name _kk1: #REF!
Name _kk1: #REF!
Name _kk1: #REF!
Name _kk1: #REF!
Name _kk1: #REF!
Name _kk1: #REF!
Name _kk1: #REF!
Name _kk1: #REF!
Name _kk1: #REF!
Name _kk1: #REF!
Name _kk1: #REF!
Name _kk1: #REF!
Name _kk1: #REF!
Name _kk1: #REF!
Name _kk1: #REF!
Name _kk1: #REF!
Name _kk1: #REF!
Name _kk1: #REF!
Name _kk2: #REF!
Name _kk2: #REF!
Name _kk2: #REF!
Name _kk2: #REF!
Name _kk2: #REF!
Name _kk2: #REF!
Name _kk2: #REF!
Name _kk2: #REF!
Name _kk2: #REF!
Name _kk2: #REF!
Name _kk2: #REF!
Name _kk2: #REF!
Name _kk2: #REF!
Name _kk2: #REF!
Name _kk2: #REF!
Name _kk2: #REF!
Name _kk2: #REF!
Name _kk2: #REF!
Name _kk2: #REF!
Name _kk2: #REF!
Name _kk2: #REF!
Name _kk29: #REF!

Sheet 必要書類一覧（新規）
A1: 指定障害児通所支援事業所及び指定障害児入所施設 指定申請に係る必要書類一覧及び説明・注意事項 | I1: 横浜市こども青少年局障害児福祉保健課 R8.4月版
J2: 児 ：児童発達支援 放 ：放課後等デイサービス 保 ：保育所等訪問支援 居 ：居宅訪問型児童発達支援 入所：障害児入所施設 ※センター：児童発達支援センター
A3: 順番 | B3: 様式名等 | F3: 説明・注意事項 | K3: 障害児通所支援 | O3: 入所
K4: 児 | L4: 放 | M4: 保 | N4: 居
B5: 書類作成全般における注意事項 （まずお読みください） | F5: ・申請書類の様式のうち、定めのあるものについては、ウェブサイト「障害福祉情報サービスか ながわ」（http://www.rakuraku.or.jp/shienhi/）の「書式ライブラリ」からダウンロード できます。 ・各書式は、改訂されている場合があります。最新のバージョンが障害福祉情報サービスかな がわ上に掲載されていますので、必ず最新の様式を使って作成してください。 ・作成にあたり、“消せるボールペン”は使用しないでください。 ・申請書類の日付は、全ての書類が整って提出する日を記載してください。 ・提出時には、①書類に直接穴をあけ、②黄色のＡ４フラットファイルに綴じた状態にし て、③各様式ごとに、インデックスをつけてください。 ※各様式を入れたクリアポケットを綴るのは、不可。 ・多機能型（児発、放デイ）で申請する場合、ファイルは一冊にまとめて作成してくだ さい。その際、順番２及び36は各サービスの種類ごとに作成してください。その他の書類は 内容が異ならない限り、一部のみ作成してください。 ・保育所等訪問支援、居宅訪問型児童発達支援の申請は、多機能型の申請であっても それぞれのサービスごとにファイルにまとめて作成してください。 ・表紙等に事業所名称等の記載は不要です。
A6: 1 | B6: 別紙様式第一号 | C6: 指定申請書 | F6: ・口座振込（変更）依頼書は、銀行届出印を押印してください。 ・通帳の写しを添付する場合、記載内容のすべてと照合できるように 通帳をコピーしてください。写しが２枚に渡っても結構です。 | K6: 要
A7: 2 | B7: 口座振込(変更)依頼書 | K7: 要
A8: 3 | B8: 各種付表 | F8: ・申請するサービス種別に「○」をしてください。 ・複数単位を有する事業所の場合は、単位ごとに付表を作成してください。 （何単位の書類か分かるように「事業所名称」に「（単位●）」を追記してください。） ※●は単位番号 ・従たる事業所の指定を受ける場合には、「〇一体的に実施する従たる事業所の指定等に係る記載事 項」を記載してください。 ・「利用者の推定人数（人）」は、最大の利用者契約数（推定）を記載してください。 | K8: 付表 16 | L8: 付表 16 | M8: 付表 18 | N8: 付表 17 | O8: 付表 19または 20
A9: 4 | B9: 別紙１ | C9: 同一法人において既に指定を受けている事業等について | F9: ・同一法人において既に児童福祉法、障害者総合支援法又は介護保険法の 事業所指定を受けている事業がある場合、作成してください。 | K9: 該当の場合のみ 要
A10: 5 | B10: 申請者（法人）の定款、寄附行為等 及びその登記簿謄本（又は条例） | F10: ・申請に係る事業を実施する旨、定款等に記載されていることが必要です。 ・登記簿は、履歴事項全部証明を添付してください。 ・複数のサービスを同時に申請する場合（児発・放デイの多機能型を除く）、一部に原本、他に写 しを添付してください。 | K10: 要
A11: 6 | B11: 履歴事項全部証明書 | K11: 要
A12: 7 | B12: 運営規程 | F12: ・通所の多機能型の場合、運営規程はまとめたもので結構です。定員を合算する場合、 定員を定める項目に、双方合わせた定員である旨を記述してください。 ・様式は任意です。特にひな形も定めていません。 | K12: 要
A13: 8 | B13: 参考様式１ | C13: 指定障害福祉サービスの主たる対象者を特定する理由等 | F13: ・主たる対象者を特定する場合、提出してください。あわせて、運営規程にも定めてください。 | K13: 特定する場合のみ 要
A14: 9 | B14: 参考様式２ | C14: 利用者(入所者)又はその家族からの苦情を解決するために講ずる措置の概要 | F14: ・利用者からの苦情を解決するために講じる、具体的な方法を記載してください。 その連絡先、担当者名・解決責任者名をそれぞれ分けて記載してください。 ・事業所内の窓口に加え、横浜市の事業所管課（下記）も記載してください。 【横浜市こども青少年局障害児福祉保健課 電話：045-671-4274】 ・苦情解決に関して法人の内規等がある場合は一部添付してください。 | K14: 要
A15: 10 | B15: 参考様式３ | C15: 誓約書 | F15: ・申請する事業に“〇”をし、該当の事業の別紙も合わせて添付してください。 | K15: 要
A16: 11 | B16: 参考様式４ | C16: 事業所・施設の平面図 | F16: ・以下の箇所を含む、写真を添付してください。 事業所の外観、内部・基準上必要となる設備、備品、個人情報に配慮した設備(鍵付書庫等)、消防 設備(消火器、火災報知機等)、避難経路、避難器具、静養室は静養できる状態の写真 ・既製の平面図（建築図面等）がある場合、それをＡ３又はＡ４に縮小して、添付してください。 その平面図に、基準上必要となる設備（例：発達支援室）等について、配置を記載してください。 ・平面図上に、避難経路についても記載してください。 ・写真には、番号を振り、その写真を撮影した場所とアングルを、施設の平面図上に書き込んでくだ さい。 ・写真は、現像したものではなく、Ａ４紙等への印刷物で結構です。 また、可能な限りカラーでお願いします。 ・複数の事業所で同じ建物を使う場合、事業で使う場所が分かるよう色分け等をしてください。 | K16: 要
A17: 12 | B17: 事業所外観及び内部の写真 | K17: 要
A18: 13 | B18: 参考様式５ | C18: 居室面積等一覧表 | F18: ・事業所の設備、面積等を記入し、合計欄も記載してください。 ・発達支援室、静養室、相談室、事務室等の居室は、上段（居室）に記載してください。 | K18: 要 | L18: 要 | M18: 不要 | N18: 不要 | O18: 要
A19: 14 | B19: 参考様式６ | C19: 事業所の設備・備品等一覧表 | F19: ・消防設備、個人情報保護の為の設備、衛生用品や、事業所の設備・備品等について、 基準省令の規定に沿って配慮、措置している事項について記載してください。 | K19: 要
A20: 15 | B20: 参考様式７ | C20: 管理者・児童発達支援管理責任者の経歴書 | F20: ・兼務の場合は一枚にまとめて、兼務ではない場合はそれぞれに、作成してください。 | K20: 要
A21: 16 | B21: 参考様式８ | C21: ※児童発達支援管理 責任者分のみ 実務経験（見込）証明書【写し】 | F21: ・ここには児童発達支援管理責任者の方の分のみ、実務経験（見込）証明書の【写し】を 添付してください。写しには、「原本と相違ないことを証明する」と記入し法人印を押印してく ださい。実務経験（見込）証明書の原本は、運営法人で保管してください。 ・児童発達支援管理責任者の必要な経験年数について、「年数・日数（かつ児童・障害分野で３年（540日）以上の経験を含んでいるか）」「業務内容」等を充足しているか確認してください。 ・実務経験の年数に応じて必要となる各種資格の証明も、ここにあわせて添付してください。 添付は、必要最低限かつ写しで結構です。 | K21: 要
A22: 17 | B22: 児童発達支援管理責任者の 研修要件を証明する書類 | F22: ・要件を証明するための、全ての研修の修了証書の写しを添付してください。 ・要件に関係のない研修の受講証明等は、不要です。 | K22: 要
A23: 18 | B23: 従業者の勤務の体制及び勤務形態一覧表 | F23: ・サービス種類ごとに作成してください。 ・従業者の一か月の勤務体制について記載してください。 ・勤務予定のある職員を記入し、その内容は後段の『給付費算定に係る体制届 等に関する届出書』内の『人員基準等適合確認シート』と一致させてください。 | K23: 要
A24: 19 | B24: 参考様式９ | C24: 組織体制図 | F24: ・組織体制図は、事業所の体制だけではなく、本部組織がある場合は本部についても 記載してください。（事業所に関連のない部署については、記載不要）。 ・事業所の職員については、職種と個人名を記載してください。 ・既存の組織体制図があれば、その写しを添付してください。 | K24: 要
A25: 20 | B25: 様式第11号 | C25: 同意書（暴力団排除関係 （横浜市独自）） | F25: ・多機能型の指定の場合(保育所等訪問支援、居宅訪問型児童発達支援を除く)は、 一部のみ添付してください。 ・参考様式３とは、別の様式です。 | K25: 要
A26: 21 | B26: 様式第12号 | C26: 役員等名簿 （横浜市独自） | F26: ・「法人の役員」に加え、「事業所の管理者」も記載してください。 | K26: 要
A27: 22 | B27: （児・放の場合） 参考様式10-1 （入所（福祉型のみ） 参考様式10-2 | C27: 協力医療機関との 契約の内容 | F27: ・児童発達支援、放課後等デイサービスの場合は、参考様式10-1、福祉型入所施設の場合は、参考様式10-2を使用してください。 ・「契約の内容」欄は、契約書の写しでも結構です。 | K27: 要 | L27: 要 | M27: 不要 | N27: 不要 | O27: 福祉型 のみ 要
A28: 23 | B28: 参考様式11 | C28: 事業計画書 | F28: ・事業計画書は、当該事業所の年間事業計画を作成してください。 ・運営基準で定められた、研修等についても、年間計画に記載をしてください。 | K28: 要
A29: 24 | B29: 参考様式12 | C29: 障害児通所支援事業所 事業開始届出書 | F29: ・運営規程等を参考に記載してください。 ・従業員数等が、運営規程や従業者の勤務の体制及び勤務形態一覧表と矛盾しないか、確認してください。 | K29: ※センターは不要、その他は要 | O29: 不要
A30: 25 | B30: 管理者誓約書 | F30: ・事前に管理者の責務を十分理解するよう努めてください。 | K30: 要
A31: 26 | B31: 事業者指定前の確認・誓約事項 | F31: ・事前に内容を読み十分理解してください。 | K31: 要
A32: 27 | B32: 財産目録又は決算書等 | F32: ・法人の財産目録又は直近の決算書を添付してください。 | K32: 要
A33: 28 | B33: 収支予算書 | F33: ・事業計画を基に、申請事業に係る当該事業所の収支予算を作成してください。 その際、事業開始の当初２か月は、給付費の収入がないことに留意してください。 ・様式は任意ですが、事業開始から12か月分を目途として作成してください。 | K33: 要
A34: 29 | B34: 社会保険及び労働保険への 加入状況にかかる確認票 | F34: ・リーフレット「社会保険への加入手続きはお済みですか？」及び 「労働保険への加入手続きはお済みですか？」をご確認ください。 （指定前説明会資料を参照してください。） ・社会保険・労働保険の適用が確認できないままのとき、厚生労働省からの 依頼に基づき、厚生労働省に情報提供する場合があります。 | K34: 要
A35: その他
A36: 30 | B36: 損害賠償責任保険証書の写し | F36: ・不慮の事故等に備えた「損害賠償責任保険証書」に必ず加入し、加入証書の 写し等、加入状況がわかるものを添付してください。 | K36: 要
A37: 31 | B37: 建物賃貸借契約書の写し | F37: ・事業所の建物が賃貸等の場合は｢建物賃貸借契約書」等の写しが必要です。 法人として事業用に契約していることが必要です。 ・自社物件の場合は、登記事項証明書を提出してください。 | K37: 要
A38: 32 | B38: 駐車場の賃貸借契約書の写し | F38: ・送迎に車を使う場合、駐車場を確保し、契約書の写しを添付してください。 ・自社物件の場合は、登記事項証明書を提出してください。 | K38: ※センターは不要、その他は要 | O38: 不要
A39: 33 | B39: 消防の検査結果通知書の写し | F39: ・消防署の検査から通知書を受けるまでに、日数がかかります。申請書を 提出しようとしている日程に間に合うか、確認してください。 ・「消防用設備等・特殊消防用設備等検査済証」ではありません。 | K39: ※センターは不要、その他は要 | O39: 不要
A40: 34 | B40: 事業所の建物に関する書類 | F40: ・建築基準法への適応及び耐震基準の対応時期を確認するため、①「確認済証」（写し）、 ②「検査済証」（写し）又は③「建築確認申請台帳記載証明書」（原本）、いずれかを添付して ください。 ・①、②は、建物の所有者に確認してください。③は、横浜市建築局情報相談課宛てにお尋ねくだ さい。 | K40: ※センターは不要、その他は要 | O40: 不要
A41: 35 | B41: 事業所近隣への説明状況報告書 | F41: ・事業所近隣の住民や他店舗に対して、事業の説明方法や内容、事業開始に ついて説明、挨拶したこと等を、記載してください。 ・様式は問いません。 | K41: ※センターは不要、その他は要 | O41: 不要
A42: 36 | B42: 給付費算定に係る体制届等に 関する届出書 | F42: ※提出する書類については、体制届様式内にあるシートの「はじめに」及び「サービス種類別提出 書類一覧」をご確認ください。 □（別紙１-２）障害児通所・入所給付費の算定に係る体制等状況一覧表 ・請求しようとする報酬区分、加算等について記載し、必要に応じてその加算に 対応する別紙や、証明書類等を添付してください。 ・処遇改善加算を新規指定と同時に取得する場合は、処遇改善計画書をかながわ福祉サービ ス振興会へ電子申請システムで申請。事業所番号は「０」で10桁を入力。申請〆切は新規 指定申請書類と同一日です。 □人員基準等適合確認シート ・通所の多機能型の場合、児童発達支援、放課後等デイサービスそれぞれに 作成してください。また、定員を合算する場合、職員体制は原則として、 各事業とも同一の内容で記入してください。 ・放課後等デイサービスで「放課後」と「学校休業日」の営業時間が異なる場合、 それぞれに作成してください。 □指定児童発達支援・指定放課後等デイサービスの報酬改定区分に関する届出書（別紙59） 児童発達支援、放課後等デイサービスの指定を受ける際は、必ず提出をしてください。 （未就学児等支援区分または医療的ケア区分の算定をしない場合でも、提出は必要です） □（別紙61）支援プログラムの公表状況に関する届出書 ・児童発達支援・放課後等デイサービス・居宅訪問型児童発達支援は提出が必要。 ※指定申請時には「自己評価結果等の公表状況に関する届出書」の提出は不要です。 | K42: ※センターは不要、その他は要 | O42: 不要
A43: 37 | B43: 職員の資格を証明する書類 | F43: ・別紙２及び『給付費算定に係る体制届等に関する届出書』内の『人員基準等 適合確認シート』に記載のある職員のうち、児童発達支援管理責任者及びその他の 従業者以外の、職員の資格を証明する書類を添付してください。 ・実務経験（見込）証明書の写しには、「原本と相違ないことを証明する」と記入し法人印を押印 してください。実務経験（見込）証明書の原本は、運営法人で保管してください。 | K43: 要
A44: 上記・申請書類のファイルに併せてご提出いただくもの
A45: 38 | B45: 児童福祉法に基づく 業務管理体制の整備に関する 事項の届出書 | F45: ・児童福祉法に基づく事業所又は施設の所在地に応じて、いずれかへご提出ください。 ① すべて横浜市内の場合、今回の申請にあわせて当課 ② すべて県内・複数の市町村の場合、神奈川県福祉子どもみらい局 障害サービス課 ③ 複数の都道府県の場合、厚生労働省社会・援護局 企画課 ・様式は（https://shougai.rakuraku.or.jp/search-library/lower-3-3.html?topid=2&id=146）からダウンロードできます。 ・障害者総合支援法に基づく場合の手続きは、別途行ってください。 | K45: 要
A46: 39 | B46: 切手（270円）付の返信用封筒 | F46: ・指定後、指定書及び事務連絡書類を送付する封筒として使用します。 ・角２封筒（Ａ４サイズが折らずに入る大きさ）をご用意ください。 ・送付先は、申請者又は指定を受けようとする事業所として、 ①郵便番号、②住所、③事業所名を明記し、④270円切手を貼ってください。 ・普通郵便の前提です。レターパック等、他でご用意いただいても結構です。 | K46: 要

Sheet 必要書類一覧 (指定変更)
A1: 指定障害児通所支援事業所の指定変更申請に係る 必要書類一覧及び説明・注意事項 | I1: 横浜市こども青少年局障害児福祉保健課 R8.4月版
J2: 児：児童発達支援 放：放課後等デイサービス
A3: ※当該一覧は、「（既に指定を受けているサービス種類の）単位追加」が対象となります。
A4: 順番 | B4: 様式名等 | F4: 説明・注意事項 | K4: 障害児通所支援
K5: 児 | L5: 放
B6: 書類作成全般における注意事項 （まずお読みください） | F6: ・申請書類の様式のうち、定めのあるものについては、ウェブサイト「障害福祉情報サービスか ながわ」（http://www.rakuraku.or.jp/shienhi/）の「書式ライブラリ」からダウンロード できます。 ・各書式は、改訂されている場合があります。最新のバージョンが障害福祉情報サービスかな がわ上に掲載されていますので、必ず最新の様式を使って作成してください。 ・作成にあたり、“消せるボールペン”は使用しないでください。 ・申請書類の日付は、全ての書類が整って提出する日を記載してください。 ・提出時には、①書類に直接穴をあけ、②黄色のＡ４フラットファイルに綴じた状態にし て、③各様式ごとに、インデックスをつけてください。 ※各様式を入れたクリアポケットを綴るのは、不可。 ・多機能型（児発、放デイ）で申請する場合、ファイルは一冊にまとめて作成してくだ さい。その際、順番２及び36は各サービスの種類ごとに作成してください。その他の書類は 内容が異ならない限り、一部のみ作成してください。 ・表紙等に事業所名称等の記載は不要です。
A7: 1 | B7: 別紙様式第一号 | C7: 指定変更申請書 | K7: 要
A8: 2 | B8: 付表 | F8: ・申請するサービス種別に「○」をしてください。 ・複数単位を有する事業所の場合は、単位ごとに付表を作成してください。 （何単位の書類か分かるように「事業所名称」に「（単位●）」を追記してください。） ※●は単位番号 ・従たる事業所の指定を受ける場合には、「〇一体的に実施する従たる事業所の指定等に係る記載事 項」を記載してください。 ・「利用者の推定人数（人）」は、最大の利用者契約数（推定）を記載してください。 | K8: 付表 16
A10: 3 | B10: 別紙１ | C10: 同一法人において既に指定を受けている事業等について | F10: ・同一法人において既に児童福祉法、障害者総合支援法又は介護保険法の 事業所指定を受けている事業がある場合、作成してください。 | K10: 該当の場合 のみ要
A11: 4 | B11: 申請者（法人）の定款、寄附行為等 及びその登記簿謄本（又は条例） | F11: ・申請に係る事業を実施する旨、定款等に記載されていることが必要です。 ・登記簿は、履歴事項全部証明を添付してください。 ・複数のサービスを同時に申請する場合（児発・放デイの多機能型を除く）、一部に原本、他に写 しを添付してください。 | K11: 要
A12: 5 | B12: 履歴事項全部証明書 | K12: 要
A13: 6 | B13: 運営規程 | F13: ・通所の多機能型の場合、運営規程はまとめたもので結構です。定員を合算する場合、 定員を定める項目に、双方合わせた定員である旨を記述してください。 ・様式は任意です。特にひな形も定めていません。 | K13: 要
A14: 7 | B14: 参考様式１ | C14: 指定障害福祉サービスの主たる対象者を特定する理由等 | F14: ・主たる対象者を特定する場合、提出してください。併せて、運営規程にも定めてください。 | K14: 特定する場合 のみ要
A15: 8 | B15: 参考様式２ | C15: 利用者(入所者)又はその家族からの苦情を解決するために講ずる措置の概要 | F15: ・利用者からの苦情を解決するために講じる、具体的な方法を記載してください。 その連絡先、担当者名・解決責任者名をそれぞれ分けて記載してください。 ・事業所内の窓口に加え、横浜市の事業所管課（下記）も記載しておいてください。 【横浜市こども青少年局障害児福祉保健課 電話：045-671-4274】 ・苦情解決に関して法人の内規等がある場合は一部添付してください。 | K15: 要
A16: 9 | B16: 参考様式３ | C16: 誓約書 | F16: ・申請する事業に“〇”をし、該当の事業の別紙も合わせて添付をしてください。 | K16: 要
A17: 10 | B17: 参考様式４ | C17: 事業所・施設の平面図 | F17: ・以下の箇所を含む、写真を添付してください。 事業所の外観、内部・基準上必要となる設備、備品、個人情報に配慮した設備(鍵付書庫等)、消防 設備(消火器、火災報知機等)、避難経路、避難器具、静養室は静養できる状態の写真 ・既製の平面図（建築図面等）がある場合、それをＡ３又はＡ４に縮小して、添付してください。 その平面図に、基準上必要となる設備（例：発達支援室）等について、配置を記載してください。 ・平面図上に、避難経路についても記載してください。 ・写真には、番号を振り、その写真を撮影した場所とアングルを、施設の平面図上に書き込んでくだ さい。 ・写真は、現像したものではなく、Ａ４紙等への印刷物で結構です。 また、可能な限りカラーでお願いします。 ・複数の事業所で同じ建物を使う場合、事業で使う場所が分かるよう色分け等をしてください。 | K17: 要
A18: 11 | B18: 事業所外観及び内部の写真 | K18: 要
A19: 12 | B19: 参考様式５ | C19: 居室面積等一覧表 | F19: ・事業所の設備、面積等を記入し、合計欄も記載してください。 ・発達支援室、静養室、相談室、事務室等の居室は、上段（居室）に記載してください。 | K19: 要
A20: 13 | B20: 参考様式６ | C20: 事業所の設備・備品等一覧表 | F20: ・消防設備、個人情報保護の為の設備、衛生用品や、事業所の設備・備品等について、 基準省令の規定に沿って配慮、措置している事項について記載してください。 | K20: 要
A21: 14 | B21: 参考様式７ | C21: 管理者・児童発達支援管理責任者の経歴書 | F21: ・兼務の場合は一枚にまとめて、兼務ではない場合はそれぞれに、作成してください。 | K21: 要
A22: 15 | B22: 参考様式８ | C22: ※児童発達支援管理 責任者分のみ 実務経験（見込）証明書【写し】 | F22: ・ここには児童発達支援管理責任者の方の分のみ、実務経験（見込）証明書の【写し】を 添付してください。写しには、「原本と相違ないことを証明する」と記入し法人印を押印してく ださい。実務経験（見込）証明書の原本は、運営法人で保管してください。 ・児童発達支援管理責任者の必要な経験年数について、「年数・日数（かつ児童・障害分野で３年（540日）以上の経験を含んでいるか）」「業務内容」等を充足しているか確認してください。 ・実務経験の年数に応じて必要となる各種資格の証明も、ここにあわせて添付してください。 添付は、必要最低限かつ写しで結構です。 | K22: 要
A23: 16 | B23: 児童発達支援管理責任者の 研修要件を証明する書類 | F23: ・要件を証明するための、全ての研修の修了証書の写しを添付してください。 ・要件に関係のない研修の受講証明等は、不要です。 | K23: 要
A24: 17 | B24: 従業者の勤務の体制及び勤務形態一覧表 | F24: ・サービス種類ごとに作成してください。 ・従業者の一か月の勤務体制について記載してください。 ・勤務予定のある職員を記入し、その内容は後段の『給付費算定に係る体制届 等に関する届出書』内の『人員基準等適合確認シート』と一致させてください。 | K24: 要
A25: 18 | B25: 参考様式９ | C25: 組織体制図 | F25: ・組織体制図は、事業所の体制だけではなく、本部組織がある場合は本部についても 記載してください。（事業所に関連のない部署については、記載不要）。 ・事業所の職員については、職種と個人名を記載してください。 ・既存の組織体制図があれば、その写しを添付してください。 | K25: 要
A26: 19 | B26: 様式第11号 | C26: 同意書 （暴力団排除関係（横浜市独自）） | F26: ・多機能型の指定の場合(保育所等訪問支援、居宅訪問型児童発達支援を除く)は、 一部のみ添付してください。 ・参考様式３とは、別の様式です。 | K26: 変更がある場合 のみ要
A27: 20 | B27: 様式第12号 | C27: 役員等名簿 （横浜市独自） | F27: ・「法人の役員」に加え、「事業所の管理者」も記載してください。 | K27: 変更がある場合 のみ要
A28: 21 | B28: （児・放の場合） 参考様式10-1 （入所（福祉型のみ） 参考様式10-2 | C28: 協力医療機関との 契約の内容 | F28: ・児童発達支援、放課後等デイサービスの場合は、参考様式10-1、福祉型入所施設の場合は、参考様式10-2を使用してください。 ・「契約の内容」欄は、契約書の写しでも結構です。 | K28: 要
A29: 22 | B29: 参考様式11 | C29: 事業計画書 | F29: ・事業計画書は、当該事業所の年間事業計画を作成してください。 ・運営基準で定められた、研修等についても、年間計画に記載をしてください。 | K29: 要
A30: 23 | B30: 参考様式12 | C30: 障害児通所支援事業所 事業開始届出書 | F30: ・運営規程等を参考に記載してください。 ・従業員数等が、運営規程や従業者の勤務の体制及び勤務形態一覧表と矛盾しないか、確認してください。 | K30: 要
A31: 24 | B31: 管理者誓約書 | F31: ・事前に管理者の責務を十分理解するよう努めてください。 | K31: 変更がある場合 のみ要
A32: 25 | B32: 事業者指定前の確認・誓約事項 | F32: ・事前に内容を読み十分理解してください。 | K32: 要
A33: 26 | B33: 財産目録又は決算書等 | F33: ・法人の財産目録又は直近の決算書を添付してください。 | K33: 要
A34: 27 | B34: 収支予算書 | F34: ・事業計画を基に、申請事業に係る当該事業所の収支予算を作成してください。 その際、事業開始の当初２か月は、給付費の収入がないことに留意してください。 ・様式は任意ですが、事業開始から12か月分を目途として作成してください。 | K34: 要
A35: 28 | B35: 社会保険及び労働保険への 加入状況にかかる確認票 | F35: ・リーフレット「社会保険への加入手続きはお済みですか？」及び 「労働保険への加入手続きはお済みですか？」をご確認ください。 （指定前説明会資料を参照してください。） ・社会保険・労働保険の適用が確認できないままのとき、厚生労働省からの 依頼に基づき、厚生労働省に情報提供する場合があります。 | K35: 要
A36: その他
A37: 29 | B37: 損害賠償責任保険証書の写し | F37: ・不慮の事故等に備えた「損害賠償責任保険証書」に必ず加入し、加入証書の 写し等、加入状況がわかるものを添付してください。 | K37: 要
A38: 30 | B38: 建物賃貸借契約書の写し | F38: ・事業所の建物が賃貸等の場合は｢建物賃貸借契約書」等の写しが必要です。 法人として事業用に契約していることが必要です。 ・自社物件の場合は、登記事項証明書を提出してください。 | K38: 要
A39: 31 | B39: 駐車場の賃貸借契約書の写し | F39: ・送迎に車を使う場合、駐車場を確保し、契約書の写しを添付してください。 ・自社物件の場合は、登記事項証明書を提出してください。 | K39: 要
A40: 32 | B40: 消防の検査結果通知書の写し | F40: ・消防署の検査から通知書を受けるまでに、日数がかかります。申請書を 提出しようとしている日程に間に合うか、確認してください。 ・「消防用設備等・特殊消防用設備等検査済証」ではありません。 | K40: 要
A41: 33 | B41: 事業所の建物に関する書類 | F41: ・建築基準法への適応及び耐震基準の対応時期を確認するため、①「確認済証」（写し）、 ②「検査済証」（写し）又は③「建築確認申請台帳記載証明書」（原本）、いずれかを添付して ください。 ・①、②は、建物の所有者に確認してください。③は、横浜市建築局情報相談課宛てにお尋ねくだ さい。 | K41: 要
A42: 34 | B42: 事業所近隣への説明状況報告書 | F42: ・事業所近隣の住民や他店舗に対して、事業の説明方法や内容、事業開始に ついて説明、挨拶したこと等を、記載してください。 ・様式は問いません。 | K42: 要
A43: 35 | B43: 給付費算定に係る体制届等に 関する届出書 | F43: ※提出する書類については、体制届様式内にあるシートの「はじめに」及び「サービス種類別提出 書類一覧」をご確認ください。 □（別紙１-２）障害児通所・入所給付費の算定に係る体制等状況一覧表 ・請求しようとする報酬区分、加算等について記載し、必要に応じてその加算に 対応する別紙や、証明書類等を添付してください。 ・処遇改善加算を新規指定と同時に取得する場合は、処遇改善計画書をかながわ福祉サービ ス振興会へ電子申請システムで申請。事業所番号は「０」で10桁を入力。申請〆切は新規 指定申請書類と同一日です。 □人員基準等適合確認シート ・通所の多機能型の場合、児童発達支援、放課後等デイサービスそれぞれに 作成してください。また、定員を合算する場合、職員体制は原則として、 各事業とも同一の内容で記入してください。 ・放課後等デイサービスで「放課後」と「学校休業日」の営業時間が異なる場合、 それぞれに作成してください。 □指定児童発達支援・指定放課後等デイサービスの報酬改定区分に関する届出書（別紙59） 児童発達支援、放課後等デイサービスの指定を受ける際は、必ず提出をしてください。 （未就学児等支援区分または医療的ケア区分の算定をしない場合でも、提出は必要です） □（別紙61）支援プログラムの公表状況に関する届出書 ・児童発達支援・放課後等デイサービス・居宅訪問型児童発達支援は提出が必要。 ※指定申請時には「自己評価結果等の公表状況に関する届出書」の提出は不要です。 | K43: 要
A44: 36 | B44: 職員の資格を証明する書類 | F44: ・別紙２及び『給付費算定に係る体制届等に関する届出書』内の『人員基準等 適合確認シート』に記載のある職員のうち、児童発達支援管理責任者及びその他の 従業者以外の、職員の資格を証明する書類を添付してください。 ・実務経験（見込）証明書の写しには、「原本と相違ないことを証明する」と記入し法人印を押印 してください。実務経験（見込）証明書の原本は、運営法人で保管してください。 | K44: 要
A45: 上記・申請書類のファイルに併せてご提出いただくもの
A46: 37 | B46: 児童福祉法に基づく 業務管理体制の整備に関する 事項の届出書 | F46: ・児童福祉法に基づく事業所又は施設の所在地に応じて、いずれかへご提出ください。 ① すべて横浜市内の場合、今回の申請に併せて当課 ② すべて県内・複数の市町村の場合、神奈川県福祉子どもみらい局 障害サービス課 ③ 複数の都道府県の場合、厚生労働省社会・援護局 企画課 ・様式は（https://shougai.rakuraku.or.jp/search-library/lower-3-3.html?topid=2&id=146）からダウンロードできます。 ・障害者総合支援法に基づく場合の手続きは、別途行ってください。 | K46: 変更がある場合 のみ要
A47: 38 | B47: 切手（270円）付の返信用封筒 | F47: ・指定後、指定書及び事務連絡書類を送付する封筒として使用します。 ・角２封筒（Ａ４サイズが折らずに入る大きさ）をご用意ください。 ・送付先は、申請者又は指定を受けようとする事業所として、 ①郵便番号、②住所、③事業所名を明記し、④270円切手を貼ってください。 ・普通郵便の前提です。レターパック等、他でご用意いただいても結構です。 | K47: 要

Sheet 必要書類一覧 (定員変更) 
A1: 指定障害児通所支援事業所の定員変更申請に係る 必要書類一覧 | H1: 横浜市こども青少年局障害児福祉保健課 R8.4月版
I2: 児：児童発達支援 放：放課後等デイサービス
A4: 順番 | B4: 様式名等 | F4: 説明・注意事項 | J4: 障害児通所支援
J5: 児 | K5: 放
A6: 1 | B6: 別紙様式第一号 | C6: 指定変更申請書 | J6: 要
A7: 2 | B7: 付表 | F7: ・申請するサービス種別に「○」をしてください。 ・複数単位を有する事業所の場合は、単位ごとに付表を作成してください。 （何単位の書類か分かるように「事業所名称」に「（単位●）」を追記して ください。）※●は単位番号 ・従たる事業所の指定を受ける場合には、「〇一体的に実施する従たる事業所 の指定等に係る記載事項」を記載してください。 ・「利用者の推定人数（人）」は、最大の利用者契約数（推定）を記載してく ださい。 | J7: 付表 16
A9: 3 | B9: 運営規程 | F9: ・通所の多機能型の場合、運営規程はまとめたもので結構です。定員を合算す る場合、定員を定める項目に、双方合わせた定員である旨を記述してくださ い。 ・様式は任意です。特にひな形も定めていません。 | J9: 要
A10: 4 | B10: 参考様式４ | C10: 事業所・施設の平面図 | F10: ・既製の平面図（建築図面等）がある場合、それをＡ３又はＡ４に縮小して、 添付してください。 ・平面図には、基準上必要となる設備（例：発達支援室）等について、配置を 記載してください。 ・平面図上に、避難経路についても記載してください。 ・複数の事業所で同じ建物を使う場合、事業で使う場所が分かるよう色分け等 をしてください。 | J10: 要
A11: 5 | B11: 障害児（通所・入所）給付費算定に係る体制等に関する届出書（様式第１号） | F11: ・加算に変更がない場合は、「変更の概要」に「定員変更に伴う加算の変更な し」と記載。 ・加算に変更がある場合は、「変更の概要」に「変更内容」を記載。 | J11: 要
A12: 6 | B12: 障害児通所・入所給付費の算定に係る体制等状況一覧表（別紙１-２） | F12: ・加算に変更がない場合は、現状算定している加算を記載して、提出してくだ さい。 | J12: 要
A13: 7 | B13: 人員基準等適合確認シート（別紙２-１） | F13: ・通所の多機能型の場合、児童発達支援、放課後等デイサービスそれぞれに 作成してください。また、定員を合算する場合、職員体制は原則として、 各事業とも同一の内容で記入してください。 ・放課後等デイサービスで「放課後」と「学校休業日」の営業時間が異なる場 合、それぞれに作成してください。 | J13: 要
A14: 8 | B14: 加算算定に係る各種別紙 | F14: ・変更になる加算に必要な別紙のみご提出ください。 | J14: 加算に変更がない場合は不要。 加算に変更がある場合は要。
A15: 9 | B15: 職員の資格を証明する書類 | F15: ・加算に変更がない場合は、職種が分かる実務経験証明書、資格証のみ提出し てください ・児童発達支援管理責任者に変更がない場合は、研修修了証・資格証・実務経 験証明書の提出は不要です。 ・加算に変更がある場合は、変更が生じる加算職員の算定要件が確認できる実 務経験証明書、資格証を提出してください。 ・実務経験（見込）証明書の写しには、「原本と相違ないことを証明する」と 記入し法人印を押印してください。実務経験（見込）証明書の原本は、運営 法人で保管してください。 | J15: 要
A16: 10 | B16: 切手（270円）付の返信用封筒 | F16: ・指定後、指定書及び事務連絡書類を送付する封筒として使用します。 ・角２封筒（Ａ４サイズが折らずに入る大きさ）をご用意ください。 ・送付先は、申請者又は定員変更をする事業所として、 ①郵便番号、②住所、③事業所名を明記し、④270円切手を貼ってください。 ・普通郵便の前提です。レターパック等、他でご用意いただいても結構です。 | J16: 要

Sheet 別紙１
Z1: （別紙１）
C3: 同一法人において既に指定を受けている事業等について | O3: 法人名
A5: 法律 | C5: サービスの種類 | G5: 事業所・施設名称 | N5: 指定年月日 | S5: 指定事業所番号
A7: 児童福祉法
A17: 障害者総合支援法
A27: 介護保険法

Sheet 参考様式１
A1: (参考様式１)
A3: 指定障害福祉サービス等の主たる対象者を特定する理由等
B5: 事業所名
B6: 指定障害福祉サービス等の種類
A9: １ 申請に係る指定障害福祉サービス等の主たる対象者
A11: ２ 主たる対象者を１のとおり特定する理由
A13: ３ 今後における主たる対象者の拡充の予定
A14: (１)拡充予定の有無 | C14: ( 有り ・ 無し )
A15: (２)拡充予定の内容及び予定時期
A17: (３)拡充のための方策

Sheet 参考様式２
A1: (参考様式２)
A3: 利用者(入所者)又はその家族からの苦情を解決するために講ずる措置の概要
A5: 事業所名
A6: 指定障害福祉サービス等の種類
A8: 措 置 の 概 要
A9: １ 利用者(入所者)又はその家族からの相談又は苦情等に対応する常設の窓口(連絡先)、担当者
A11: ２ 円滑かつ迅速に苦情を解決するための処理体制・手順
A13: ※具体的な対応方針
A15: ３ その他参考事項

Sheet 参考様式３（誓約書）
A1: (参考様式３)
A2: 誓 約 書
H4: 年 | J4: 月 | L4: 日
A5: 横浜市長 | C5: 殿
A7: 申請者 | D7: （名称）
D9: （代表者の職名・氏名）
A13: 申請者が別紙のいずれにも該当しない者であることを誓約します。
C15: 別紙①： 障害福祉サービス事業者向け
C16: 別紙②： 障害者支援施設向け
C17: 別紙③： 一般相談支援事業者向け
C18: 別紙④： 特定相談支援事業者向け
C19: 別紙⑤： 障害児通所支援事業者向け
C20: 別紙⑥： 障害児入所施設向け
C21: 別紙⑦： 障害児相談支援事業者向け
B22: 注 該当する種別に○を付けてください。

Sheet 別紙⑤(通所)
B1: （別紙⑤： 障害児通所支援事業者向け）
C2: 児童福祉法第２１条の５の１５第３項
B4: 一 | C4: 申請者が都道府県の条例で定める者でないとき。
B5: 二 | C5: 当該申請に係る障害児通所支援事業所の従業者の知識及び技能並びに人員が、第二十一条の五の十九第一項の都道府県の条例で定める基準を満たしていないとき。
B6: 三 | C6: 申請者が、第二十一条の五の十九第二項の都道府県の条例で定める指定通所支援の事業の設備及び運営に関する基準に従つて適正な障害児通所支援事業の運営をすることができないと認められるとき。
B7: 四 | C7: 申請者が禁錮以上の刑に処せられ、その執行を終わり、又は執行を受けることがなくなるまでの者であるとき。
B8: 五 | C8: 申請者が、この法律その他国民の保健医療若しくは福祉に関する法律で政令で定めるものの規定により罰金の刑に処せられ、その執行を終わり、又は執行を受けることがなくなるまでの者であるとき。
B9: 五の二 | C9: 申請者が、労働に関する法律の規定であつて政令で定めるものにより罰金の刑に処せられ、その執行を終わり、又は執行を受けることがなくなるまでの者であるとき。
B10: 六 | C10: 申請者が、第二十一条の五の二十四第一項又は第三十三条の十八第六項の規定により指定を取り消され、その取消しの日から起算して五年を経過しない者（当該指定を取り消された者が法人である場合においては、当該取消しの処分に係る行政手続法第十五条の規定による通知があつた日前六十日以内に当該法人の役員又はその障害児通所支援事業所を管理する者その他の政令で定める使用人（以下この条及び第二十一条の五の二十四第一項第十一号において「役員等」という。）であつた者で当該取消しの日から起算して五年を経過しないものを含み、当該指定を取り消された者が法人でない場合においては、当該通知があつた日前六十日以内に当該者の管理者であつた者で当該取消しの日から起算して五年を経過しないものを含む。）であるとき。ただし、当該指定の取消しが、指定障害児通所支援事業者の指定の取消しのうち当該指定の取消しの処分の理由となつた事実及び当該事実の発生を防止するための当該指定障害児通所支援事業者による業務管理体制の整備についての取組の状況その他の当該事実に関して当該指定障害児通所支援事業者が有していた責任の程度を考慮して、この号本文に規定する指定の取消しに該当しないこととすることが相当であると認められるものとして内閣府令で定めるものに該当する場合を除く。
B11: 七 | C11: 申請者と密接な関係を有する者（申請者（法人に限る。以下この号において同じ。）の株式の所有その他の事由を通じて当該申請者の事業を実質的に支配し、若しくはその事業に重要な影響を与える関係にある者として内閣府令で定めるもの（以下この号において「申請者の親会社等」という。）、申請者の親会社等が株式の所有その他の事由を通じてその事業を実質的に支配し、若しくはその事業に重要な影響を与える関係にある者として内閣府令で定めるもの又は当該申請者が株式の所有その他の事由を通じてその事業を実質的に支配し、若しくはその事業に重要な影響を与える関係にある者として内閣府令で定めるもののうち、当該申請者と内閣府令で定める密接な関係を有する法人をいう。）が、第二十一条の五の二十四第一項又は第三十三条の十八第六項の規定により指定を取り消され、その取消しの日から起算して五年を経過していないとき。ただし、当該指定の取消しが、指定障害児通所支援事業者の指定の取消しのうち当該指定の取消しの処分の理由となつた事実及び当該事実の発生を防止するための当該指定障害児通所支援事業者による業務管理体制の整備についての取組の状況その他の当該事実に関して当該指定障害児通所支援事業者が有していた責任の程度を考慮して、この号本文に規定する指定の取消しに該当しないこととすることが相当であると認められるものとして内閣府令で定めるものに該当する場合を除く。
B12: 八 | C12: 削除
B13: 九 | C13: 申請者が、第二十一条の五の二十四第一項又は第三十三条の十八第六項の規定による指定の取消しの処分に係る行政手続法第十五条の規定による通知があつた日から当該処分をする日又は処分をしないことを決定する日までの間に第二十一条の五の二十第四項の規定による事業の廃止の届出をした者（当該事業の廃止について相当の理由がある者を除く。）で、当該届出の日から起算して五年を経過しないものであるとき。
B14: 十 | C14: 申請者が、第二十一条の五の二十二第一項の規定による検査が行われた日から聴聞決定予定日（当該検査の結果に基づき第二十一条の五の二十四第一項の規定による指定の取消しの処分に係る聴聞を行うか否かの決定をすることが見込まれる日として内閣府令で定めるところにより都道府県知事が当該申請者に当該検査が行われた日から十日以内に特定の日を通知した場合における当該特定の日をいう。）までの間に第二十一条の五の二十第四項の規定による事業の廃止の届出をした者（当該事業の廃止について相当の理由がある者を除く。）で、当該届出の日から起算して五年を経過しないものであるとき。
B15: 十一 | C15: 第九号に規定する期間内に第二十一条の五の二十第四項の規定による事業の廃止の届出があつた場合において、申請者が、同号の通知の日前六十日以内に当該事業の廃止の届出に係る法人（当該事業の廃止について相当の理由がある法人を除く。）の役員等又は当該届出に係る法人でない者（当該事業の廃止について相当の理由がある者を除く。）の管理者であつた者で、当該届出の日から起算して五年を経過しないものであるとき。
... B18: 十四 | C18: 申請者が、法人でない者で、その管理者が第四号から第六号まで又は第九号から第十二号までのいずれかに該当する者であるとき。

Sheet 別紙⑥（入所）
B1: （別紙⑥： 障害児入所施設向け）
C2: 児童福祉法第２４条の９第３項
B4: 一 | C4: 申請者が都道府県の条例で定める者でないとき。
B5: 二 | C5: 当該申請に係る障害児入所施設（第四十二条に規定する障害児入所施設をいう。以下この項において同じ。）の従業者の知識及び技能並びに人員が、第二十四条の十二第一項の都道府県の条例で定める基準を満たしていないとき。
B6: 三 | C6: 申請者が、第二十四条の十二第二項の都道府県の条例で定める指定障害児入所施設等の設備及び運営に関する基準に従つて適正な障害児入所施設の運営をすることができないと認められるとき。
B7: 四 | C7: 申請者が禁錮以上の刑に処せられ、その執行を終わり、又は執行を受けることがなくなるまでの者であるとき。
B8: 五 | C8: 申請者が、この法律その他国民の保健医療若しくは福祉に関する法律で政令で定めるものの規定により罰金の刑に処せられ、その執行を終わり、又は執行を受けることがなくなるまでの者であるとき。
B9: 五の二 | C9: 申請者が、労働に関する法律の規定であつて政令で定めるものにより罰金の刑に処せられ、その執行を終わり、又は執行を受けることがなくなるまでの者であるとき。
B10: 六 | C10: 申請者が、第二十四条の十七又は第三十三条の十八第六項の規定により指定を取り消され、その取消しの日から起算して五年を経過しない者（当該指定を取り消された者が法人である場合においては、当該取消しの処分に係る行政手続法第十五条の規定による通知があつた日前六十日以内に当該法人の役員又はその障害児入所施設を管理する者（以下この条において「役員等」という。）であつた者で当該取消しの日から起算して五年を経過しないものを含み、当該指定を取り消された者が法人でない場合においては、当該通知があつた日前六十日以内に当該者の管理者であつた者で当該取消しの日から起算して五年を経過しないものを含む。）であるとき。ただし、当該指定の取消しが、指定障害児入所施設（第二十四条の二第一項に規定する指定障害児入所施設をいう。）の指定の取消しのうち当該指定の取消しの処分の理由となつた事実及び当該事実の発生を防止するための当該指定障害児入所施設の設置者による業務管理体制の整備についての取組の状況その他の当該事実に関して当該指定障害児入所施設の設置者が有していた責任の程度を考慮して、この号本文に規定する指定の取消しに該当しないこととすることが相当であると認められるものとして内閣府令で定めるものに該当する場合を除く。
B11: 九 | C11: 申請者が、第二十四条の十七又は第三十三条の十八第六項の規定による指定の取消しの処分に係る行政手続法第十五条の規定による通知があつた日から当該処分をする日又は処分をしないことを決定する日までの間に第二十四条の十四の規定による指定の辞退をした者（当該指定の辞退について相当の理由がある者を除く。）で、当該辞退の日から起算して五年を経過しないものであるとき。
B12: 十 | C12: 申請者が、第二十四条の十五第一項の規定による検査が行われた日から聴聞決定予定日（当該検査の結果に基づき第二十四条の十七の規定による指定の取消しの処分に係る聴聞を行うか否かの決定をすることが見込まれる日として内閣府令で定めるところにより都道府県知事が当該申請者に当該検査が行われた日から十日以内に特定の日を通知した場合における当該特定の日をいう。）までの間に第二十四条の十四の規定による指定の辞退をした者（当該指定の辞退について相当の理由がある者を除く。）で、当該辞退の日から起算して五年を経過しないものであるとき。
B13: 十一 | C13: 第九号に規定する期間内に第二十四条の十四の規定による指定の辞退があつた場合において、申請者が、同号の通知の日前六十日以内に当該指定の辞退に係る法人（当該指定の辞退について相当の理由がある法人を除く。）の役員等又は当該届出に係る法人でない者（当該指定の辞退について相当の理由がある者を除く。）の管理者であつた者で、当該辞退の日から起算して五年を経過しないものであるとき。
B14: 十二 | C14: 申請者が、指定の申請前五年以内に障害児入所支援に関し不正又は著しく不当な行為をした者であるとき。
B15: 十三 | C15: 申請者が、法人で、その役員等のうちに第四号から第六号まで又は第九号から前号までのいずれかに該当する者のあるものであるとき。
B16: 十四 | C16: 申請者が、法人でない者で、その管理者が第四号から第六号まで又は第九号から第十二号までのいずれかに該当する者であるとき。

Sheet 参考様式４
B3: 参考様式４ | F3: 事業所・施設の平面図
C5: 事業所の名称
C8: 建物の名称 | S8: 選択してください | U8: 選択してください
C9: 構造概要 | E9: 構造 | G9: 建築年月 | H9: 選択してください | I9: 年 | J9: 月 | S9: 昭和 | U9: 有り
C10: 事業所の共用の有無 | E10: 選択してください | S10: 平成 | U10: 無し
B36: （備考）１ | C36: 各室、区画の用途及び面積を記載し、他の事業や施設と共用する場合は、その旨を記載し色分けする等わかりやすく表示してください。
B37: 2 | C37: 既製の平面図がある場合にはそれを添付してください。（その場合、Ａ３に縮尺の上、折り込んでください。）
B38: 3 | C38: 療養介護事業所、共同生活介護、共同生活援助、短期入所事業所、障害者支援施設においては既製の平面図を添付して下さい。短期入所事業所で、併設事業所の場合は、本体施設の平面図を添付してください。
B39: 4 | C39: 事業所の外観及び内部（各室、区画）の写真を添付してください。
B40: 5 | C40: 多機能型、従たる事業所や複数の共同生活住居がある場合は、それぞれの位置関係がわかる地図等を添付してください。

Sheet 参考様式５
B2: 参考様式５ | G2: 居室面積等一覧表
C4: 事業所の名称
C5: サービスの種類
C7: 設置階 | E7: 1 | F7: 階 | I7: 2 | J7: 階 | N7: 階 | R7: 階 | T7: 合 計
B8: 種類 | D8: 室数 | E8: 面積 | G8: 備考 | H8: 室数 | I8: 面積 | K8: 備考 | L8: 室数 | M8: 面積 | O8: 備考 | P8: 室数 | Q8: 面積 | S8: 備考 | T8: 室数 | U8: 面積 | V8: 備考
B9: 居室 | C9: １室の定員 | F9: 一人あたり | J9: 一人あたり | N9: 一人あたり | R9: 一人あたり
F10: （ ） | J10: （ ） | N10: （ ） | R10: （ ）
F11: （ ） | J11: （ ） | N11: （ ） | R11: （ ）
F12: （ ） | J12: （ ） | N12: （ ） | R12: （ ）
F13: （ ） | J13: （ ） | N13: （ ） | R13: （ ）
F14: （ ） | J14: （ ） | N14: （ ） | R14: （ ）
F15: （ ） | J15: （ ） | N15: （ ） | R15: （ ）
F16: （ ） | J16: （ ） | N16: （ ） | R16: （ ）
F17: （ ） | J17: （ ） | N17: （ ） | R17: （ ）
B18: 居室以外
B29: 片廊下幅 | D29: （最も狭い個所） | G29: ｍ | H29: （最も狭い個所） | K29: ｍ | L29: （最も狭い個所） | O29: ｍ | P29: （最も狭い個所） | S29: ｍ
B30: 中廊下幅 | G30: ｍ | K30: ｍ | O30: ｍ | S30: ｍ
B31: 共用する事業所・施設名
B33: 備考１ | C33: 設備基準で定められた設備等について、設置階ごとに記載してください。
B34: ２ | C34: 居室については、「1室の定員」ごとに分けて記入してください。また、同じ定員でも面積に異なる居室がある場合には、それぞれの居室ごとに分けて記入してください。
B35: ３ | C35: 「1人あたりの面積」の算出が必要な設備は、面積欄の（ ）内に記入してください。（算出にあたっては小数点以下第二位を切捨て）
B36: ４ | C36: 部屋の種類ごとにまとめて、合計の室数、面積を記入してください。
B37: ５ | C37: 他の事業所、施設と共用がある場合は、備考欄に「共用」と記入し、「共用する事業所・施設名」欄に正式名称を記入し、共用先の当該部分の平面図を添付してください。
C38: （様式１で添付されている場合は省略可）
B39: ６ | C39: 同一の事業所又は施設の他の設備と兼用している場合は「備考欄」に「○○室と兼用」と記載してください。

Sheet 参考様式６
A3: 参考様式６ | D3: 事業所・施設の設備・備品等一覧表
B6: 事業所の名称
B7: サービスの種類
A9: 設備の概要 | C9: 設備基準上適合すべき項目についての状況 | H9: 備品の品名及び数量 | K9: 適合の適否
A12: サービス提供上配慮すべき設備の概要
A36: 非常災害設備等
A52: 備考 １ | B52: 申請するサービスの種類に関して、基準省令で定められた設備基準上適合すべき項目のうち、「居室面積等一覧表」（参考様式２）に記載された項目以外の事項について記載してください。
A53: 2 | B53: 「適合の可否」欄には何も記載しないでください。

Sheet 参考様式７
A3: 参考様式７ | D3: 管 理 者
D4: 児童発達支援管理責任者 | H4: 経 歴 書
A7: 事業所の名称
A8: サービスの種類
A9: （管理又は従事する事業所が複数の場合はその全てを記載してください。）
B10: 事業の名称
B11: サービスの種類
A13: フリガナ | H13: 生年月日
A14: 氏 名
A15: 住 所 | B15: (自宅） | C15: （〒 ）
A16: 電話番号 | B16: (自宅）
A17: 主な職歴
A18: 期間 | D18: 勤務先 | I18: 職務内容
A27: 職務に関する資格
A28: 資格の種類 | F28: 資格取得年月日
A38: 備考（児童発達支援管理責任者の要件に関するものを含む、研修等の受講の状況等）
A52: 備考 | B52: 管理者、児童発達支援管理責任者のいずれか又は両方を、○印で囲ってください。
B53: 管理者、児童発達支援管理責任者について、それぞれ別葉で提出してください。（兼務の場合は一枚で可）

Sheet 参考様式８
A2: 参考様式８
A3: 実 務 経 験 (見 込) 証 明 書
C6: 横浜市長 | H6: 年 月 日
E8: 所在地
E9: 名称
E10: 代表者氏名 | J10: 印
E11: 電話番号
A13: 下記の者の実務経験は、以下のとおりであることを証明します。
A15: 氏 名 | G15: (生年月日 年 月 日）
A16: 現 住 所
A17: 施設又は事業所名
D18: 施設・事業所の種別（ ）
A19: 業 務 期 間
D20: 年 月 日 ～ 年 月 日（ 年 月間）
A21: 上記のうち業務に従事した日数 | D21: 日
A22: 業 務 内 容 | D22: 職名( ）
A26: （注） | B26: １． | C26: 見込証明でない場合は、表題の（見込）を二重線で消すこと。
B27: ２． | C27: 施設又は事業所名欄には、施設種別も記入すること。
B28: ３． | C28: 業務期間欄は、実務経験被証明者が要援護者に対する直接的な援助を行っていた期間（見込においては援助を行うと見込まれる期間）を記入すること。（産休・育休・療養休暇や長期研修期間等は業務期間となりません）
B29: ４． | C29: 業務内容欄は、看護師、生活支援員等の職名を記入し、業務内容について、老人デイサービス事業における○○業務、○○実施要綱の○○事業の○○業務等具体的に記入すること。
B31: ５． | C31: 証明内容を訂正する場合は、二重線で消した上、証明者（代表者）の印を押すこと。

Sheet 勤務形態（児発）
A1: 従業者の勤務の体制及び勤務形態一覧表 | AI1: サービス種別 | AK1: 児童発達支援
M2: 2024 | Q2: 年 | U2: 月 | AI2: 事業所名
AI3: (1)記載する期間
AI4: (2)予定/実績の別
AI5: (2)-2 定員
AG6: (3)事業所における常勤の従業者が勤務すべき時間数 | AK6: 時間/週 | AM6: 時間/月
A8: No. | B8: (4)職種 | C8: (5)勤務形態 | D8: (6)資格 | E8: (7)氏名 | F8: (8) | AK8: (9)勤務時間数合計 | AL8: (10)週平均の勤務時間数 | AM8: (11)兼務状況 （兼務先／兼務する職務の内容）等
F9: 第１週 | M9: 第２週 | T9: 第３週 | AA9: 第４週 | AH9: 第５週
F10: =DATE($M$2,$S$2,1) -> 45261 | G10: =DATE($M$2,$S$2,2) -> 45262 | H10: =DATE($M$2,$S$2,3) -> 45263 | I10: =DATE($M$2,$S$2,4) -> 45264 | J10: =DATE($M$2,$S$2,5) -> 45265 | K10: =DATE($M$2,$S$2,6) -> 45266 | L10: =DATE($M$2,$S$2,7) -> 45267 | M10: =DATE($M$2,$S$2,8) -> 45268 | N10: =DATE($M$2,$S$2,9) -> 45269 | O10: =DATE($M$2,$S$2,10) -> 45270 | P10: =DATE($M$2,$S$2,11) -> 45271 | Q10: =DATE($M$2,$S$2,12) -> 45272 | R10: =DATE($M$2,$S$2,13) -> 45273 | S10: =DATE($M$2,$S$2,14) -> 45274 | T10: =DATE($M$2,$S$2,15) -> 45275 | U10: =DATE($M$2,$S$2,16) -> 45276 | V10: =DATE($M$2,$S$2,17) -> 45277 | W10: =DATE($M$2,$S$2,18) -> 45278 | X10: =DATE($M$2,$S$2,19) -> 45279 | Y10: =DATE($M$2,$S$2,20) -> 45280 | Z10: =DATE($M$2,$S$2,21) -> 45281 | AA10: =DATE($M$2,$S$2,22) -> 45282 | AB10: =DATE($M$2,$S$2,23) -> 45283 | AC10: =DATE($M$2,$S$2,24) -> 45284 | AD10: =DATE($M$2,$S$2,25) -> 45285 | AE10: =DATE($M$2,$S$2,26) -> 45286 | AF10: =DATE($M$2,$S$2,27) -> 45287 | AG10: =DATE($M$2,$S$2,28) -> 45288 | AH10: =IF(DAY(EOMONTH(F10,0))<29,"",DATE($M$2,$S$2,29)) -> 45289 | AI10: =IF(DAY(EOMONTH(F10,0))<30,"",DATE($M$2,$S$2,30)) -> 45290 | AJ10: =IF(DAY(EOMONTH(F10,0))<31,"",DATE($M$2,$S$2,31)) -> 45291
F11: =DATE($M$2,$S$2,1) -> 45261 | G11: =DATE($M$2,$S$2,2) -> 45262 | H11: =DATE($M$2,$S$2,3) -> 45263 | I11: =DATE($M$2,$S$2,4) -> 45264 | J11: =DATE($M$2,$S$2,5) -> 45265 | K11: =DATE($M$2,$S$2,6) -> 45266 | L11: =DATE($M$2,$S$2,7) -> 45267 | M11: =DATE($M$2,$S$2,8) -> 45268 | N11: =DATE($M$2,$S$2,9) -> 45269 | O11: =DATE($M$2,$S$2,10) -> 45270 | P11: =DATE($M$2,$S$2,11) -> 45271 | Q11: =DATE($M$2,$S$2,12) -> 45272 | R11: =DATE($M$2,$S$2,13) -> 45273 | S11: =DATE($M$2,$S$2,14) -> 45274 | T11: =DATE($M$2,$S$2,15) -> 45275 | U11: =DATE($M$2,$S$2,16) -> 45276 | V11: =DATE($M$2,$S$2,17) -> 45277 | W11: =DATE($M$2,$S$2,18) -> 45278 | X11: =DATE($M$2,$S$2,19) -> 45279 | Y11: =DATE($M$2,$S$2,20) -> 45280 | Z11: =DATE($M$2,$S$2,21) -> 45281 | AA11: =DATE($M$2,$S$2,22) -> 45282 | AB11: =DATE($M$2,$S$2,23) -> 45283 | AC11: =DATE($M$2,$S$2,24) -> 45284 | AD11: =DATE($M$2,$S$2,25) -> 45285 | AE11: =DATE($M$2,$S$2,26) -> 45286 | AF11: =DATE($M$2,$S$2,27) -> 45287 | AG11: =DATE($M$2,$S$2,28) -> 45288 | AH11: =IF(DAY(EOMONTH(F11,0))<29,"",DATE($M$2,$S$2,29)) -> 45289 | AI11: =IF(DAY(EOMONTH(F11,0))<30,"",DATE($M$2,$S$2,30)) -> 45290 | AJ11: =IF(DAY(EOMONTH(F11,0))<31,"",DATE($M$2,$S$2,31)) -> 45291
A12: 1 | C12: A | E12: A | AK12: =+SUM(F12:AJ12) -> 0 | AL12: =IF($AK$3="４週",AK12/4,AK12/(DAY(EOMONTH($F$10,0))/7)) -> 0
A13: 2 | C13: B | E13: B | AK13: =+SUM(F13:AJ13) -> 0 | AL13: =IF($AK$3="４週",AK13/4,AK13/(DAY(EOMONTH($F$10,0))/7)) -> 0
A14: 3 | C14: C | E14: C | AK14: =+SUM(F14:AJ14) -> 0 | AL14: =IF($AK$3="４週",AK14/4,AK14/(DAY(EOMONTH($F$10,0))/7)) -> 0
A15: 4 | C15: D | E15: D | AK15: =+SUM(F15:AJ15) -> 0 | AL15: =IF($AK$3="４週",AK15/4,AK15/(DAY(EOMONTH($F$10,0))/7)) -> 0
A16: 5 | AK16: =+SUM(F16:AJ16) -> 0 | AL16: =IF($AK$3="４週",AK16/4,AK16/(DAY(EOMONTH($F$10,0))/7)) -> 0
A17: 6 | AK17: =+SUM(F17:AJ17) -> 0 | AL17: =IF($AK$3="４週",AK17/4,AK17/(DAY(EOMONTH($F$10,0))/7)) -> 0
A18: 7 | AK18: =+SUM(F18:AJ18) -> 0 | AL18: =IF($AK$3="４週",AK18/4,AK18/(DAY(EOMONTH($F$10,0))/7)) -> 0
A19: 8 | AK19: =+SUM(F19:AJ19) -> 0 | AL19: =IF($AK$3="４週",AK19/4,AK19/(DAY(EOMONTH($F$10,0))/7)) -> 0
A20: 9 | AK20: =+SUM(F20:AJ20) -> 0 | AL20: =IF($AK$3="４週",AK20/4,AK20/(DAY(EOMONTH($F$10,0))/7)) -> 0
A21: 10 | AK21: =+SUM(F21:AJ21) -> 0 | AL21: =IF($AK$3="４週",AK21/4,AK21/(DAY(EOMONTH($F$10,0))/7)) -> 0
A22: 11 | AK22: =+SUM(F22:AJ22) -> 0 | AL22: =IF($AK$3="４週",AK22/4,AK22/(DAY(EOMONTH($F$10,0))/7)) -> 0
A23: 12 | AK23: =+SUM(F23:AJ23) -> 0 | AL23: =IF($AK$3="４週",AK23/4,AK23/(DAY(EOMONTH($F$10,0))/7)) -> 0
A24: 13 | AK24: =+SUM(F24:AJ24) -> 0 | AL24: =IF($AK$3="４週",AK24/4,AK24/(DAY(EOMONTH($F$10,0))/7)) -> 0
A25: 14 | AK25: =+SUM(F25:AJ25) -> 0 | AL25: =IF($AK$3="４週",AK25/4,AK25/(DAY(EOMONTH($F$10,0))/7)) -> 0
A26: 15 | AK26: =+SUM(F26:AJ26) -> 0 | AL26: =IF($AK$3="４週",AK26/4,AK26/(DAY(EOMONTH($F$10,0))/7)) -> 0
A27: 16 | AK27: =+SUM(F27:AJ27) -> 0 | AL27: =IF($AK$3="４週",AK27/4,AK27/(DAY(EOMONTH($F$10,0))/7)) -> 0
... A31: 20 | AK31: =+SUM(F31:AJ31) -> 0 | AL31: =IF($AK$3="４週",AK31/4,AK31/(DAY(EOMONTH($F$10,0))/7)) -> 0
A32: 合計 | F32: =+SUM(F12:F31) -> 0 | G32: =+SUM(G12:G31) -> 0 | H32: =+SUM(H12:H31) -> 0 | I32: =+SUM(I12:I31) -> 0 | J32: =+SUM(J12:J31) -> 0 | K32: =+SUM(K12:K31) -> 0 | L32: =+SUM(L12:L31) -> 0 | M32: =+SUM(M12:M31) -> 0 | ... AJ32: =+SUM(AJ12:AJ31) -> 0 | AK32: =+SUM(F32:AJ32) -> 0 | AL32: =IF($AK$3="４週",AK32/4,AK32/(DAY(EOMONTH($F$10,0))/7)) -> 0
A33: サービス提供時間
A38: ＜実人数集計＞
C39: =IF(VLOOKUP($AK$1,'選択肢 '!$A$1:$J$32,C44,FALSE)=0,"-",VLOOKUP($AK$1,'選択肢 '!$A$1:$J$32,C44,FALSE)) -> 管理者 | E39: =IF(VLOOKUP($AK$1,'選択肢 '!$A$1:$J$32,E44,FALSE)=0,"-",VLOOKUP($AK$1,'選択肢 '!$A$1:$J$32,E44,FALSE)) -> 児童発達支援管理責任者 | G39: =IF(VLOOKUP($AK$1,'選択肢 '!$A$1:$J$32,G44,FALSE)=0,"-",VLOOKUP($AK$1,'選択肢 '!$A$1:$J$32,G44,FALSE)) -> #VALUE! | I39: =IF(VLOOKUP($AK$1,'選択肢 '!$A$1:$J$32,I44,FALSE)=0,"-",VLOOKUP($AK$1,'選択肢 '!$A$1:$J$32,I44,FALSE)) -> 児童指導員 | K39: =IF(VLOOKUP($AK$1,'選択肢 '!$A$1:$J$32,K44,FALSE)=0,"-",VLOOKUP($AK$1,'選択肢 '!$A$1:$J$32,K44,FALSE)) -> #VALUE! | M39: =IF(VLOOKUP($AK$1,'選択肢 '!$A$1:$J$32,M44,FALSE)=0,"-",VLOOKUP($AK$1,'選択肢 '!$A$1:$J$32,M44,FALSE)) -> #VALUE! | O39: =IF(VLOOKUP($AK$1,'選択肢 '!$A$1:$J$32,O44,FALSE)=0,"-",VLOOKUP($AK$1,'選択肢 '!$A$1:$J$32,O44,FALSE)) -> 保育士 | Q39: =IF(VLOOKUP($AK$1,'選択肢 '!$A$1:$J$32,Q44,FALSE)=0,"-",VLOOKUP($AK$1,'選択肢 '!$A$1:$J$32,Q44,FALSE)) -> #VALUE! | S39: =IF(VLOOKUP($AK$1,'選択肢 '!$A$1:$J$32,S44,FALSE)=0,"-",VLOOKUP($AK$1,'選択肢 '!$A$1:$J$32,S44,FALSE)) -> #VALUE! | U39: =IF(VLOOKUP($AK$1,'選択肢 '!$A$1:$J$32,U44,FALSE)=0,"-",VLOOKUP($AK$1,'選択肢 '!$A$1:$J$32,U44,FALSE)) -> 機能訓練担当職員 | W39: =IF(VLOOKUP($AK$1,'選択肢 '!$A$1:$J$32,W44,FALSE)=0,"-",VLOOKUP($AK$1,'選択肢 '!$A$1:$J$32,W44,FALSE)) -> #VALUE! | Y39: =IF(VLOOKUP($AK$1,'選択肢 '!$A$1:$J$32,Y44,FALSE)=0,"-",VLOOKUP($AK$1,'選択肢 '!$A$1:$J$32,Y44,FALSE)) -> #VALUE! | AA39: =IF(VLOOKUP($AK$1,'選択肢 '!$A$1:$J$32,AA44,FALSE)=0,"-",VLOOKUP($AK$1,'選択肢 '!$A$1:$J$32,AA44,FALSE)) -> 看護職員 | AC39: =IF(VLOOKUP($AK$1,'選択肢 '!$A$1:$J$32,AC44,FALSE)=0,"-",VLOOKUP($AK$1,'選択肢 '!$A$1:$J$32,AC44,FALSE)) -> #VALUE! | AE39: =IF(VLOOKUP($AK$1,'選択肢 '!$A$1:$J$32,AE44,FALSE)=0,"-",VLOOKUP($AK$1,'選択肢 '!$A$1:$J$32,AE44,FALSE)) -> #VALUE! | AG39: =IF(VLOOKUP($AK$1,'選択肢 '!$A$1:$K$32,AG44,FALSE)=0,"-",VLOOKUP($AK$1,'選択肢 '!$A$1:$K$32,AG44,FALSE)) -> その他職員 | AL39: =IF(VLOOKUP($AK$1,'選択肢 '!$A$1:$K$32,AL44,FALSE)=0,"-",VLOOKUP($AK$1,'選択肢 '!$A$1:$K$32,AL44,FALSE)) -> -
C40: 専従 | D40: 兼務 | E40: 専従 | F40: 兼務 | I40: 専従 | L40: 兼務 | O40: 専従 | R40: 兼務 | U40: 専従 | X40: 兼務 | AA40: 専従 | AD40: 兼務 | AG40: 専従 | AJ40: 兼務 | AL40: 専従 | AM40: 兼務
B41: 常勤 | C41: =COUNTIFS($B$12:$B$31,C$39,$C$12:$C$31,"A",$E$12:$E$31,"*") -> 0 | D41: =COUNTIFS($B$12:$B$31,C$39,$C$12:$C$31,"B",$E$12:$E$31,"*") -> 0 | E41: =COUNTIFS($B$12:$B$31,E$39,$C$12:$C$31,"A",$E$12:$E$31,"*") -> 0 | F41: =COUNTIFS($B$12:$B$31,E$39,$C$12:$C$31,"B",$E$12:$E$31,"*") -> 0 | I41: =COUNTIFS($B$12:$B$31,I$39,$C$12:$C$31,"A",$E$12:$E$31,"*") -> 0 | L41: =COUNTIFS($B$12:$B$31,I$39,$C$12:$C$31,"B",$E$12:$E$31,"*") -> 0 | O41: =COUNTIFS($B$12:$B$31,O$39,$C$12:$C$31,"A",$E$12:$E$31,"*") -> 0 | R41: =COUNTIFS($B$12:$B$31,O$39,$C$12:$C$31,"B",$E$12:$E$31,"*") -> 0 | U41: =COUNTIFS($B$12:$B$31,U$39,$C$12:$C$31,"A",$E$12:$E$31,"*") -> 0 | X41: =COUNTIFS($B$12:$B$31,U$39,$C$12:$C$31,"B",$E$12:$E$31,"*") -> 0 | AA41: =COUNTIFS($B$12:$B$31,AA$39,$C$12:$C$31,"A",$E$12:$E$31,"*") -> 0 | AD41: =COUNTIFS($B$12:$B$31,AA$39,$C$12:$C$31,"B",$E$12:$E$31,"*") -> 0 | AG41: =COUNTIFS($B$12:$B$31,AG$39,$C$12:$C$31,"A",$E$12:$E$31,"*") -> 0 | AJ41: =COUNTIFS($B$12:$B$31,AG$39,$C$12:$C$31,"B",$E$12:$E$31,"*") -> 0 | AL41: =COUNTIFS($B$12:$B$31,AL$39,$C$12:$C$31,"A",$E$12:$E$31,"*") -> 0 | AM41: =COUNTIFS($B$12:$B$31,AL$39,$C$12:$C$31,"B",$E$12:$E$31,"*") -> 0
B42: 非常勤 | C42: =COUNTIFS($B$12:$B$31,C$39,$C$12:$C$31,"C",$E$12:$E$31,"*") -> 0 | D42: =COUNTIFS($B$12:$B$31,C$39,$C$12:$C$31,"D",$E$12:$E$31,"*") -> 0 | E42: =COUNTIFS($B$12:$B$31,E$39,$C$12:$C$31,"C",$E$12:$E$31,"*") -> 0 | F42: =COUNTIFS($B$12:$B$31,E$39,$C$12:$C$31,"D",$E$12:$E$31,"*") -> 0 | I42: =COUNTIFS($B$12:$B$31,I$39,$C$12:$C$31,"C",$E$12:$E$31,"*") -> 0 | L42: =COUNTIFS($B$12:$B$31,I$39,$C$12:$C$31,"D",$E$12:$E$31,"*") -> 0 | O42: =COUNTIFS($B$12:$B$31,O$39,$C$12:$C$31,"C",$E$12:$E$31,"*") -> 0 | R42: =COUNTIFS($B$12:$B$31,O$39,$C$12:$C$31,"D",$E$12:$E$31,"*") -> 0 | U42: =COUNTIFS($B$12:$B$31,U$39,$C$12:$C$31,"C",$E$12:$E$31,"*") -> 0 | X42: =COUNTIFS($B$12:$B$31,U$39,$C$12:$C$31,"D",$E$12:$E$31,"*") -> 0 | AA42: =COUNTIFS($B$12:$B$31,AA$39,$C$12:$C$31,"C",$E$12:$E$31,"*") -> 0 | AD42: =COUNTIFS($B$12:$B$31,AA$39,$C$12:$C$31,"D",$E$12:$E$31,"*") -> 0 | AG42: =COUNTIFS($B$12:$B$31,AG$39,$C$12:$C$31,"C",$E$12:$E$31,"*") -> 0 | AJ42: =COUNTIFS($B$12:$B$31,AG$39,$C$12:$C$31,"D",$E$12:$E$31,"*") -> 0 | AL42: =COUNTIFS($B$12:$B$31,AL$39,$C$12:$C$31,"C",$E$12:$E$31,"*") -> 0 | AM42: =COUNTIFS($B$12:$B$31,AL$39,$C$12:$C$31,"D",$E$12:$E$31,"*") -> 0
B43: 常勤換算数 | C43: =IF($AK$3="４週",SUMIFS($AK$12:$AK$31,$B$12:$B$31,C39)/4/$AH$6,IF($AK$3="歴月",SUMIFS($AK$12:$AK$31,$B$12:$B$31,C39)/$AL$6,"記載する期間を選択してください")) -> 記載する期間を選択してください | E43: =IF($AK$3="４週",SUMIFS($AK$12:$AK$31,$B$12:$B$31,E39)/4/$AH$6,IF($AK$3="歴月",SUMIFS($AK$12:$AK$31,$B$12:$B$31,E39)/$AL$6,"記載する期間を選択してください")) -> 記載する期間を選択してください | I43: =IF($AK$3="４週",SUMIFS($AK$12:$AK$31,$B$12:$B$31,I39)/4/$AH$6,IF($AK$3="歴月",SUMIFS($AK$12:$AK$31,$B$12:$B$31,I39)/$AL$6,"記載する期間を選択してください")) -> 記載する期間を選択してください | O43: =IF($AK$3="４週",SUMIFS($AK$12:$AK$31,$B$12:$B$31,O39)/4/$AH$6,IF($AK$3="歴月",SUMIFS($AK$12:$AK$31,$B$12:$B$31,O39)/$AL$6,"記載する期間を選択してください")) -> 記載する期間を選択してください | U43: =IF($AK$3="４週",SUMIFS($AK$12:$AK$31,$B$12:$B$31,U39)/4/$AH$6,IF($AK$3="歴月",SUMIFS($AK$12:$AK$31,$B$12:$B$31,U39)/$AL$6,"記載する期間を選択してください")) -> 記載する期間を選択してください | AA43: =IF($AK$3="４週",SUMIFS($AK$12:$AK$31,$B$12:$B$31,AA39)/4/$AH$6,IF($AK$3="歴月",SUMIFS($AK$12:$AK$31,$B$12:$B$31,AA39)/$AL$6,"記載する期間を選択してください")) -> 記載する期間を選択してください | AG43: =IF($AK$3="４週",SUMIFS($AK$12:$AK$31,$B$12:$B$31,AG39)/4/$AH$6,IF($AK$3="歴月",SUMIFS($AK$12:$AK$31,$B$12:$B$31,AG39)/$AL$6,"記載する期間を選択してください")) -> 記載する期間を選択してください | AL43: =IF($AK$3="４週",SUMIFS($AK$12:$AK$31,$B$12:$B$31,AL39)/4/$AH$6,IF($AK$3="歴月",SUMIFS($AK$12:$AK$31,$B$12:$B$31,AL39)/$AL$6,"記載する期間を選択してください")) -> 記載する期間を選択してください
C44: 2 | E44: 3 | I44: 4 | O44: 5 | U44: 6 | AA44: 7 | AG44: 8 | AL44: 9
A45: ・最初に「年月欄」「サービス種別」「事業所名」を入力してください。 | R45: 6 | X45: 7 | AD45: 8 | AJ45: 9
A46: (1) 「４週」・「暦月」のいずれかを選択してください。
A47: (2) 「予定」・「実績」のいずれかを選択してください。
A48: (2) -2 定員数を入力してください。
A49: (3) 事業所における常勤の従業者が勤務すべき時間数を入力してください。
A50: (4) 従業者の職種を入力してください。
A51: 記入の順序は、職種ごとにまとめてください。
A52: (5) 従業者の勤務形態について、下記のうち該当する区分の記号を入力してください。
B53: 記号 | C53: 区分
B54: A | C54: 常勤で専従
B55: B | C55: 常勤で兼務
B56: C | C56: 非常勤で専従
B57: D | C57: 非常勤で兼務
B58: （注）常勤・非常勤の区分について
B59: 当該事業所における勤務時間が、当該事業所において定められている常勤の従業者が勤務すべき時間数に達していることをいいます。雇用の形態は考慮しません。
B60: （例えば、常勤者は週に40時間勤務することとされた事業所であれば、非正規雇用であっても、週40時間勤務する従業者は常勤扱いとなります。）
A61: (6) 従業者の保有する資格を入力してください。
A62: 保有資格を全て記入するのではなく、人員基準・加配加算上、求められる資格等を入力してください。
A63: ※選択した資格及び研修に関して、必要に応じて、資格証又は研修修了証等の写しを添付資料として提出してください。
A64: (7) 従業者の氏名を記入してください。
A65: (8) 申請する事業に係る従業者（管理者を含む。）の1ヶ月分の勤務時間を入力してください。常勤の職員が休暇を取得する場合は、「休」と入力してください。
A66: ※ 指定基準の確認に際しては、４週分の入力で差し支えありません。
A67: (9) 従業者ごとに、合計勤務時間数を入力してください。
A68: ※ 入力することができる時間数は、当該事業所において常勤の従業者が勤務すべき勤務時間数を上限とします。
A69: (10) 従業者ごとに、週平均の勤務時間数を入力してください。
A70: (11) 申請する事業所以外の事業所・施設との兼務がある場合は、兼務先の事業所・施設の名称、兼務する職務の内容について記入してください。
A71: 同一事業所内の兼務についても兼務する職務の内容を記入してください。
A72: その他、特記事項欄としてもご活用ください。
A73: （12) 必要項目を満たしていれば、各事業所で使用するシフト表等をもって代替書類として差し支えありません。

Sheet 勤務形態（放デイ）
A1: 従業者の勤務の体制及び勤務形態一覧表 | AI1: サービス種別 | AK1: 放課後等デイサービス
M2: 2024 | Q2: 年 | U2: 月 | AI2: 事業所名
AI3: (1)記載する期間
AI4: (2)予定/実績の別
AI5: (2)-2 定員
AG6: (3)事業所における常勤の従業者が勤務すべき時間数 | AK6: 時間/週 | AM6: 時間/月
A8: No. | B8: (4)職種 | C8: (5)勤務形態 | D8: (6)資格 | E8: (7)氏名 | F8: (8) | AK8: (9)勤務時間数合計 | AL8: (10)週平均の勤務時間数 | AM8: (11)兼務状況 （兼務先／兼務する職務の内容）等
F9: 第１週 | M9: 第２週 | T9: 第３週 | AA9: 第４週 | AH9: 第５週
F10: =DATE($M$2,$S$2,1) -> 45261 | G10: =DATE($M$2,$S$2,2) -> 45262 | H10: =DATE($M$2,$S$2,3) -> 45263 | I10: =DATE($M$2,$S$2,4) -> 45264 | J10: =DATE($M$2,$S$2,5) -> 45265 | K10: =DATE($M$2,$S$2,6) -> 45266 | L10: =DATE($M$2,$S$2,7) -> 45267 | M10: =DATE($M$2,$S$2,8) -> 45268 | N10: =DATE($M$2,$S$2,9) -> 45269 | O10: =DATE($M$2,$S$2,10) -> 45270 | P10: =DATE($M$2,$S$2,11) -> 45271 | Q10: =DATE($M$2,$S$2,12) -> 45272 | R10: =DATE($M$2,$S$2,13) -> 45273 | S10: =DATE($M$2,$S$2,14) -> 45274 | T10: =DATE($M$2,$S$2,15) -> 45275 | U10: =DATE($M$2,$S$2,16) -> 45276 | V10: =DATE($M$2,$S$2,17) -> 45277 | W10: =DATE($M$2,$S$2,18) -> 45278 | X10: =DATE($M$2,$S$2,19) -> 45279 | Y10: =DATE($M$2,$S$2,20) -> 45280 | Z10: =DATE($M$2,$S$2,21) -> 45281 | AA10: =DATE($M$2,$S$2,22) -> 45282 | AB10: =DATE($M$2,$S$2,23) -> 45283 | AC10: =DATE($M$2,$S$2,24) -> 45284 | AD10: =DATE($M$2,$S$2,25) -> 45285 | AE10: =DATE($M$2,$S$2,26) -> 45286 | AF10: =DATE($M$2,$S$2,27) -> 45287 | AG10: =DATE($M$2,$S$2,28) -> 45288 | AH10: =IF(DAY(EOMONTH(F10,0))<29,"",DATE($M$2,$S$2,29)) -> 45289 | AI10: =IF(DAY(EOMONTH(F10,0))<30,"",DATE($M$2,$S$2,30)) -> 45290 | AJ10: =IF(DAY(EOMONTH(F10,0))<31,"",DATE($M$2,$S$2,31)) -> 45291
F11: =DATE($M$2,$S$2,1) -> 45261 | G11: =DATE($M$2,$S$2,2) -> 45262 | H11: =DATE($M$2,$S$2,3) -> 45263 | I11: =DATE($M$2,$S$2,4) -> 45264 | J11: =DATE($M$2,$S$2,5) -> 45265 | K11: =DATE($M$2,$S$2,6) -> 45266 | L11: =DATE($M$2,$S$2,7) -> 45267 | M11: =DATE($M$2,$S$2,8) -> 45268 | N11: =DATE($M$2,$S$2,9) -> 45269 | O11: =DATE($M$2,$S$2,10) -> 45270 | P11: =DATE($M$2,$S$2,11) -> 45271 | Q11: =DATE($M$2,$S$2,12) -> 45272 | R11: =DATE($M$2,$S$2,13) -> 45273 | S11: =DATE($M$2,$S$2,14) -> 45274 | T11: =DATE($M$2,$S$2,15) -> 45275 | U11: =DATE($M$2,$S$2,16) -> 45276 | V11: =DATE($M$2,$S$2,17) -> 45277 | W11: =DATE($M$2,$S$2,18) -> 45278 | X11: =DATE($M$2,$S$2,19) -> 45279 | Y11: =DATE($M$2,$S$2,20) -> 45280 | Z11: =DATE($M$2,$S$2,21) -> 45281 | AA11: =DATE($M$2,$S$2,22) -> 45282 | AB11: =DATE($M$2,$S$2,23) -> 45283 | AC11: =DATE($M$2,$S$2,24) -> 45284 | AD11: =DATE($M$2,$S$2,25) -> 45285 | AE11: =DATE($M$2,$S$2,26) -> 45286 | AF11: =DATE($M$2,$S$2,27) -> 45287 | AG11: =DATE($M$2,$S$2,28) -> 45288 | AH11: =IF(DAY(EOMONTH(F11,0))<29,"",DATE($M$2,$S$2,29)) -> 45289 | AI11: =IF(DAY(EOMONTH(F11,0))<30,"",DATE($M$2,$S$2,30)) -> 45290 | AJ11: =IF(DAY(EOMONTH(F11,0))<31,"",DATE($M$2,$S$2,31)) -> 45291
A12: 1 | C12: A | E12: A | AK12: =+SUM(F12:AJ12) -> 0 | AL12: =IF($AK$3="４週",AK12/4,AK12/(DAY(EOMONTH($F$10,0))/7)) -> 0
A13: 2 | C13: B | E13: B | AK13: =+SUM(F13:AJ13) -> 0 | AL13: =IF($AK$3="４週",AK13/4,AK13/(DAY(EOMONTH($F$10,0))/7)) -> 0
A14: 3 | C14: C | E14: C | AK14: =+SUM(F14:AJ14) -> 0 | AL14: =IF($AK$3="４週",AK14/4,AK14/(DAY(EOMONTH($F$10,0))/7)) -> 0
A15: 4 | C15: D | E15: D | AK15: =+SUM(F15:AJ15) -> 0 | AL15: =IF($AK$3="４週",AK15/4,AK15/(DAY(EOMONTH($F$10,0))/7)) -> 0
A16: 5 | AK16: =+SUM(F16:AJ16) -> 0 | AL16: =IF($AK$3="４週",AK16/4,AK16/(DAY(EOMONTH($F$10,0))/7)) -> 0
A17: 6 | AK17: =+SUM(F17:AJ17) -> 0 | AL17: =IF($AK$3="４週",AK17/4,AK17/(DAY(EOMONTH($F$10,0))/7)) -> 0
A18: 7 | AK18: =+SUM(F18:AJ18) -> 0 | AL18: =IF($AK$3="４週",AK18/4,AK18/(DAY(EOMONTH($F$10,0))/7)) -> 0
A19: 8 | AK19: =+SUM(F19:AJ19) -> 0 | AL19: =IF($AK$3="４週",AK19/4,AK19/(DAY(EOMONTH($F$10,0))/7)) -> 0
A20: 9 | AK20: =+SUM(F20:AJ20) -> 0 | AL20: =IF($AK$3="４週",AK20/4,AK20/(DAY(EOMONTH($F$10,0))/7)) -> 0
A21: 10 | AK21: =+SUM(F21:AJ21) -> 0 | AL21: =IF($AK$3="４週",AK21/4,AK21/(DAY(EOMONTH($F$10,0))/7)) -> 0
A22: 11 | AK22: =+SUM(F22:AJ22) -> 0 | AL22: =IF($AK$3="４週",AK22/4,AK22/(DAY(EOMONTH($F$10,0))/7)) -> 0
A23: 12 | AK23: =+SUM(F23:AJ23) -> 0 | AL23: =IF($AK$3="４週",AK23/4,AK23/(DAY(EOMONTH($F$10,0))/7)) -> 0
A24: 13 | AK24: =+SUM(F24:AJ24) -> 0 | AL24: =IF($AK$3="４週",AK24/4,AK24/(DAY(EOMONTH($F$10,0))/7)) -> 0
A25: 14 | AK25: =+SUM(F25:AJ25) -> 0 | AL25: =IF($AK$3="４週",AK25/4,AK25/(DAY(EOMONTH($F$10,0))/7)) -> 0
A26: 15 | AK26: =+SUM(F26:AJ26) -> 0 | AL26: =IF($AK$3="４週",AK26/4,AK26/(DAY(EOMONTH($F$10,0))/7)) -> 0
A27: 16 | AK27: =+SUM(F27:AJ27) -> 0 | AL27: =IF($AK$3="４週",AK27/4,AK27/(DAY(EOMONTH($F$10,0))/7)) -> 0
... A31: 20 | AK31: =+SUM(F31:AJ31) -> 0 | AL31: =IF($AK$3="４週",AK31/4,AK31/(DAY(EOMONTH($F$10,0))/7)) -> 0
A32: 合計 | F32: =+SUM(F12:F31) -> 0 | G32: =+SUM(G12:G31) -> 0 | H32: =+SUM(H12:H31) -> 0 | I32: =+SUM(I12:I31) -> 0 | J32: =+SUM(J12:J31) -> 0 | K32: =+SUM(K12:K31) -> 0 | L32: =+SUM(L12:L31) -> 0 | M32: =+SUM(M12:M31) -> 0 | ... AJ32: =+SUM(AJ12:AJ31) -> 0 | AK32: =+SUM(F32:AJ32) -> 0 | AL32: =IF($AK$3="４週",AK32/4,AK32/(DAY(EOMONTH($F$10,0))/7)) -> 0
A33: サービス提供時間
A38: ＜実人数集計＞
C39: =IF(VLOOKUP($AK$1,'選択肢 '!$A$1:$J$32,C44,FALSE)=0,"-",VLOOKUP($AK$1,'選択肢 '!$A$1:$J$32,C44,FALSE)) -> 管理者 | E39: =IF(VLOOKUP($AK$1,'選択肢 '!$A$1:$J$32,E44,FALSE)=0,"-",VLOOKUP($AK$1,'選択肢 '!$A$1:$J$32,E44,FALSE)) -> 児童発達支援管理責任者 | G39: =IF(VLOOKUP($AK$1,'選択肢 '!$A$1:$J$32,G44,FALSE)=0,"-",VLOOKUP($AK$1,'選択肢 '!$A$1:$J$32,G44,FALSE)) -> #VALUE! | I39: =IF(VLOOKUP($AK$1,'選択肢 '!$A$1:$J$32,I44,FALSE)=0,"-",VLOOKUP($AK$1,'選択肢 '!$A$1:$J$32,I44,FALSE)) -> 児童指導員 | K39: =IF(VLOOKUP($AK$1,'選択肢 '!$A$1:$J$32,K44,FALSE)=0,"-",VLOOKUP($AK$1,'選択肢 '!$A$1:$J$32,K44,FALSE)) -> #VALUE! | M39: =IF(VLOOKUP($AK$1,'選択肢 '!$A$1:$J$32,M44,FALSE)=0,"-",VLOOKUP($AK$1,'選択肢 '!$A$1:$J$32,M44,FALSE)) -> #VALUE! | O39: =IF(VLOOKUP($AK$1,'選択肢 '!$A$1:$J$32,O44,FALSE)=0,"-",VLOOKUP($AK$1,'選択肢 '!$A$1:$J$32,O44,FALSE)) -> 保育士 | Q39: =IF(VLOOKUP($AK$1,'選択肢 '!$A$1:$J$32,Q44,FALSE)=0,"-",VLOOKUP($AK$1,'選択肢 '!$A$1:$J$32,Q44,FALSE)) -> #VALUE! | S39: =IF(VLOOKUP($AK$1,'選択肢 '!$A$1:$J$32,S44,FALSE)=0,"-",VLOOKUP($AK$1,'選択肢 '!$A$1:$J$32,S44,FALSE)) -> #VALUE! | U39: =IF(VLOOKUP($AK$1,'選択肢 '!$A$1:$J$32,U44,FALSE)=0,"-",VLOOKUP($AK$1,'選択肢 '!$A$1:$J$32,U44,FALSE)) -> 機能訓練担当職員 | W39: =IF(VLOOKUP($AK$1,'選択肢 '!$A$1:$J$32,W44,FALSE)=0,"-",VLOOKUP($AK$1,'選択肢 '!$A$1:$J$32,W44,FALSE)) -> #VALUE! | Y39: =IF(VLOOKUP($AK$1,'選択肢 '!$A$1:$J$32,Y44,FALSE)=0,"-",VLOOKUP($AK$1,'選択肢 '!$A$1:$J$32,Y44,FALSE)) -> #VALUE! | AA39: =IF(VLOOKUP($AK$1,'選択肢 '!$A$1:$J$32,AA44,FALSE)=0,"-",VLOOKUP($AK$1,'選択肢 '!$A$1:$J$32,AA44,FALSE)) -> 看護職員 | AC39: =IF(VLOOKUP($AK$1,'選択肢 '!$A$1:$J$32,AC44,FALSE)=0,"-",VLOOKUP($AK$1,'選択肢 '!$A$1:$J$32,AC44,FALSE)) -> #VALUE! | AE39: =IF(VLOOKUP($AK$1,'選択肢 '!$A$1:$J$32,AE44,FALSE)=0,"-",VLOOKUP($AK$1,'選択肢 '!$A$1:$J$32,AE44,FALSE)) -> #VALUE! | AG39: =IF(VLOOKUP($AK$1,'選択肢 '!$A$1:$J$32,AG44,FALSE)=0,"-",VLOOKUP($AK$1,'選択肢 '!$A$1:$J$32,AG44,FALSE)) -> その他職員 | AL39: =IF(VLOOKUP($AK$1,'選択肢 '!$A$1:$J$32,AL44,FALSE)=0,"-",VLOOKUP($AK$1,'選択肢 '!$A$1:$J$32,AL44,FALSE)) -> -
C40: 専従 | D40: 兼務 | E40: 専従 | F40: 兼務 | I40: 専従 | L40: 兼務 | O40: 専従 | R40: 兼務 | U40: 専従 | X40: 兼務 | AA40: 専従 | AD40: 兼務 | AG40: 専従 | AJ40: 兼務 | AL40: 専従 | AM40: 兼務
B41: 常勤 | C41: =COUNTIFS($B$12:$B$31,C$39,$C$12:$C$31,"A",$E$12:$E$31,"*") -> 0 | D41: =COUNTIFS($B$12:$B$31,C$39,$C$12:$C$31,"B",$E$12:$E$31,"*") -> 0 | E41: =COUNTIFS($B$12:$B$31,E$39,$C$12:$C$31,"A",$E$12:$E$31,"*") -> 0 | F41: =COUNTIFS($B$12:$B$31,E$39,$C$12:$C$31,"B",$E$12:$E$31,"*") -> 0 | I41: =COUNTIFS($B$12:$B$31,I$39,$C$12:$C$31,"A",$E$12:$E$31,"*") -> 0 | L41: =COUNTIFS($B$12:$B$31,I$39,$C$12:$C$31,"B",$E$12:$E$31,"*") -> 0 | O41: =COUNTIFS($B$12:$B$31,O$39,$C$12:$C$31,"A",$E$12:$E$31,"*") -> 0 | R41: =COUNTIFS($B$12:$B$31,O$39,$C$12:$C$31,"B",$E$12:$E$31,"*") -> 0 | U41: =COUNTIFS($B$12:$B$31,U$39,$C$12:$C$31,"A",$E$12:$E$31,"*") -> 0 | X41: =COUNTIFS($B$12:$B$31,U$39,$C$12:$C$31,"B",$E$12:$E$31,"*") -> 0 | AA41: =COUNTIFS($B$12:$B$31,AA$39,$C$12:$C$31,"A",$E$12:$E$31,"*") -> 0 | AD41: =COUNTIFS($B$12:$B$31,AA$39,$C$12:$C$31,"B",$E$12:$E$31,"*") -> 0 | AG41: =COUNTIFS($B$12:$B$31,AG$39,$C$12:$C$31,"A",$E$12:$E$31,"*") -> 0 | AJ41: =COUNTIFS($B$12:$B$31,AG$39,$C$12:$C$31,"B",$E$12:$E$31,"*") -> 0 | AL41: =COUNTIFS($B$12:$B$31,AL$39,$C$12:$C$31,"A",$E$12:$E$31,"*") -> 0 | AM41: =COUNTIFS($B$12:$B$31,AL$39,$C$12:$C$31,"B",$E$12:$E$31,"*") -> 0
B42: 非常勤 | C42: =COUNTIFS($B$12:$B$31,C$39,$C$12:$C$31,"C",$E$12:$E$31,"*") -> 0 | D42: =COUNTIFS($B$12:$B$31,C$39,$C$12:$C$31,"D",$E$12:$E$31,"*") -> 0 | E42: =COUNTIFS($B$12:$B$31,E$39,$C$12:$C$31,"C",$E$12:$E$31,"*") -> 0 | F42: =COUNTIFS($B$12:$B$31,E$39,$C$12:$C$31,"D",$E$12:$E$31,"*") -> 0 | I42: =COUNTIFS($B$12:$B$31,I$39,$C$12:$C$31,"C",$E$12:$E$31,"*") -> 0 | L42: =COUNTIFS($B$12:$B$31,I$39,$C$12:$C$31,"D",$E$12:$E$31,"*") -> 0 | O42: =COUNTIFS($B$12:$B$31,O$39,$C$12:$C$31,"C",$E$12:$E$31,"*") -> 0 | R42: =COUNTIFS($B$12:$B$31,O$39,$C$12:$C$31,"D",$E$12:$E$31,"*") -> 0 | U42: =COUNTIFS($B$12:$B$31,U$39,$C$12:$C$31,"C",$E$12:$E$31,"*") -> 0 | X42: =COUNTIFS($B$12:$B$31,U$39,$C$12:$C$31,"D",$E$12:$E$31,"*") -> 0 | AA42: =COUNTIFS($B$12:$B$31,AA$39,$C$12:$C$31,"C",$E$12:$E$31,"*") -> 0 | AD42: =COUNTIFS($B$12:$B$31,AA$39,$C$12:$C$31,"D",$E$12:$E$31,"*") -> 0 | AG42: =COUNTIFS($B$12:$B$31,AG$39,$C$12:$C$31,"C",$E$12:$E$31,"*") -> 0 | AJ42: =COUNTIFS($B$12:$B$31,AG$39,$C$12:$C$31,"D",$E$12:$E$31,"*") -> 0 | AL42: =COUNTIFS($B$12:$B$31,AL$39,$C$12:$C$31,"C",$E$12:$E$31,"*") -> 0 | AM42: =COUNTIFS($B$12:$B$31,AL$39,$C$12:$C$31,"D",$E$12:$E$31,"*") -> 0
B43: 常勤換算数 | C43: =IF($AK$3="４週",SUMIFS($AK$12:$AK$31,$B$12:$B$31,C39)/4/$AH$6,IF($AK$3="歴月",SUMIFS($AK$12:$AK$31,$B$12:$B$31,C39)/$AL$6,"記載する期間を選択してください")) -> 記載する期間を選択してください | E43: =IF($AK$3="４週",SUMIFS($AK$12:$AK$31,$B$12:$B$31,E39)/4/$AH$6,IF($AK$3="歴月",SUMIFS($AK$12:$AK$31,$B$12:$B$31,E39)/$AL$6,"記載する期間を選択してください")) -> 記載する期間を選択してください | I43: =IF($AK$3="４週",SUMIFS($AK$12:$AK$31,$B$12:$B$31,I39)/4/$AH$6,IF($AK$3="歴月",SUMIFS($AK$12:$AK$31,$B$12:$B$31,I39)/$AL$6,"記載する期間を選択してください")) -> 記載する期間を選択してください | O43: =IF($AK$3="４週",SUMIFS($AK$12:$AK$31,$B$12:$B$31,O39)/4/$AH$6,IF($AK$3="歴月",SUMIFS($AK$12:$AK$31,$B$12:$B$31,O39)/$AL$6,"記載する期間を選択してください")) -> 記載する期間を選択してください | U43: =IF($AK$3="４週",SUMIFS($AK$12:$AK$31,$B$12:$B$31,U39)/4/$AH$6,IF($AK$3="歴月",SUMIFS($AK$12:$AK$31,$B$12:$B$31,U39)/$AL$6,"記載する期間を選択してください")) -> 記載する期間を選択してください | AA43: =IF($AK$3="４週",SUMIFS($AK$12:$AK$31,$B$12:$B$31,AA39)/4/$AH$6,IF($AK$3="歴月",SUMIFS($AK$12:$AK$31,$B$12:$B$31,AA39)/$AL$6,"記載する期間を選択してください")) -> 記載する期間を選択してください | AG43: =IF($AK$3="４週",SUMIFS($AK$12:$AK$31,$B$12:$B$31,AG39)/4/$AH$6,IF($AK$3="歴月",SUMIFS($AK$12:$AK$31,$B$12:$B$31,AG39)/$AL$6,"記載する期間を選択してください")) -> 記載する期間を選択してください | AL43: =IF($AK$3="４週",SUMIFS($AK$12:$AK$31,$B$12:$B$31,AL39)/4/$AH$6,IF($AK$3="歴月",SUMIFS($AK$12:$AK$31,$B$12:$B$31,AL39)/$AL$6,"記載する期間を選択してください")) -> 記載する期間を選択してください
C44: 2 | E44: 3 | I44: 4 | O44: 5 | U44: 6 | AA44: 7 | AG44: 8 | AL44: 9
A45: ・最初に「年月欄」「サービス種別」「事業所名」を入力してください。 | R45: 6 | X45: 7 | AD45: 8 | AJ45: 9
A46: (1) 「４週」・「暦月」のいずれかを選択してください。
A47: (2) 「予定」・「実績」のいずれかを選択してください。
A48: (2) -2 定員数を入力してください。
A49: (3) 事業所における常勤の従業者が勤務すべき時間数を入力してください。
A50: (4) 従業者の職種を入力してください。
A51: 記入の順序は、職種ごとにまとめてください。
A52: (5) 従業者の勤務形態について、下記のうち該当する区分の記号を入力してください。
B53: 記号 | C53: 区分
B54: A | C54: 常勤で専従
B55: B | C55: 常勤で兼務
B56: C | C56: 非常勤で専従
B57: D | C57: 非常勤で兼務
B58: （注）常勤・非常勤の区分について
B59: 当該事業所における勤務時間が、当該事業所において定められている常勤の従業者が勤務すべき時間数に達していることをいいます。雇用の形態は考慮しません。
B60: （例えば、常勤者は週に40時間勤務することとされた事業所であれば、非正規雇用であっても、週40時間勤務する従業者は常勤扱いとなります。）
A61: (6) 従業者の保有する資格を入力してください。
A62: 保有資格を全て記入するのではなく、人員基準・加配加算上、求められる資格等を入力してください。
A63: ※選択した資格及び研修に関して、必要に応じて、資格証又は研修修了証等の写しを添付資料として提出してください。
A64: (7) 従業者の氏名を記入してください。
A65: (8) 申請する事業に係る従業者（管理者を含む。）の1ヶ月分の勤務時間を入力してください。常勤の職員が休暇を取得する場合は、「休」と入力してください。
A66: ※ 指定基準の確認に際しては、４週分の入力で差し支えありません。
A67: (9) 従業者ごとに、合計勤務時間数を入力してください。
A68: ※ 入力することができる時間数は、当該事業所において常勤の従業者が勤務すべき勤務時間数を上限とします。
A69: (10) 従業者ごとに、週平均の勤務時間数を入力してください。
A70: (11) 申請する事業所以外の事業所・施設との兼務がある場合は、兼務先の事業所・施設の名称、兼務する職務の内容について記入してください。
A71: 同一事業所内の兼務についても兼務する職務の内容を記入してください。
A72: その他、特記事項欄としてもご活用ください。
A73: （12) 必要項目を満たしていれば、各事業所で使用するシフト表等をもって代替書類として差し支えありません。

Sheet 勤務形態（児発・主として重心児）
A1: 従業者の勤務の体制及び勤務形態一覧表 | AI1: サービス種別 | AK1: 児童発達支援・主として重症心身障害児を対象とする場合
M2: 2024 | Q2: 年 | U2: 月 | AI2: 事業所名
AI3: (1)記載する期間
AI4: (2)予定/実績の別
AI5: (2)-2 定員
AG6: (3)事業所における常勤の従業者が勤務すべき時間数 | AK6: 時間/週 | AM6: 時間/月
A8: No. | B8: (4)職種 | C8: (5)勤務形態 | D8: (6)資格 | E8: (7)氏名 | F8: (8) | AK8: (9)勤務時間数合計 | AL8: (10)週平均の勤務時間数 | AM8: (11)兼務状況 （兼務先／兼務する職務の内容）等
F9: 第１週 | M9: 第２週 | T9: 第３週 | AA9: 第４週 | AH9: 第５週
F10: =DATE($M$2,$S$2,1) -> 45261 | G10: =DATE($M$2,$S$2,2) -> 45262 | H10: =DATE($M$2,$S$2,3) -> 45263 | I10: =DATE($M$2,$S$2,4) -> 45264 | J10: =DATE($M$2,$S$2,5) -> 45265 | K10: =DATE($M$2,$S$2,6) -> 45266 | L10: =DATE($M$2,$S$2,7) -> 45267 | M10: =DATE($M$2,$S$2,8) -> 45268 | N10: =DATE($M$2,$S$2,9) -> 45269 | O10: =DATE($M$2,$S$2,10) -> 45270 | P10: =DATE($M$2,$S$2,11) -> 45271 | Q10: =DATE($M$2,$S$2,12) -> 45272 | R10: =DATE($M$2,$S$2,13) -> 45273 | S10: =DATE($M$2,$S$2,14) -> 45274 | T10: =DATE($M$2,$S$2,15) -> 45275 | U10: =DATE($M$2,$S$2,16) -> 45276 | V10: =DATE($M$2,$S$2,17) -> 45277 | W10: =DATE($M$2,$S$2,18) -> 45278 | X10: =DATE($M$2,$S$2,19) -> 45279 | Y10: =DATE($M$2,$S$2,20) -> 45280 | Z10: =DATE($M$2,$S$2,21) -> 45281 | AA10: =DATE($M$2,$S$2,22) -> 45282 | AB10: =DATE($M$2,$S$2,23) -> 45283 | AC10: =DATE($M$2,$S$2,24) -> 45284 | AD10: =DATE($M$2,$S$2,25) -> 45285 | AE10: =DATE($M$2,$S$2,26) -> 45286 | AF10: =DATE($M$2,$S$2,27) -> 45287 | AG10: =DATE($M$2,$S$2,28) -> 45288 | AH10: =IF(DAY(EOMONTH(F10,0))<29,"",DATE($M$2,$S$2,29)) -> 45289 | AI10: =IF(DAY(EOMONTH(F10,0))<30,"",DATE($M$2,$S$2,30)) -> 45290 | AJ10: =IF(DAY(EOMONTH(F10,0))<31,"",DATE($M$2,$S$2,31)) -> 45291
F11: =DATE($M$2,$S$2,1) -> 45261 | G11: =DATE($M$2,$S$2,2) -> 45262 | H11: =DATE($M$2,$S$2,3) -> 45263 | I11: =DATE($M$2,$S$2,4) -> 45264 | J11: =DATE($M$2,$S$2,5) -> 45265 | K11: =DATE($M$2,$S$2,6) -> 45266 | L11: =DATE($M$2,$S$2,7) -> 45267 | M11: =DATE($M$2,$S$2,8) -> 45268 | N11: =DATE($M$2,$S$2,9) -> 45269 | O11: =DATE($M$2,$S$2,10) -> 45270 | P11: =DATE($M$2,$S$2,11) -> 45271 | Q11: =DATE($M$2,$S$2,12) -> 45272 | R11: =DATE($M$2,$S$2,13) -> 45273 | S11: =DATE($M$2,$S$2,14) -> 45274 | T11: =DATE($M$2,$S$2,15) -> 45275 | U11: =DATE($M$2,$S$2,16) -> 45276 | V11: =DATE($M$2,$S$2,17) -> 45277 | W11: =DATE($M$2,$S$2,18) -> 45278 | X11: =DATE($M$2,$S$2,19) -> 45279 | Y11: =DATE($M$2,$S$2,20) -> 45280 | Z11: =DATE($M$2,$S$2,21) -> 45281 | AA11: =DATE($M$2,$S$2,22) -> 45282 | AB11: =DATE($M$2,$S$2,23) -> 45283 | AC11: =DATE($M$2,$S$2,24) -> 45284 | AD11: =DATE($M$2,$S$2,25) -> 45285 | AE11: =DATE($M$2,$S$2,26) -> 45286 | AF11: =DATE($M$2,$S$2,27) -> 45287 | AG11: =DATE($M$2,$S$2,28) -> 45288 | AH11: =IF(DAY(EOMONTH(F11,0))<29,"",DATE($M$2,$S$2,29)) -> 45289 | AI11: =IF(DAY(EOMONTH(F11,0))<30,"",DATE($M$2,$S$2,30)) -> 45290 | AJ11: =IF(DAY(EOMONTH(F11,0))<31,"",DATE($M$2,$S$2,31)) -> 45291
A12: 1 | C12: A | E12: A | AK12: =+SUM(F12:AJ12) -> 0 | AL12: =IF($AK$3="４週",AK12/4,AK12/(DAY(EOMONTH($F$10,0))/7)) -> 0
A13: 2 | C13: B | E13: B | AK13: =+SUM(F13:AJ13) -> 0 | AL13: =IF($AK$3="４週",AK13/4,AK13/(DAY(EOMONTH($F$10,0))/7)) -> 0
A14: 3 | C14: C | E14: C | AK14: =+SUM(F14:AJ14) -> 0 | AL14: =IF($AK$3="４週",AK14/4,AK14/(DAY(EOMONTH($F$10,0))/7)) -> 0
A15: 4 | C15: D | E15: D | AK15: =+SUM(F15:AJ15) -> 0 | AL15: =IF($AK$3="４週",AK15/4,AK15/(DAY(EOMONTH($F$10,0))/7)) -> 0
A16: 5 | AK16: =+SUM(F16:AJ16) -> 0 | AL16: =IF($AK$3="４週",AK16/4,AK16/(DAY(EOMONTH($F$10,0))/7)) -> 0
A17: 6 | AK17: =+SUM(F17:AJ17) -> 0 | AL17: =IF($AK$3="４週",AK17/4,AK17/(DAY(EOMONTH($F$10,0))/7)) -> 0
A18: 7 | AK18: =+SUM(F18:AJ18) -> 0 | AL18: =IF($AK$3="４週",AK18/4,AK18/(DAY(EOMONTH($F$10,0))/7)) -> 0
A19: 8 | AK19: =+SUM(F19:AJ19) -> 0 | AL19: =IF($AK$3="４週",AK19/4,AK19/(DAY(EOMONTH($F$10,0))/7)) -> 0
A20: 9 | AK20: =+SUM(F20:AJ20) -> 0 | AL20: =IF($AK$3="４週",AK20/4,AK20/(DAY(EOMONTH($F$10,0))/7)) -> 0
A21: 10 | AK21: =+SUM(F21:AJ21) -> 0 | AL21: =IF($AK$3="４週",AK21/4,AK21/(DAY(EOMONTH($F$10,0))/7)) -> 0
A22: 11 | AK22: =+SUM(F22:AJ22) -> 0 | AL22: =IF($AK$3="４週",AK22/4,AK22/(DAY(EOMONTH($F$10,0))/7)) -> 0
A23: 12 | AK23: =+SUM(F23:AJ23) -> 0 | AL23: =IF($AK$3="４週",AK23/4,AK23/(DAY(EOMONTH($F$10,0))/7)) -> 0
A24: 13 | AK24: =+SUM(F24:AJ24) -> 0 | AL24: =IF($AK$3="４週",AK24/4,AK24/(DAY(EOMONTH($F$10,0))/7)) -> 0
A25: 14 | AK25: =+SUM(F25:AJ25) -> 0 | AL25: =IF($AK$3="４週",AK25/4,AK25/(DAY(EOMONTH($F$10,0))/7)) -> 0
A26: 15 | AK26: =+SUM(F26:AJ26) -> 0 | AL26: =IF($AK$3="４週",AK26/4,AK26/(DAY(EOMONTH($F$10,0))/7)) -> 0
A27: 16 | AK27: =+SUM(F27:AJ27) -> 0 | AL27: =IF($AK$3="４週",AK27/4,AK27/(DAY(EOMONTH($F$10,0))/7)) -> 0
... A31: 20 | AK31: =+SUM(F31:AJ31) -> 0 | AL31: =IF($AK$3="４週",AK31/4,AK31/(DAY(EOMONTH($F$10,0))/7)) -> 0
A32: 合計 | F32: =+SUM(F12:F31) -> 0 | G32: =+SUM(G12:G31) -> 0 | H32: =+SUM(H12:H31) -> 0 | I32: =+SUM(I12:I31) -> 0 | J32: =+SUM(J12:J31) -> 0 | K32: =+SUM(K12:K31) -> 0 | L32: =+SUM(L12:L31) -> 0 | M32: =+SUM(M12:M31) -> 0 | ... AJ32: =+SUM(AJ12:AJ31) -> 0 | AK32: =+SUM(F32:AJ32) -> 0 | AL32: =IF($AK$3="４週",AK32/4,AK32/(DAY(EOMONTH($F$10,0))/7)) -> 0
A33: サービス提供時間
A36: ＜実人数集計＞
C37: =IF(VLOOKUP($AK$1,'選択肢 '!$A$1:$J$31,C42,FALSE)=0,"-",VLOOKUP($AK$1,'選択肢 '!$A$1:$J$31,C42,FALSE)) -> 管理者 | E37: =IF(VLOOKUP($AK$1,'選択肢 '!$A$1:$J$31,E42,FALSE)=0,"-",VLOOKUP($AK$1,'選択肢 '!$A$1:$J$31,E42,FALSE)) -> 児童発達支援管理責任者 | I37: =IF(VLOOKUP($AK$1,'選択肢 '!$A$1:$J$31,I42,FALSE)=0,"-",VLOOKUP($AK$1,'選択肢 '!$A$1:$J$31,I42,FALSE)) -> 嘱託医 | O37: =IF(VLOOKUP($AK$1,'選択肢 '!$A$1:$J$31,O42,FALSE)=0,"-",VLOOKUP($AK$1,'選択肢 '!$A$1:$J$31,O42,FALSE)) -> 看護職員 | U37: =IF(VLOOKUP($AK$1,'選択肢 '!$A$1:$J$31,U42,FALSE)=0,"-",VLOOKUP($AK$1,'選択肢 '!$A$1:$J$31,U42,FALSE)) -> 児童指導員 | AA37: =IF(VLOOKUP($AK$1,'選択肢 '!$A$1:$J$31,AA42,FALSE)=0,"-",VLOOKUP($AK$1,'選択肢 '!$A$1:$J$31,AA42,FALSE)) -> 保育士 | AG37: =IF(VLOOKUP($AK$1,'選択肢 '!$A$1:$J$31,AG42,FALSE)=0,"-",VLOOKUP($AK$1,'選択肢 '!$A$1:$J$31,AG42,FALSE)) -> 機能訓練担当職員 | AL37: =IF(VLOOKUP($AK$1,'選択肢 '!$A$1:$J$31,AL42,FALSE)=0,"-",VLOOKUP($AK$1,'選択肢 '!$A$1:$J$31,AL42,FALSE)) -> その他職員
C38: 専従 | D38: 兼務 | E38: 専従 | F38: 兼務 | I38: 専従 | L38: 兼務 | O38: 専従 | R38: 兼務 | U38: 専従 | X38: 兼務 | AA38: 専従 | AD38: 兼務 | AG38: 専従 | AJ38: 兼務 | AL38: 専従 | AM38: 兼務
B39: 常勤 | C39: =COUNTIFS($B$12:$B$31,C$37,$C$12:$C$31,"A",$E$12:$E$31,"*") -> 0 | D39: =COUNTIFS($B$12:$B$31,C$37,$C$12:$C$31,"B",$E$12:$E$31,"*") -> 0 | E39: =COUNTIFS($B$12:$B$31,E$37,$C$12:$C$31,"A",$E$12:$E$31,"*") -> 0 | F39: =COUNTIFS($B$12:$B$31,E$37,$C$12:$C$31,"B",$E$12:$E$31,"*") -> 0 | I39: =COUNTIFS($B$12:$B$31,I$37,$C$12:$C$31,"A",$E$12:$E$31,"*") -> 0 | L39: =COUNTIFS($B$12:$B$31,I$37,$C$12:$C$31,"B",$E$12:$E$31,"*") -> 0 | O39: =COUNTIFS($B$12:$B$31,O$37,$C$12:$C$31,"A",$E$12:$E$31,"*") -> 0 | R39: =COUNTIFS($B$12:$B$31,O$37,$C$12:$C$31,"B",$E$12:$E$31,"*") -> 0 | U39: =COUNTIFS($B$12:$B$31,U$37,$C$12:$C$31,"A",$E$12:$E$31,"*") -> 0 | X39: =COUNTIFS($B$12:$B$31,U$37,$C$12:$C$31,"B",$E$12:$E$31,"*") -> 0 | AA39: =COUNTIFS($B$12:$B$31,AA$37,$C$12:$C$31,"A",$E$12:$E$31,"*") -> 0 | AD39: =COUNTIFS($B$12:$B$31,AA$37,$C$12:$C$31,"B",$E$12:$E$31,"*") -> 0 | AG39: =COUNTIFS($B$12:$B$31,AG$37,$C$12:$C$31,"A",$E$12:$E$31,"*") -> 0 | AJ39: =COUNTIFS($B$12:$B$31,AG$37,$C$12:$C$31,"B",$E$12:$E$31,"*") -> 0 | AL39: =COUNTIFS($B$12:$B$31,AL$37,$C$12:$C$31,"A",$E$12:$E$31,"*") -> 0 | AM39: =COUNTIFS($B$12:$B$31,AL$37,$C$12:$C$31,"B",$E$12:$E$31,"*") -> 0
B40: 非常勤 | C40: =COUNTIFS($B$12:$B$31,C$37,$C$12:$C$31,"C",$E$12:$E$31,"*") -> 0 | D40: =COUNTIFS($B$12:$B$31,C$37,$C$12:$C$31,"D",$E$12:$E$31,"*") -> 0 | E40: =COUNTIFS($B$12:$B$31,E$37,$C$12:$C$31,"C",$E$12:$E$31,"*") -> 0 | F40: =COUNTIFS($B$12:$B$31,E$37,$C$12:$C$31,"D",$E$12:$E$31,"*") -> 0 | I40: =COUNTIFS($B$12:$B$31,I$37,$C$12:$C$31,"C",$E$12:$E$31,"*") -> 0 | L40: =COUNTIFS($B$12:$B$31,I$37,$C$12:$C$31,"D",$E$12:$E$31,"*") -> 0 | O40: =COUNTIFS($B$12:$B$31,O$37,$C$12:$C$31,"C",$E$12:$E$31,"*") -> 0 | R40: =COUNTIFS($B$12:$B$31,O$37,$C$12:$C$31,"D",$E$12:$E$31,"*") -> 0 | U40: =COUNTIFS($B$12:$B$31,U$37,$C$12:$C$31,"C",$E$12:$E$31,"*") -> 0 | X40: =COUNTIFS($B$12:$B$31,U$37,$C$12:$C$31,"D",$E$12:$E$31,"*") -> 0 | AA40: =COUNTIFS($B$12:$B$31,AA$37,$C$12:$C$31,"C",$E$12:$E$31,"*") -> 0 | AD40: =COUNTIFS($B$12:$B$31,AA$37,$C$12:$C$31,"D",$E$12:$E$31,"*") -> 0 | AG40: =COUNTIFS($B$12:$B$31,AG$37,$C$12:$C$31,"C",$E$12:$E$31,"*") -> 0 | AJ40: =COUNTIFS($B$12:$B$31,AG$37,$C$12:$C$31,"D",$E$12:$E$31,"*") -> 0 | AL40: =COUNTIFS($B$12:$B$31,AL$37,$C$12:$C$31,"C",$E$12:$E$31,"*") -> 0 | AM40: =COUNTIFS($B$12:$B$31,AL$37,$C$12:$C$31,"D",$E$12:$E$31,"*") -> 0
B41: 常勤換算数 | C41: =IF($AK$3="４週",SUMIFS($AK$12:$AK$31,$B$12:$B$31,C37)/4/$AH$6,IF($AK$3="歴月",SUMIFS($AK$12:$AK$31,$B$12:$B$31,C37)/$AL$6,"記載する期間を選択してください")) -> 記載する期間を選択してください | E41: =IF($AK$3="４週",SUMIFS($AK$12:$AK$31,$B$12:$B$31,E37)/4/$AH$6,IF($AK$3="歴月",SUMIFS($AK$12:$AK$31,$B$12:$B$31,E37)/$AL$6,"記載する期間を選択してください")) -> 記載する期間を選択してください | I41: =IF($AK$3="４週",SUMIFS($AK$12:$AK$31,$B$12:$B$31,I37)/4/$AH$6,IF($AK$3="歴月",SUMIFS($AK$12:$AK$31,$B$12:$B$31,I37)/$AL$6,"記載する期間を選択してください")) -> 記載する期間を選択してください | O41: =IF($AK$3="４週",SUMIFS($AK$12:$AK$31,$B$12:$B$31,O37)/4/$AH$6,IF($AK$3="歴月",SUMIFS($AK$12:$AK$31,$B$12:$B$31,O37)/$AL$6,"記載する期間を選択してください")) -> 記載する期間を選択してください | U41: =IF($AK$3="４週",SUMIFS($AK$12:$AK$31,$B$12:$B$31,U37)/4/$AH$6,IF($AK$3="歴月",SUMIFS($AK$12:$AK$31,$B$12:$B$31,U37)/$AL$6,"記載する期間を選択してください")) -> 記載する期間を選択してください | AA41: =IF($AK$3="４週",SUMIFS($AK$12:$AK$31,$B$12:$B$31,AA37)/4/$AH$6,IF($AK$3="歴月",SUMIFS($AK$12:$AK$31,$B$12:$B$31,AA37)/$AL$6,"記載する期間を選択してください")) -> 記載する期間を選択してください | AG41: =IF($AK$3="４週",SUMIFS($AK$12:$AK$31,$B$12:$B$31,AG37)/4/$AH$6,IF($AK$3="歴月",SUMIFS($AK$12:$AK$31,$B$12:$B$31,AG37)/$AL$6,"記載する期間を選択してください")) -> 記載する期間を選択してください | AL41: =IF($AK$3="４週",SUMIFS($AK$12:$AK$31,$B$12:$B$31,AL37)/4/$AH$6,IF($AK$3="歴月",SUMIFS($AK$12:$AK$31,$B$12:$B$31,AL37)/$AL$6,"記載する期間を選択してください")) -> 記載する期間を選択してください
C42: 2 | E42: 3 | I42: 4 | O42: 5 | U42: 6 | AA42: 7 | AG42: 8 | AL42: 9
A43: ・最初に「年月欄」「サービス種別」「事業所名」を入力してください。 | R43: 6 | X43: 7 | AD43: 8 | AJ43: 9
A44: (1) 「４週」・「暦月」のいずれかを選択してください。
A45: (2) 「予定」・「実績」のいずれかを選択してください。
A46: (2) -2 定員数を入力してください。
A47: (3) 事業所における常勤の従業者が勤務すべき時間数を入力してください。
A48: (4) 従業者の職種を入力してください。
A49: 記入の順序は、職種ごとにまとめてください。
A50: (5) 従業者の勤務形態について、下記のうち該当する区分の記号を入力してください。
B51: 記号 | C51: 区分
B52: A | C52: 常勤で専従
B53: B | C53: 常勤で兼務
B54: C | C54: 非常勤で専従
B55: D | C55: 非常勤で兼務
B56: （注）常勤・非常勤の区分について
B57: 当該事業所における勤務時間が、当該事業所において定められている常勤の従業者が勤務すべき時間数に達していることをいいます。雇用の形態は考慮しません。
B58: （例えば、常勤者は週に40時間勤務することとされた事業所であれば、非正規雇用であっても、週40時間勤務する従業者は常勤扱いとなります。）
A59: (6) 従業者の保有する資格を入力してください。
A60: 保有資格を全て記入するのではなく、人員基準・加配加算上、求められる資格等を入力してください。
A61: ※選択した資格及び研修に関して、必要に応じて、資格証又は研修修了証等の写しを添付資料として提出してください。
A62: (7) 従業者の氏名を記入してください。
A63: (8) 申請する事業に係る従業者（管理者を含む。）の1ヶ月分の勤務時間を入力してください。常勤の職員が休暇を取得する場合は、「休」と入力してください。
A64: ※ 指定基準の確認に際しては、４週分の入力で差し支えありません。
A65: (9) 従業者ごとに、合計勤務時間数を入力してください。
A66: ※ 入力することができる時間数は、当該事業所において常勤の従業者が勤務すべき勤務時間数を上限とします。
A67: (10) 従業者ごとに、週平均の勤務時間数を入力してください。
A68: (11) 申請する事業所以外の事業所・施設との兼務がある場合は、兼務先の事業所・施設の名称、兼務する職務の内容について記入してください。
A69: 同一事業所内の兼務についても兼務する職務の内容を記入してください。
A70: その他、特記事項欄としてもご活用ください。
A71: （12) 必要項目を満たしていれば、各事業所で使用するシフト表等をもって代替書類として差し支えありません。

Sheet 勤務形態（放デイ・主として重心児）
A1: 従業者の勤務の体制及び勤務形態一覧表 | AI1: サービス種別 | AK1: 放課後等デイサービス・主として重症心身障害児を対象とする場合
M2: 2024 | Q2: 年 | U2: 月 | AI2: 事業所名
AI3: (1)記載する期間
AI4: (2)予定/実績の別
AI5: (2)-2 定員
AG6: (3)事業所における常勤の従業者が勤務すべき時間数 | AK6: 時間/週 | AM6: 時間/月
A8: No. | B8: (4)職種 | C8: (5)勤務形態 | D8: (6)資格 | E8: (7)氏名 | F8: (8) | AK8: (9)勤務時間数合計 | AL8: (10)週平均の勤務時間数 | AM8: (11)兼務状況 （兼務先／兼務する職務の内容）等
F9: 第１週 | M9: 第２週 | T9: 第３週 | AA9: 第４週 | AH9: 第５週
F10: =DATE($M$2,$S$2,1) -> 45261 | G10: =DATE($M$2,$S$2,2) -> 45262 | H10: =DATE($M$2,$S$2,3) -> 45263 | I10: =DATE($M$2,$S$2,4) -> 45264 | J10: =DATE($M$2,$S$2,5) -> 45265 | K10: =DATE($M$2,$S$2,6) -> 45266 | L10: =DATE($M$2,$S$2,7) -> 45267 | M10: =DATE($M$2,$S$2,8) -> 45268 | N10: =DATE($M$2,$S$2,9) -> 45269 | O10: =DATE($M$2,$S$2,10) -> 45270 | P10: =DATE($M$2,$S$2,11) -> 45271 | Q10: =DATE($M$2,$S$2,12) -> 45272 | R10: =DATE($M$2,$S$2,13) -> 45273 | S10: =DATE($M$2,$S$2,14) -> 45274 | T10: =DATE($M$2,$S$2,15) -> 45275 | U10: =DATE($M$2,$S$2,16) -> 45276 | V10: =DATE($M$2,$S$2,17) -> 45277 | W10: =DATE($M$2,$S$2,18) -> 45278 | X10: =DATE($M$2,$S$2,19) -> 45279 | Y10: =DATE($M$2,$S$2,20) -> 45280 | Z10: =DATE($M$2,$S$2,21) -> 45281 | AA10: =DATE($M$2,$S$2,22) -> 45282 | AB10: =DATE($M$2,$S$2,23) -> 45283 | AC10: =DATE($M$2,$S$2,24) -> 45284 | AD10: =DATE($M$2,$S$2,25) -> 45285 | AE10: =DATE($M$2,$S$2,26) -> 45286 | AF10: =DATE($M$2,$S$2,27) -> 45287 | AG10: =DATE($M$2,$S$2,28) -> 45288 | AH10: =IF(DAY(EOMONTH(F10,0))<29,"",DATE($M$2,$S$2,29)) -> 45289 | AI10: =IF(DAY(EOMONTH(F10,0))<30,"",DATE($M$2,$S$2,30)) -> 45290 | AJ10: =IF(DAY(EOMONTH(F10,0))<31,"",DATE($M$2,$S$2,31)) -> 45291
F11: =DATE($M$2,$S$2,1) -> 45261 | G11: =DATE($M$2,$S$2,2) -> 45262 | H11: =DATE($M$2,$S$2,3) -> 45263 | I11: =DATE($M$2,$S$2,4) -> 45264 | J11: =DATE($M$2,$S$2,5) -> 45265 | K11: =DATE($M$2,$S$2,6) -> 45266 | L11: =DATE($M$2,$S$2,7) -> 45267 | M11: =DATE($M$2,$S$2,8) -> 45268 | N11: =DATE($M$2,$S$2,9) -> 45269 | O11: =DATE($M$2,$S$2,10) -> 45270 | P11: =DATE($M$2,$S$2,11) -> 45271 | Q11: =DATE($M$2,$S$2,12) -> 45272 | R11: =DATE($M$2,$S$2,13) -> 45273 | S11: =DATE($M$2,$S$2,14) -> 45274 | T11: =DATE($M$2,$S$2,15) -> 45275 | U11: =DATE($M$2,$S$2,16) -> 45276 | V11: =DATE($M$2,$S$2,17) -> 45277 | W11: =DATE($M$2,$S$2,18) -> 45278 | X11: =DATE($M$2,$S$2,19) -> 45279 | Y11: =DATE($M$2,$S$2,20) -> 45280 | Z11: =DATE($M$2,$S$2,21) -> 45281 | AA11: =DATE($M$2,$S$2,22) -> 45282 | AB11: =DATE($M$2,$S$2,23) -> 45283 | AC11: =DATE($M$2,$S$2,24) -> 45284 | AD11: =DATE($M$2,$S$2,25) -> 45285 | AE11: =DATE($M$2,$S$2,26) -> 45286 | AF11: =DATE($M$2,$S$2,27) -> 45287 | AG11: =DATE($M$2,$S$2,28) -> 45288 | AH11: =IF(DAY(EOMONTH(F11,0))<29,"",DATE($M$2,$S$2,29)) -> 45289 | AI11: =IF(DAY(EOMONTH(F11,0))<30,"",DATE($M$2,$S$2,30)) -> 45290 | AJ11: =IF(DAY(EOMONTH(F11,0))<31,"",DATE($M$2,$S$2,31)) -> 45291
A12: 1 | C12: A | E12: A | AK12: =+SUM(F12:AJ12) -> 0 | AL12: =IF($AK$3="４週",AK12/4,AK12/(DAY(EOMONTH($F$10,0))/7)) -> 0
A13: 2 | C13: B | E13: B | AK13: =+SUM(F13:AJ13) -> 0 | AL13: =IF($AK$3="４週",AK13/4,AK13/(DAY(EOMONTH($F$10,0))/7)) -> 0
A14: 3 | C14: C | E14: C | AK14: =+SUM(F14:AJ14) -> 0 | AL14: =IF($AK$3="４週",AK14/4,AK14/(DAY(EOMONTH($F$10,0))/7)) -> 0
A15: 4 | C15: D | E15: D | AK15: =+SUM(F15:AJ15) -> 0 | AL15: =IF($AK$3="４週",AK15/4,AK15/(DAY(EOMONTH($F$10,0))/7)) -> 0
A16: 5 | AK16: =+SUM(F16:AJ16) -> 0 | AL16: =IF($AK$3="４週",AK16/4,AK16/(DAY(EOMONTH($F$10,0))/7)) -> 0
A17: 6 | AK17: =+SUM(F17:AJ17) -> 0 | AL17: =IF($AK$3="４週",AK17/4,AK17/(DAY(EOMONTH($F$10,0))/7)) -> 0
A18: 7 | AK18: =+SUM(F18:AJ18) -> 0 | AL18: =IF($AK$3="４週",AK18/4,AK18/(DAY(EOMONTH($F$10,0))/7)) -> 0
A19: 8 | AK19: =+SUM(F19:AJ19) -> 0 | AL19: =IF($AK$3="４週",AK19/4,AK19/(DAY(EOMONTH($F$10,0))/7)) -> 0
A20: 9 | AK20: =+SUM(F20:AJ20) -> 0 | AL20: =IF($AK$3="４週",AK20/4,AK20/(DAY(EOMONTH($F$10,0))/7)) -> 0
A21: 10 | AK21: =+SUM(F21:AJ21) -> 0 | AL21: =IF($AK$3="４週",AK21/4,AK21/(DAY(EOMONTH($F$10,0))/7)) -> 0
A22: 11 | AK22: =+SUM(F22:AJ22) -> 0 | AL22: =IF($AK$3="４週",AK22/4,AK22/(DAY(EOMONTH($F$10,0))/7)) -> 0
A23: 12 | AK23: =+SUM(F23:AJ23) -> 0 | AL23: =IF($AK$3="４週",AK23/4,AK23/(DAY(EOMONTH($F$10,0))/7)) -> 0
A24: 13 | AK24: =+SUM(F24:AJ24) -> 0 | AL24: =IF($AK$3="４週",AK24/4,AK24/(DAY(EOMONTH($F$10,0))/7)) -> 0
A25: 14 | AK25: =+SUM(F25:AJ25) -> 0 | AL25: =IF($AK$3="４週",AK25/4,AK25/(DAY(EOMONTH($F$10,0))/7)) -> 0
A26: 15 | AK26: =+SUM(F26:AJ26) -> 0 | AL26: =IF($AK$3="４週",AK26/4,AK26/(DAY(EOMONTH($F$10,0))/7)) -> 0
A27: 16 | AK27: =+SUM(F27:AJ27) -> 0 | AL27: =IF($AK$3="４週",AK27/4,AK27/(DAY(EOMONTH($F$10,0))/7)) -> 0
... A31: 20 | AK31: =+SUM(F31:AJ31) -> 0 | AL31: =IF($AK$3="４週",AK31/4,AK31/(DAY(EOMONTH($F$10,0))/7)) -> 0
A32: 合計 | F32: =+SUM(F12:F31) -> 0 | G32: =+SUM(G12:G31) -> 0 | H32: =+SUM(H12:H31) -> 0 | I32: =+SUM(I12:I31) -> 0 | J32: =+SUM(J12:J31) -> 0 | K32: =+SUM(K12:K31) -> 0 | L32: =+SUM(L12:L31) -> 0 | M32: =+SUM(M12:M31) -> 0 | ... AJ32: =+SUM(AJ12:AJ31) -> 0 | AK32: =+SUM(F32:AJ32) -> 0 | AL32: =IF($AK$3="４週",AK32/4,AK32/(DAY(EOMONTH($F$10,0))/7)) -> 0
A33: サービス提供時間
A36: ＜実人数集計＞
C37: =IF(VLOOKUP($AK$1,'選択肢 '!$A$1:$K$33,C42,FALSE)=0,"-",VLOOKUP($AK$1,'選択肢 '!$A$1:$K$33,C42,FALSE)) -> 管理者 | E37: =IF(VLOOKUP($AK$1,'選択肢 '!$A$1:$K$33,E42,FALSE)=0,"-",VLOOKUP($AK$1,'選択肢 '!$A$1:$K$33,E42,FALSE)) -> 児童発達支援管理責任者 | I37: =IF(VLOOKUP($AK$1,'選択肢 '!$A$1:$K$33,I42,FALSE)=0,"-",VLOOKUP($AK$1,'選択肢 '!$A$1:$K$33,I42,FALSE)) -> 嘱託医 | O37: =IF(VLOOKUP($AK$1,'選択肢 '!$A$1:$K$33,O42,FALSE)=0,"-",VLOOKUP($AK$1,'選択肢 '!$A$1:$K$33,O42,FALSE)) -> 看護職員 | U37: =IF(VLOOKUP($AK$1,'選択肢 '!$A$1:$K$33,U42,FALSE)=0,"-",VLOOKUP($AK$1,'選択肢 '!$A$1:$K$33,U42,FALSE)) -> 児童指導員 | AA37: =IF(VLOOKUP($AK$1,'選択肢 '!$A$1:$K$33,AA42,FALSE)=0,"-",VLOOKUP($AK$1,'選択肢 '!$A$1:$K$33,AA42,FALSE)) -> 保育士 | AG37: =IF(VLOOKUP($AK$1,'選択肢 '!$A$1:$K$33,AG42,FALSE)=0,"-",VLOOKUP($AK$1,'選択肢 '!$A$1:$K$33,AG42,FALSE)) -> 機能訓練担当職員 | AL37: =IF(VLOOKUP($AK$1,'選択肢 '!$A$1:$K$33,AL42,FALSE)=0,"-",VLOOKUP($AK$1,'選択肢 '!$A$1:$K$33,AL42,FALSE)) -> その他職員
C38: 専従 | D38: 兼務 | E38: 専従 | F38: 兼務 | I38: 専従 | L38: 兼務 | O38: 専従 | R38: 兼務 | U38: 専従 | X38: 兼務 | AA38: 専従 | AD38: 兼務 | AG38: 専従 | AJ38: 兼務 | AL38: 専従 | AM38: 兼務
B39: 常勤 | C39: =COUNTIFS($B$12:$B$31,C$37,$C$12:$C$31,"A",$E$12:$E$31,"*") -> 0 | D39: =COUNTIFS($B$12:$B$31,C$37,$C$12:$C$31,"B",$E$12:$E$31,"*") -> 0 | E39: =COUNTIFS($B$12:$B$31,E$37,$C$12:$C$31,"A",$E$12:$E$31,"*") -> 0 | F39: =COUNTIFS($B$12:$B$31,E$37,$C$12:$C$31,"B",$E$12:$E$31,"*") -> 0 | I39: =COUNTIFS($B$12:$B$31,I$37,$C$12:$C$31,"A",$E$12:$E$31,"*") -> 0 | L39: =COUNTIFS($B$12:$B$31,I$37,$C$12:$C$31,"B",$E$12:$E$31,"*") -> 0 | O39: =COUNTIFS($B$12:$B$31,O$37,$C$12:$C$31,"A",$E$12:$E$31,"*") -> 0 | R39: =COUNTIFS($B$12:$B$31,O$37,$C$12:$C$31,"B",$E$12:$E$31,"*") -> 0 | U39: =COUNTIFS($B$12:$B$31,U$37,$C$12:$C$31,"A",$E$12:$E$31,"*") -> 0 | X39: =COUNTIFS($B$12:$B$31,U$37,$C$12:$C$31,"B",$E$12:$E$31,"*") -> 0 | AA39: =COUNTIFS($B$12:$B$31,AA$37,$C$12:$C$31,"A",$E$12:$E$31,"*") -> 0 | AD39: =COUNTIFS($B$12:$B$31,AA$37,$C$12:$C$31,"B",$E$12:$E$31,"*") -> 0 | AG39: =COUNTIFS($B$12:$B$31,AG$37,$C$12:$C$31,"A",$E$12:$E$31,"*") -> 0 | AJ39: =COUNTIFS($B$12:$B$31,AG$37,$C$12:$C$31,"B",$E$12:$E$31,"*") -> 0 | AL39: =COUNTIFS($B$12:$B$31,AL$37,$C$12:$C$31,"A",$E$12:$E$31,"*") -> 0 | AM39: =COUNTIFS($B$12:$B$31,AL$37,$C$12:$C$31,"B",$E$12:$E$31,"*") -> 0
B40: 非常勤 | C40: =COUNTIFS($B$12:$B$31,C$37,$C$12:$C$31,"C",$E$12:$E$31,"*") -> 0 | D40: =COUNTIFS($B$12:$B$31,C$37,$C$12:$C$31,"D",$E$12:$E$31,"*") -> 0 | E40: =COUNTIFS($B$12:$B$31,E$37,$C$12:$C$31,"C",$E$12:$E$31,"*") -> 0 | F40: =COUNTIFS($B$12:$B$31,E$37,$C$12:$C$31,"D",$E$12:$E$31,"*") -> 0 | I40: =COUNTIFS($B$12:$B$31,I$37,$C$12:$C$31,"C",$E$12:$E$31,"*") -> 0 | L40: =COUNTIFS($B$12:$B$31,I$37,$C$12:$C$31,"D",$E$12:$E$31,"*") -> 0 | O40: =COUNTIFS($B$12:$B$31,O$37,$C$12:$C$31,"C",$E$12:$E$31,"*") -> 0 | R40: =COUNTIFS($B$12:$B$31,O$37,$C$12:$C$31,"D",$E$12:$E$31,"*") -> 0 | U40: =COUNTIFS($B$12:$B$31,U$37,$C$12:$C$31,"C",$E$12:$E$31,"*") -> 0 | X40: =COUNTIFS($B$12:$B$31,U$37,$C$12:$C$31,"D",$E$12:$E$31,"*") -> 0 | AA40: =COUNTIFS($B$12:$B$31,AA$37,$C$12:$C$31,"C",$E$12:$E$31,"*") -> 0 | AD40: =COUNTIFS($B$12:$B$31,AA$37,$C$12:$C$31,"D",$E$12:$E$31,"*") -> 0 | AG40: =COUNTIFS($B$12:$B$31,AG$37,$C$12:$C$31,"C",$E$12:$E$31,"*") -> 0 | AJ40: =COUNTIFS($B$12:$B$31,AG$37,$C$12:$C$31,"D",$E$12:$E$31,"*") -> 0 | AL40: =COUNTIFS($B$12:$B$31,AL$37,$C$12:$C$31,"C",$E$12:$E$31,"*") -> 0 | AM40: =COUNTIFS($B$12:$B$31,AL$37,$C$12:$C$31,"D",$E$12:$E$31,"*") -> 0
B41: 常勤換算数 | C41: =IF($AK$3="４週",SUMIFS($AK$12:$AK$31,$B$12:$B$31,C37)/4/$AH$6,IF($AK$3="歴月",SUMIFS($AK$12:$AK$31,$B$12:$B$31,C37)/$AL$6,"記載する期間を選択してください")) -> 記載する期間を選択してください | E41: =IF($AK$3="４週",SUMIFS($AK$12:$AK$31,$B$12:$B$31,E37)/4/$AH$6,IF($AK$3="歴月",SUMIFS($AK$12:$AK$31,$B$12:$B$31,E37)/$AL$6,"記載する期間を選択してください")) -> 記載する期間を選択してください | I41: =IF($AK$3="４週",SUMIFS($AK$12:$AK$31,$B$12:$B$31,I37)/4/$AH$6,IF($AK$3="歴月",SUMIFS($AK$12:$AK$31,$B$12:$B$31,I37)/$AL$6,"記載する期間を選択してください")) -> 記載する期間を選択してください | O41: =IF($AK$3="４週",SUMIFS($AK$12:$AK$31,$B$12:$B$31,O37)/4/$AH$6,IF($AK$3="歴月",SUMIFS($AK$12:$AK$31,$B$12:$B$31,O37)/$AL$6,"記載する期間を選択してください")) -> 記載する期間を選択してください | U41: =IF($AK$3="４週",SUMIFS($AK$12:$AK$31,$B$12:$B$31,U37)/4/$AH$6,IF($AK$3="歴月",SUMIFS($AK$12:$AK$31,$B$12:$B$31,U37)/$AL$6,"記載する期間を選択してください")) -> 記載する期間を選択してください | AA41: =IF($AK$3="４週",SUMIFS($AK$12:$AK$31,$B$12:$B$31,AA37)/4/$AH$6,IF($AK$3="歴月",SUMIFS($AK$12:$AK$31,$B$12:$B$31,AA37)/$AL$6,"記載する期間を選択してください")) -> 記載する期間を選択してください | AG41: =IF($AK$3="４週",SUMIFS($AK$12:$AK$31,$B$12:$B$31,AG37)/4/$AH$6,IF($AK$3="歴月",SUMIFS($AK$12:$AK$31,$B$12:$B$31,AG37)/$AL$6,"記載する期間を選択してください")) -> 記載する期間を選択してください | AL41: =IF($AK$3="４週",SUMIFS($AK$12:$AK$31,$B$12:$B$31,AL37)/4/$AH$6,IF($AK$3="歴月",SUMIFS($AK$12:$AK$31,$B$12:$B$31,AL37)/$AL$6,"記載する期間を選択してください")) -> 記載する期間を選択してください
C42: 2 | E42: 3 | I42: 4 | O42: 5 | U42: 6 | AA42: 7 | AG42: 8 | AL42: 9
A43: ・最初に「年月欄」「サービス種別」「事業所名」を入力してください。 | R43: 6 | X43: 7 | AD43: 8 | AJ43: 9
A44: (1) 「４週」・「暦月」のいずれかを選択してください。
A45: (2) 「予定」・「実績」のいずれかを選択してください。
A46: (2) -2 定員数を入力してください。
A47: (3) 事業所における常勤の従業者が勤務すべき時間数を入力してください。
A48: (4) 従業者の職種を入力してください。
A49: 記入の順序は、職種ごとにまとめてください。
A50: (5) 従業者の勤務形態について、下記のうち該当する区分の記号を入力してください。
B51: 記号 | C51: 区分
B52: A | C52: 常勤で専従
B53: B | C53: 常勤で兼務
B54: C | C54: 非常勤で専従
B55: D | C55: 非常勤で兼務
B56: （注）常勤・非常勤の区分について
B57: 当該事業所における勤務時間が、当該事業所において定められている常勤の従業者が勤務すべき時間数に達していることをいいます。雇用の形態は考慮しません。
B58: （例えば、常勤者は週に40時間勤務することとされた事業所であれば、非正規雇用であっても、週40時間勤務する従業者は常勤扱いとなります。）
A59: (6) 従業者の保有する資格を入力してください。
A60: 保有資格を全て記入するのではなく、人員基準・加配加算上、求められる資格等を入力してください。
A61: ※選択した資格及び研修に関して、必要に応じて、資格証又は研修修了証等の写しを添付資料として提出してください。
A62: (7) 従業者の氏名を記入してください。
A63: (8) 申請する事業に係る従業者（管理者を含む。）の1ヶ月分の勤務時間を入力してください。常勤の職員が休暇を取得する場合は、「休」と入力してください。
A64: ※ 指定基準の確認に際しては、４週分の入力で差し支えありません。
A65: (9) 従業者ごとに、合計勤務時間数を入力してください。
A66: ※ 入力することができる時間数は、当該事業所において常勤の従業者が勤務すべき勤務時間数を上限とします。
A67: (10) 従業者ごとに、週平均の勤務時間数を入力してください。
A68: (11) 申請する事業所以外の事業所・施設との兼務がある場合は、兼務先の事業所・施設の名称、兼務する職務の内容について記入してください。
A69: 同一事業所内の兼務についても兼務する職務の内容を記入してください。
A70: その他、特記事項欄としてもご活用ください。
A71: （12) 必要項目を満たしていれば、各事業所で使用するシフト表等をもって代替書類として差し支えありません。

Sheet 勤務形態（児発センター）
A1: 従業者の勤務の体制及び勤務形態一覧表 | AI1: サービス種別 | AK1: 児童発達支援・児童発達支援センターであるもの
M2: 2024 | Q2: 年 | U2: 月 | AI2: 事業所名
AI3: (1)記載する期間
AI4: (2)予定/実績の別
AI5: (2)-2 定員
AG6: (3)事業所における常勤の従業者が勤務すべき時間数 | AK6: 時間/週 | AM6: 時間/月
A8: No. | B8: (4)職種 | C8: (5)勤務形態 | D8: (6)資格 | E8: (7)氏名 | F8: (8) | AK8: (9)勤務時間数合計 | AL8: (10)週平均の勤務時間数 | AM8: (11)兼務状況 （兼務先／兼務する職務の内容）等
F9: 第１週 | M9: 第２週 | T9: 第３週 | AA9: 第４週 | AH9: 第５週
F10: =DATE($M$2,$S$2,1) -> 45261 | G10: =DATE($M$2,$S$2,2) -> 45262 | H10: =DATE($M$2,$S$2,3) -> 45263 | I10: =DATE($M$2,$S$2,4) -> 45264 | J10: =DATE($M$2,$S$2,5) -> 45265 | K10: =DATE($M$2,$S$2,6) -> 45266 | L10: =DATE($M$2,$S$2,7) -> 45267 | M10: =DATE($M$2,$S$2,8) -> 45268 | N10: =DATE($M$2,$S$2,9) -> 45269 | O10: =DATE($M$2,$S$2,10) -> 45270 | P10: =DATE($M$2,$S$2,11) -> 45271 | Q10: =DATE($M$2,$S$2,12) -> 45272 | R10: =DATE($M$2,$S$2,13) -> 45273 | S10: =DATE($M$2,$S$2,14) -> 45274 | T10: =DATE($M$2,$S$2,15) -> 45275 | U10: =DATE($M$2,$S$2,16) -> 45276 | V10: =DATE($M$2,$S$2,17) -> 45277 | W10: =DATE($M$2,$S$2,18) -> 45278 | X10: =DATE($M$2,$S$2,19) -> 45279 | Y10: =DATE($M$2,$S$2,20) -> 45280 | Z10: =DATE($M$2,$S$2,21) -> 45281 | AA10: =DATE($M$2,$S$2,22) -> 45282 | AB10: =DATE($M$2,$S$2,23) -> 45283 | AC10: =DATE($M$2,$S$2,24) -> 45284 | AD10: =DATE($M$2,$S$2,25) -> 45285 | AE10: =DATE($M$2,$S$2,26) -> 45286 | AF10: =DATE($M$2,$S$2,27) -> 45287 | AG10: =DATE($M$2,$S$2,28) -> 45288 | AH10: =IF(DAY(EOMONTH(F10,0))<29,"",DATE($M$2,$S$2,29)) -> 45289 | AI10: =IF(DAY(EOMONTH(F10,0))<30,"",DATE($M$2,$S$2,30)) -> 45290 | AJ10: =IF(DAY(EOMONTH(F10,0))<31,"",DATE($M$2,$S$2,31)) -> 45291
F11: =DATE($M$2,$S$2,1) -> 45261 | G11: =DATE($M$2,$S$2,2) -> 45262 | H11: =DATE($M$2,$S$2,3) -> 45263 | I11: =DATE($M$2,$S$2,4) -> 45264 | J11: =DATE($M$2,$S$2,5) -> 45265 | K11: =DATE($M$2,$S$2,6) -> 45266 | L11: =DATE($M$2,$S$2,7) -> 45267 | M11: =DATE($M$2,$S$2,8) -> 45268 | N11: =DATE($M$2,$S$2,9) -> 45269 | O11: =DATE($M$2,$S$2,10) -> 45270 | P11: =DATE($M$2,$S$2,11) -> 45271 | Q11: =DATE($M$2,$S$2,12) -> 45272 | R11: =DATE($M$2,$S$2,13) -> 45273 | S11: =DATE($M$2,$S$2,14) -> 45274 | T11: =DATE($M$2,$S$2,15) -> 45275 | U11: =DATE($M$2,$S$2,16) -> 45276 | V11: =DATE($M$2,$S$2,17) -> 45277 | W11: =DATE($M$2,$S$2,18) -> 45278 | X11: =DATE($M$2,$S$2,19) -> 45279 | Y11: =DATE($M$2,$S$2,20) -> 45280 | Z11: =DATE($M$2,$S$2,21) -> 45281 | AA11: =DATE($M$2,$S$2,22) -> 45282 | AB11: =DATE($M$2,$S$2,23) -> 45283 | AC11: =DATE($M$2,$S$2,24) -> 45284 | AD11: =DATE($M$2,$S$2,25) -> 45285 | AE11: =DATE($M$2,$S$2,26) -> 45286 | AF11: =DATE($M$2,$S$2,27) -> 45287 | AG11: =DATE($M$2,$S$2,28) -> 45288 | AH11: =IF(DAY(EOMONTH(F11,0))<29,"",DATE($M$2,$S$2,29)) -> 45289 | AI11: =IF(DAY(EOMONTH(F11,0))<30,"",DATE($M$2,$S$2,30)) -> 45290 | AJ11: =IF(DAY(EOMONTH(F11,0))<31,"",DATE($M$2,$S$2,31)) -> 45291
A12: 1 | C12: A | E12: A | AK12: =+SUM(F12:AJ12) -> 0 | AL12: =IF($AK$3="４週",AK12/4,AK12/(DAY(EOMONTH($F$10,0))/7)) -> 0
A13: 2 | C13: B | E13: B | AK13: =+SUM(F13:AJ13) -> 0 | AL13: =IF($AK$3="４週",AK13/4,AK13/(DAY(EOMONTH($F$10,0))/7)) -> 0
A14: 3 | C14: C | E14: C | AK14: =+SUM(F14:AJ14) -> 0 | AL14: =IF($AK$3="４週",AK14/4,AK14/(DAY(EOMONTH($F$10,0))/7)) -> 0
A15: 4 | C15: D | E15: D | AK15: =+SUM(F15:AJ15) -> 0 | AL15: =IF($AK$3="４週",AK15/4,AK15/(DAY(EOMONTH($F$10,0))/7)) -> 0
A16: 5 | AK16: =+SUM(F16:AJ16) -> 0 | AL16: =IF($AK$3="４週",AK16/4,AK16/(DAY(EOMONTH($F$10,0))/7)) -> 0
A17: 6 | AK17: =+SUM(F17:AJ17) -> 0 | AL17: =IF($AK$3="４週",AK17/4,AK17/(DAY(EOMONTH($F$10,0))/7)) -> 0
A18: 7 | AK18: =+SUM(F18:AJ18) -> 0 | AL18: =IF($AK$3="４週",AK18/4,AK18/(DAY(EOMONTH($F$10,0))/7)) -> 0
A19: 8 | AK19: =+SUM(F19:AJ19) -> 0 | AL19: =IF($AK$3="４週",AK19/4,AK19/(DAY(EOMONTH($F$10,0))/7)) -> 0
A20: 9 | AK20: =+SUM(F20:AJ20) -> 0 | AL20: =IF($AK$3="４週",AK20/4,AK20/(DAY(EOMONTH($F$10,0))/7)) -> 0
A21: 10 | AK21: =+SUM(F21:AJ21) -> 0 | AL21: =IF($AK$3="４週",AK21/4,AK21/(DAY(EOMONTH($F$10,0))/7)) -> 0
A22: 11 | AK22: =+SUM(F22:AJ22) -> 0 | AL22: =IF($AK$3="４週",AK22/4,AK22/(DAY(EOMONTH($F$10,0))/7)) -> 0
A23: 12 | AK23: =+SUM(F23:AJ23) -> 0 | AL23: =IF($AK$3="４週",AK23/4,AK23/(DAY(EOMONTH($F$10,0))/7)) -> 0
A24: 13 | AK24: =+SUM(F24:AJ24) -> 0 | AL24: =IF($AK$3="４週",AK24/4,AK24/(DAY(EOMONTH($F$10,0))/7)) -> 0
A25: 14 | AK25: =+SUM(F25:AJ25) -> 0 | AL25: =IF($AK$3="４週",AK25/4,AK25/(DAY(EOMONTH($F$10,0))/7)) -> 0
A26: 15 | AK26: =+SUM(F26:AJ26) -> 0 | AL26: =IF($AK$3="４週",AK26/4,AK26/(DAY(EOMONTH($F$10,0))/7)) -> 0
A27: 16 | AK27: =+SUM(F27:AJ27) -> 0 | AL27: =IF($AK$3="４週",AK27/4,AK27/(DAY(EOMONTH($F$10,0))/7)) -> 0
... A31: 20 | AK31: =+SUM(F31:AJ31) -> 0 | AL31: =IF($AK$3="４週",AK31/4,AK31/(DAY(EOMONTH($F$10,0))/7)) -> 0
A32: 合計 | F32: =+SUM(F12:F31) -> 0 | G32: =+SUM(G12:G31) -> 0 | H32: =+SUM(H12:H31) -> 0 | I32: =+SUM(I12:I31) -> 0 | J32: =+SUM(J12:J31) -> 0 | K32: =+SUM(K12:K31) -> 0 | L32: =+SUM(L12:L31) -> 0 | M32: =+SUM(M12:M31) -> 0 | ... AJ32: =+SUM(AJ12:AJ31) -> 0 | AK32: =+SUM(F32:AJ32) -> 0 | AL32: =IF($AK$3="４週",AK32/4,AK32/(DAY(EOMONTH($F$10,0))/7)) -> 0
A33: サービス提供時間
A37: ＜実人数集計＞
C38: =IF(VLOOKUP($AK$1,'選択肢 '!$A$1:$J$31,C43,FALSE)=0,"-",VLOOKUP($AK$1,'選択肢 '!$A$1:$J$31,C43,FALSE)) -> 管理者 | E38: =IF(VLOOKUP($AK$1,'選択肢 '!$A$1:$J$31,E43,FALSE)=0,"-",VLOOKUP($AK$1,'選択肢 '!$A$1:$J$31,E43,FALSE)) -> 児童発達支援管理責任者 | I38: =IF(VLOOKUP($AK$1,'選択肢 '!$A$1:$J$31,I43,FALSE)=0,"-",VLOOKUP($AK$1,'選択肢 '!$A$1:$J$31,I43,FALSE)) -> 嘱託医 | O38: =IF(VLOOKUP($AK$1,'選択肢 '!$A$1:$J$31,O43,FALSE)=0,"-",VLOOKUP($AK$1,'選択肢 '!$A$1:$J$31,O43,FALSE)) -> 児童指導員 | U38: =IF(VLOOKUP($AK$1,'選択肢 '!$A$1:$J$31,U43,FALSE)=0,"-",VLOOKUP($AK$1,'選択肢 '!$A$1:$J$31,U43,FALSE)) -> 保育士 | AA38: =IF(VLOOKUP($AK$1,'選択肢 '!$A$1:$J$31,AA43,FALSE)=0,"-",VLOOKUP($AK$1,'選択肢 '!$A$1:$J$31,AA43,FALSE)) -> 栄養士 | AG38: =IF(VLOOKUP($AK$1,'選択肢 '!$A$1:$J$31,AG43,FALSE)=0,"-",VLOOKUP($AK$1,'選択肢 '!$A$1:$J$31,AG43,FALSE)) -> 調理員 | AL38: =IF(VLOOKUP($AK$1,'選択肢 '!$A$1:$J$31,AL43,FALSE)=0,"-",VLOOKUP($AK$1,'選択肢 '!$A$1:$J$31,AL43,FALSE)) -> 機能訓練担当職員
C39: 専従 | D39: 兼務 | E39: 専従 | F39: 兼務 | I39: 専従 | L39: 兼務 | O39: 専従 | R39: 兼務 | U39: 専従 | X39: 兼務 | AA39: 専従 | AD39: 兼務 | AG39: 専従 | AJ39: 兼務 | AL39: 専従 | AM39: 兼務
B40: 常勤 | C40: =COUNTIFS($B$12:$B$31,C$38,$C$12:$C$31,"A",$E$12:$E$31,"*") -> 0 | D40: =COUNTIFS($B$12:$B$31,C$38,$C$12:$C$31,"B",$E$12:$E$31,"*") -> 0 | E40: =COUNTIFS($B$12:$B$31,E$38,$C$12:$C$31,"A",$E$12:$E$31,"*") -> 0 | F40: =COUNTIFS($B$12:$B$31,E$38,$C$12:$C$31,"B",$E$12:$E$31,"*") -> 0 | I40: =COUNTIFS($B$12:$B$31,I$38,$C$12:$C$31,"A",$E$12:$E$31,"*") -> 0 | L40: =COUNTIFS($B$12:$B$31,I$38,$C$12:$C$31,"B",$E$12:$E$31,"*") -> 0 | O40: =COUNTIFS($B$12:$B$31,O$38,$C$12:$C$31,"A",$E$12:$E$31,"*") -> 0 | R40: =COUNTIFS($B$12:$B$31,O$38,$C$12:$C$31,"B",$E$12:$E$31,"*") -> 0 | U40: =COUNTIFS($B$12:$B$31,U$38,$C$12:$C$31,"A",$E$12:$E$31,"*") -> 0 | X40: =COUNTIFS($B$12:$B$31,U$38,$C$12:$C$31,"B",$E$12:$E$31,"*") -> 0 | AA40: =COUNTIFS($B$12:$B$31,AA$38,$C$12:$C$31,"A",$E$12:$E$31,"*") -> 0 | AD40: =COUNTIFS($B$12:$B$31,AA$38,$C$12:$C$31,"B",$E$12:$E$31,"*") -> 0 | AG40: =COUNTIFS($B$12:$B$31,AG$38,$C$12:$C$31,"A",$E$12:$E$31,"*") -> 0 | AJ40: =COUNTIFS($B$12:$B$31,AG$38,$C$12:$C$31,"B",$E$12:$E$31,"*") -> 0 | AL40: =COUNTIFS($B$12:$B$31,AL$38,$C$12:$C$31,"A",$E$12:$E$31,"*") -> 0 | AM40: =COUNTIFS($B$12:$B$31,AL$38,$C$12:$C$31,"B",$E$12:$E$31,"*") -> 0
B41: 非常勤 | C41: =COUNTIFS($B$12:$B$31,C$38,$C$12:$C$31,"C",$E$12:$E$31,"*") -> 0 | D41: =COUNTIFS($B$12:$B$31,C$38,$C$12:$C$31,"D",$E$12:$E$31,"*") -> 0 | E41: =COUNTIFS($B$12:$B$31,E$38,$C$12:$C$31,"C",$E$12:$E$31,"*") -> 0 | F41: =COUNTIFS($B$12:$B$31,E$38,$C$12:$C$31,"D",$E$12:$E$31,"*") -> 0 | I41: =COUNTIFS($B$12:$B$31,I$38,$C$12:$C$31,"C",$E$12:$E$31,"*") -> 0 | L41: =COUNTIFS($B$12:$B$31,I$38,$C$12:$C$31,"D",$E$12:$E$31,"*") -> 0 | O41: =COUNTIFS($B$12:$B$31,O$38,$C$12:$C$31,"C",$E$12:$E$31,"*") -> 0 | R41: =COUNTIFS($B$12:$B$31,O$38,$C$12:$C$31,"D",$E$12:$E$31,"*") -> 0 | U41: =COUNTIFS($B$12:$B$31,U$38,$C$12:$C$31,"C",$E$12:$E$31,"*") -> 0 | X41: =COUNTIFS($B$12:$B$31,U$38,$C$12:$C$31,"D",$E$12:$E$31,"*") -> 0 | AA41: =COUNTIFS($B$12:$B$31,AA$38,$C$12:$C$31,"C",$E$12:$E$31,"*") -> 0 | AD41: =COUNTIFS($B$12:$B$31,AA$38,$C$12:$C$31,"D",$E$12:$E$31,"*") -> 0 | AG41: =COUNTIFS($B$12:$B$31,AG$38,$C$12:$C$31,"C",$E$12:$E$31,"*") -> 0 | AJ41: =COUNTIFS($B$12:$B$31,AG$38,$C$12:$C$31,"D",$E$12:$E$31,"*") -> 0 | AL41: =COUNTIFS($B$12:$B$31,AL$38,$C$12:$C$31,"C",$E$12:$E$31,"*") -> 0 | AM41: =COUNTIFS($B$12:$B$31,AL$38,$C$12:$C$31,"D",$E$12:$E$31,"*") -> 0
B42: 常勤換算数 | C42: =IF($AK$3="４週",SUMIFS($AK$12:$AK$31,$B$12:$B$31,C38)/4/$AH$6,IF($AK$3="歴月",SUMIFS($AK$12:$AK$31,$B$12:$B$31,C38)/$AL$6,"記載する期間を選択してください")) -> 記載する期間を選択してください | E42: =IF($AK$3="４週",SUMIFS($AK$12:$AK$31,$B$12:$B$31,E38)/4/$AH$6,IF($AK$3="歴月",SUMIFS($AK$12:$AK$31,$B$12:$B$31,E38)/$AL$6,"記載する期間を選択してください")) -> 記載する期間を選択してください | I42: =IF($AK$3="４週",SUMIFS($AK$12:$AK$31,$B$12:$B$31,I38)/4/$AH$6,IF($AK$3="歴月",SUMIFS($AK$12:$AK$31,$B$12:$B$31,I38)/$AL$6,"記載する期間を選択してください")) -> 記載する期間を選択してください | O42: =IF($AK$3="４週",SUMIFS($AK$12:$AK$31,$B$12:$B$31,O38)/4/$AH$6,IF($AK$3="歴月",SUMIFS($AK$12:$AK$31,$B$12:$B$31,O38)/$AL$6,"記載する期間を選択してください")) -> 記載する期間を選択してください | U42: =IF($AK$3="４週",SUMIFS($AK$12:$AK$31,$B$12:$B$31,U38)/4/$AH$6,IF($AK$3="歴月",SUMIFS($AK$12:$AK$31,$B$12:$B$31,U38)/$AL$6,"記載する期間を選択してください")) -> 記載する期間を選択してください | AA42: =IF($AK$3="４週",SUMIFS($AK$12:$AK$31,$B$12:$B$31,AA38)/4/$AH$6,IF($AK$3="歴月",SUMIFS($AK$12:$AK$31,$B$12:$B$31,AA38)/$AL$6,"記載する期間を選択してください")) -> 記載する期間を選択してください | AG42: =IF($AK$3="４週",SUMIFS($AK$12:$AK$31,$B$12:$B$31,AG38)/4/$AH$6,IF($AK$3="歴月",SUMIFS($AK$12:$AK$31,$B$12:$B$31,AG38)/$AL$6,"記載する期間を選択してください")) -> 記載する期間を選択してください | AL42: =IF($AK$3="４週",SUMIFS($AK$12:$AK$31,$B$12:$B$31,AL38)/4/$AH$6,IF($AK$3="歴月",SUMIFS($AK$12:$AK$31,$B$12:$B$31,AL38)/$AL$6,"記載する期間を選択してください")) -> 記載する期間を選択してください
C43: 2 | E43: 3 | I43: 4 | O43: 5 | U43: 6 | AA43: 7 | AG43: 8 | AL43: 9
A44: ・最初に「年月欄」「サービス種別」「事業所名」を入力してください。 | R44: 6 | X44: 7 | AD44: 8 | AJ44: 9
A45: (1) 「４週」・「暦月」のいずれかを選択してください。
A46: (2) 「予定」・「実績」のいずれかを選択してください。
A47: (2) -2 定員数を入力してください。
A48: (3) 事業所における常勤の従業者が勤務すべき時間数を入力してください。
A49: (4) 従業者の職種を入力してください。
A50: 記入の順序は、職種ごとにまとめてください。
A51: (5) 従業者の勤務形態について、下記のうち該当する区分の記号を入力してください。
B52: 記号 | C52: 区分
B53: A | C53: 常勤で専従
B54: B | C54: 常勤で兼務
B55: C | C55: 非常勤で専従
B56: D | C56: 非常勤で兼務
B57: （注）常勤・非常勤の区分について
B58: 当該事業所における勤務時間が、当該事業所において定められている常勤の従業者が勤務すべき時間数に達していることをいいます。雇用の形態は考慮しません。
B59: （例えば、常勤者は週に40時間勤務することとされた事業所であれば、非正規雇用であっても、週40時間勤務する従業者は常勤扱いとなります。）
A60: (6) 従業者の保有する資格を入力してください。
A61: 保有資格を全て記入するのではなく、人員基準・加配加算上、求められる資格等を入力してください。
A62: ※選択した資格及び研修に関して、必要に応じて、資格証又は研修修了証等の写しを添付資料として提出してください。
A63: (7) 従業者の氏名を記入してください。
A64: (8) 申請する事業に係る従業者（管理者を含む。）の1ヶ月分の勤務時間を入力してください。常勤の職員が休暇を取得する場合は、「休」と入力してください。
A65: ※ 指定基準の確認に際しては、４週分の入力で差し支えありません。
A66: (9) 従業者ごとに、合計勤務時間数を入力してください。
A67: ※ 入力することができる時間数は、当該事業所において常勤の従業者が勤務すべき勤務時間数を上限とします。
A68: (10) 従業者ごとに、週平均の勤務時間数を入力してください。
A69: (11) 申請する事業所以外の事業所・施設との兼務がある場合は、兼務先の事業所・施設の名称、兼務する職務の内容について記入してください。
A70: 同一事業所内の兼務についても兼務する職務の内容を記入してください。
A71: その他、特記事項欄としてもご活用ください。
A72: （12) 必要項目を満たしていれば、各事業所で使用するシフト表等をもって代替書類として差し支えありません。

Sheet 勤務形態（居宅型児発）
A1: 従業者の勤務の体制及び勤務形態一覧表 | AI1: サービス種別 | AK1: 居宅訪問型児童発達支援
M2: 2024 | Q2: 年 | U2: 月 | AI2: 事業所名
AI3: (1)記載する期間
AI4: (2)予定/実績の別
AG5: (3)事業所における常勤の従業者が勤務すべき時間数 | AK5: 時間/週 | AM5: 時間/月
A7: No. | B7: (4)職種 | C7: (5)勤務形態 | D7: (6)資格 | E7: (7)氏名 | F7: (8) | AK7: (9)勤務時間数合計 | AL7: (10)週平均の勤務時間数 | AM7: (11)兼務状況 （兼務先／兼務する職務の内容）等
F8: 第１週 | M8: 第２週 | T8: 第３週 | AA8: 第４週 | AH8: 第５週
F9: =DATE($M$2,$S$2,1) -> 45261 | G9: =DATE($M$2,$S$2,2) -> 45262 | H9: =DATE($M$2,$S$2,3) -> 45263 | I9: =DATE($M$2,$S$2,4) -> 45264 | J9: =DATE($M$2,$S$2,5) -> 45265 | K9: =DATE($M$2,$S$2,6) -> 45266 | L9: =DATE($M$2,$S$2,7) -> 45267 | M9: =DATE($M$2,$S$2,8) -> 45268 | N9: =DATE($M$2,$S$2,9) -> 45269 | O9: =DATE($M$2,$S$2,10) -> 45270 | P9: =DATE($M$2,$S$2,11) -> 45271 | Q9: =DATE($M$2,$S$2,12) -> 45272 | R9: =DATE($M$2,$S$2,13) -> 45273 | S9: =DATE($M$2,$S$2,14) -> 45274 | T9: =DATE($M$2,$S$2,15) -> 45275 | U9: =DATE($M$2,$S$2,16) -> 45276 | V9: =DATE($M$2,$S$2,17) -> 45277 | W9: =DATE($M$2,$S$2,18) -> 45278 | X9: =DATE($M$2,$S$2,19) -> 45279 | Y9: =DATE($M$2,$S$2,20) -> 45280 | Z9: =DATE($M$2,$S$2,21) -> 45281 | AA9: =DATE($M$2,$S$2,22) -> 45282 | AB9: =DATE($M$2,$S$2,23) -> 45283 | AC9: =DATE($M$2,$S$2,24) -> 45284 | AD9: =DATE($M$2,$S$2,25) -> 45285 | AE9: =DATE($M$2,$S$2,26) -> 45286 | AF9: =DATE($M$2,$S$2,27) -> 45287 | AG9: =DATE($M$2,$S$2,28) -> 45288 | AH9: =IF(DAY(EOMONTH(F9,0))<29,"",DATE($M$2,$S$2,29)) -> 45289 | AI9: =IF(DAY(EOMONTH(F9,0))<30,"",DATE($M$2,$S$2,30)) -> 45290 | AJ9: =IF(DAY(EOMONTH(F9,0))<31,"",DATE($M$2,$S$2,31)) -> 45291
F10: =DATE($M$2,$S$2,1) -> 45261 | G10: =DATE($M$2,$S$2,2) -> 45262 | H10: =DATE($M$2,$S$2,3) -> 45263 | I10: =DATE($M$2,$S$2,4) -> 45264 | J10: =DATE($M$2,$S$2,5) -> 45265 | K10: =DATE($M$2,$S$2,6) -> 45266 | L10: =DATE($M$2,$S$2,7) -> 45267 | M10: =DATE($M$2,$S$2,8) -> 45268 | N10: =DATE($M$2,$S$2,9) -> 45269 | O10: =DATE($M$2,$S$2,10) -> 45270 | P10: =DATE($M$2,$S$2,11) -> 45271 | Q10: =DATE($M$2,$S$2,12) -> 45272 | R10: =DATE($M$2,$S$2,13) -> 45273 | S10: =DATE($M$2,$S$2,14) -> 45274 | T10: =DATE($M$2,$S$2,15) -> 45275 | U10: =DATE($M$2,$S$2,16) -> 45276 | V10: =DATE($M$2,$S$2,17) -> 45277 | W10: =DATE($M$2,$S$2,18) -> 45278 | X10: =DATE($M$2,$S$2,19) -> 45279 | Y10: =DATE($M$2,$S$2,20) -> 45280 | Z10: =DATE($M$2,$S$2,21) -> 45281 | AA10: =DATE($M$2,$S$2,22) -> 45282 | AB10: =DATE($M$2,$S$2,23) -> 45283 | AC10: =DATE($M$2,$S$2,24) -> 45284 | AD10: =DATE($M$2,$S$2,25) -> 45285 | AE10: =DATE($M$2,$S$2,26) -> 45286 | AF10: =DATE($M$2,$S$2,27) -> 45287 | AG10: =DATE($M$2,$S$2,28) -> 45288 | AH10: =IF(DAY(EOMONTH(F10,0))<29,"",DATE($M$2,$S$2,29)) -> 45289 | AI10: =IF(DAY(EOMONTH(F10,0))<30,"",DATE($M$2,$S$2,30)) -> 45290 | AJ10: =IF(DAY(EOMONTH(F10,0))<31,"",DATE($M$2,$S$2,31)) -> 45291
A11: 1 | C11: A | E11: A | AK11: =+SUM(F11:AJ11) -> 0 | AL11: =IF($AK$3="４週",AK11/4,AK11/(DAY(EOMONTH($F$9,0))/7)) -> 0
A12: 2 | C12: B | E12: B | AK12: =+SUM(F12:AJ12) -> 0 | AL12: =IF($AK$3="４週",AK12/4,AK12/(DAY(EOMONTH($F$9,0))/7)) -> 0
A13: 3 | C13: C | E13: C | AK13: =+SUM(F13:AJ13) -> 0 | AL13: =IF($AK$3="４週",AK13/4,AK13/(DAY(EOMONTH($F$9,0))/7)) -> 0
A14: 4 | C14: D | E14: D | AK14: =+SUM(F14:AJ14) -> 0 | AL14: =IF($AK$3="４週",AK14/4,AK14/(DAY(EOMONTH($F$9,0))/7)) -> 0
A15: 5 | AK15: =+SUM(F15:AJ15) -> 0 | AL15: =IF($AK$3="４週",AK15/4,AK15/(DAY(EOMONTH($F$9,0))/7)) -> 0
A16: 6 | AK16: =+SUM(F16:AJ16) -> 0 | AL16: =IF($AK$3="４週",AK16/4,AK16/(DAY(EOMONTH($F$9,0))/7)) -> 0
A17: 7 | AK17: =+SUM(F17:AJ17) -> 0 | AL17: =IF($AK$3="４週",AK17/4,AK17/(DAY(EOMONTH($F$9,0))/7)) -> 0
A18: 8 | AK18: =+SUM(F18:AJ18) -> 0 | AL18: =IF($AK$3="４週",AK18/4,AK18/(DAY(EOMONTH($F$9,0))/7)) -> 0
A19: 9 | AK19: =+SUM(F19:AJ19) -> 0 | AL19: =IF($AK$3="４週",AK19/4,AK19/(DAY(EOMONTH($F$9,0))/7)) -> 0
A20: 10 | AK20: =+SUM(F20:AJ20) -> 0 | AL20: =IF($AK$3="４週",AK20/4,AK20/(DAY(EOMONTH($F$9,0))/7)) -> 0
A21: 11 | AK21: =+SUM(F21:AJ21) -> 0 | AL21: =IF($AK$3="４週",AK21/4,AK21/(DAY(EOMONTH($F$9,0))/7)) -> 0
A22: 12 | AK22: =+SUM(F22:AJ22) -> 0 | AL22: =IF($AK$3="４週",AK22/4,AK22/(DAY(EOMONTH($F$9,0))/7)) -> 0
A23: 13 | AK23: =+SUM(F23:AJ23) -> 0 | AL23: =IF($AK$3="４週",AK23/4,AK23/(DAY(EOMONTH($F$9,0))/7)) -> 0
A24: 14 | AK24: =+SUM(F24:AJ24) -> 0 | AL24: =IF($AK$3="４週",AK24/4,AK24/(DAY(EOMONTH($F$9,0))/7)) -> 0
A25: 15 | AK25: =+SUM(F25:AJ25) -> 0 | AL25: =IF($AK$3="４週",AK25/4,AK25/(DAY(EOMONTH($F$9,0))/7)) -> 0
A26: 16 | AK26: =+SUM(F26:AJ26) -> 0 | AL26: =IF($AK$3="４週",AK26/4,AK26/(DAY(EOMONTH($F$9,0))/7)) -> 0
... A30: 20 | AK30: =+SUM(F30:AJ30) -> 0 | AL30: =IF($AK$3="４週",AK30/4,AK30/(DAY(EOMONTH($F$9,0))/7)) -> 0
A31: 合計 | F31: =+SUM(F11:F30) -> 0 | G31: =+SUM(G11:G30) -> 0 | H31: =+SUM(H11:H30) -> 0 | I31: =+SUM(I11:I30) -> 0 | J31: =+SUM(J11:J30) -> 0 | K31: =+SUM(K11:K30) -> 0 | L31: =+SUM(L11:L30) -> 0 | M31: =+SUM(M11:M30) -> 0 | ... AJ31: =+SUM(AJ11:AJ30) -> 0 | AK31: =+SUM(F31:AJ31) -> 0 | AL31: =IF($AK$3="４週",AK31/4,AK31/(DAY(EOMONTH($F$9,0))/7)) -> 0
A32: サービス提供時間
A36: ＜実人数集計＞
C37: =IF(VLOOKUP($AK$1,'選択肢 '!$A$1:$J$31,C42,FALSE)=0,"-",VLOOKUP($AK$1,'選択肢 '!$A$1:$J$31,C42,FALSE)) -> 管理者 | E37: =IF(VLOOKUP($AK$1,'選択肢 '!$A$1:$J$31,E42,FALSE)=0,"-",VLOOKUP($AK$1,'選択肢 '!$A$1:$J$31,E42,FALSE)) -> 児童発達支援管理責任者 | I37: =IF(VLOOKUP($AK$1,'選択肢 '!$A$1:$J$31,I42,FALSE)=0,"-",VLOOKUP($AK$1,'選択肢 '!$A$1:$J$31,I42,FALSE)) -> 訪問支援員 | O37: =IF(VLOOKUP($AK$1,'選択肢 '!$A$1:$J$31,O42,FALSE)=0,"-",VLOOKUP($AK$1,'選択肢 '!$A$1:$J$31,O42,FALSE)) -> - | U37: =IF(VLOOKUP($AK$1,'選択肢 '!$A$1:$J$31,U42,FALSE)=0,"-",VLOOKUP($AK$1,'選択肢 '!$A$1:$J$31,U42,FALSE)) -> - | AA37: =IF(VLOOKUP($AK$1,'選択肢 '!$A$1:$J$31,AA42,FALSE)=0,"-",VLOOKUP($AK$1,'選択肢 '!$A$1:$J$31,AA42,FALSE)) -> - | AG37: =IF(VLOOKUP($AK$1,'選択肢 '!$A$1:$J$31,AG42,FALSE)=0,"-",VLOOKUP($AK$1,'選択肢 '!$A$1:$J$31,AG42,FALSE)) -> - | AL37: =IF(VLOOKUP($AK$1,'選択肢 '!$A$1:$J$31,AL42,FALSE)=0,"-",VLOOKUP($AK$1,'選択肢 '!$A$1:$J$31,AL42,FALSE)) -> -
C38: 専従 | D38: 兼務 | E38: 専従 | F38: 兼務 | I38: 専従 | L38: 兼務 | O38: 専従 | R38: 兼務 | U38: 専従 | X38: 兼務 | AA38: 専従 | AD38: 兼務 | AG38: 専従 | AJ38: 兼務 | AL38: 専従 | AM38: 兼務
B39: 常勤 | C39: =COUNTIFS($B$11:$B$30,C$37,$C$11:$C$30,"A",$E$11:$E$30,"*") -> 0 | D39: =COUNTIFS($B$11:$B$30,C$37,$C$11:$C$30,"B",$E$11:$E$30,"*") -> 0 | E39: =COUNTIFS($B$11:$B$30,E$37,$C$11:$C$30,"A",$E$11:$E$30,"*") -> 0 | F39: =COUNTIFS($B$11:$B$30,E$37,$C$11:$C$30,"B",$E$11:$E$30,"*") -> 0 | I39: =COUNTIFS($B$11:$B$30,I$37,$C$11:$C$30,"A",$E$11:$E$30,"*") -> 0 | L39: =COUNTIFS($B$11:$B$30,I$37,$C$11:$C$30,"B",$E$11:$E$30,"*") -> 0 | O39: =COUNTIFS($B$11:$B$30,O$37,$C$11:$C$30,"A",$E$11:$E$30,"*") -> 0 | R39: =COUNTIFS($B$11:$B$30,O$37,$C$11:$C$30,"B",$E$11:$E$30,"*") -> 0 | U39: =COUNTIFS($B$11:$B$30,U$37,$C$11:$C$30,"A",$E$11:$E$30,"*") -> 0 | X39: =COUNTIFS($B$11:$B$30,U$37,$C$11:$C$30,"B",$E$11:$E$30,"*") -> 0 | AA39: =COUNTIFS($B$11:$B$30,AA$37,$C$11:$C$30,"A",$E$11:$E$30,"*") -> 0 | AD39: =COUNTIFS($B$11:$B$30,AA$37,$C$11:$C$30,"B",$E$11:$E$30,"*") -> 0 | AG39: =COUNTIFS($B$11:$B$30,AG$37,$C$11:$C$30,"A",$E$11:$E$30,"*") -> 0 | AJ39: =COUNTIFS($B$11:$B$30,AG$37,$C$11:$C$30,"B",$E$11:$E$30,"*") -> 0 | AL39: =COUNTIFS($B$11:$B$30,AL$37,$C$11:$C$30,"A",$E$11:$E$30,"*") -> 0 | AM39: =COUNTIFS($B$11:$B$30,AL$37,$C$11:$C$30,"B",$E$11:$E$30,"*") -> 0
B40: 非常勤 | C40: =COUNTIFS($B$11:$B$30,C$37,$C$11:$C$30,"C",$E$11:$E$30,"*") -> 0 | D40: =COUNTIFS($B$11:$B$30,C$37,$C$11:$C$30,"D",$E$11:$E$30,"*") -> 0 | E40: =COUNTIFS($B$11:$B$30,E$37,$C$11:$C$30,"C",$E$11:$E$30,"*") -> 0 | F40: =COUNTIFS($B$11:$B$30,E$37,$C$11:$C$30,"D",$E$11:$E$30,"*") -> 0 | I40: =COUNTIFS($B$11:$B$30,I$37,$C$11:$C$30,"C",$E$11:$E$30,"*") -> 0 | L40: =COUNTIFS($B$11:$B$30,I$37,$C$11:$C$30,"D",$E$11:$E$30,"*") -> 0 | O40: =COUNTIFS($B$11:$B$30,O$37,$C$11:$C$30,"C",$E$11:$E$30,"*") -> 0 | R40: =COUNTIFS($B$11:$B$30,O$37,$C$11:$C$30,"D",$E$11:$E$30,"*") -> 0 | U40: =COUNTIFS($B$11:$B$30,U$37,$C$11:$C$30,"C",$E$11:$E$30,"*") -> 0 | X40: =COUNTIFS($B$11:$B$30,U$37,$C$11:$C$30,"D",$E$11:$E$30,"*") -> 0 | AA40: =COUNTIFS($B$11:$B$30,AA$37,$C$11:$C$30,"C",$E$11:$E$30,"*") -> 0 | AD40: =COUNTIFS($B$11:$B$30,AA$37,$C$11:$C$30,"D",$E$11:$E$30,"*") -> 0 | AG40: =COUNTIFS($B$11:$B$30,AG$37,$C$11:$C$30,"C",$E$11:$E$30,"*") -> 0 | AJ40: =COUNTIFS($B$11:$B$30,AG$37,$C$11:$C$30,"D",$E$11:$E$30,"*") -> 0 | AL40: =COUNTIFS($B$11:$B$30,AL$37,$C$11:$C$30,"C",$E$11:$E$30,"*") -> 0 | AM40: =COUNTIFS($B$11:$B$30,AL$37,$C$11:$C$30,"D",$E$11:$E$30,"*") -> 0
B41: 常勤換算数 | C41: =IF($AK$3="４週",SUMIFS($AK$11:$AK$30,$B$11:$B$30,C37)/4/$AH$5,IF($AK$3="歴月",SUMIFS($AK$11:$AK$30,$B$11:$B$30,C37)/$AL$5,"記載する期間を選択してください")) -> 記載する期間を選択してください | E41: =IF($AK$3="４週",SUMIFS($AK$11:$AK$30,$B$11:$B$30,E37)/4/$AH$5,IF($AK$3="歴月",SUMIFS($AK$11:$AK$30,$B$11:$B$30,E37)/$AL$5,"記載する期間を選択してください")) -> 記載する期間を選択してください | I41: =IF($AK$3="４週",SUMIFS($AK$11:$AK$30,$B$11:$B$30,I37)/4/$AH$5,IF($AK$3="歴月",SUMIFS($AK$11:$AK$30,$B$11:$B$30,I37)/$AL$5,"記載する期間を選択してください")) -> 記載する期間を選択してください | O41: =IF($AK$3="４週",SUMIFS($AK$11:$AK$30,$B$11:$B$30,O37)/4/$AH$5,IF($AK$3="歴月",SUMIFS($AK$11:$AK$30,$B$11:$B$30,O37)/$AL$5,"記載する期間を選択してください")) -> 記載する期間を選択してください | U41: =IF($AK$3="４週",SUMIFS($AK$11:$AK$30,$B$11:$B$30,U37)/4/$AH$5,IF($AK$3="歴月",SUMIFS($AK$11:$AK$30,$B$11:$B$30,U37)/$AL$5,"記載する期間を選択してください")) -> 記載する期間を選択してください | AA41: =IF($AK$3="４週",SUMIFS($AK$11:$AK$30,$B$11:$B$30,AA37)/4/$AH$5,IF($AK$3="歴月",SUMIFS($AK$11:$AK$30,$B$11:$B$30,AA37)/$AL$5,"記載する期間を選択してください")) -> 記載する期間を選択してください | AG41: =IF($AK$3="４週",SUMIFS($AK$11:$AK$30,$B$11:$B$30,AG37)/4/$AH$5,IF($AK$3="歴月",SUMIFS($AK$11:$AK$30,$B$11:$B$30,AG37)/$AL$5,"記載する期間を選択してください")) -> 記載する期間を選択してください | AL41: =IF($AK$3="４週",SUMIFS($AK$11:$AK$30,$B$11:$B$30,AL37)/4/$AH$5,IF($AK$3="歴月",SUMIFS($AK$11:$AK$30,$B$11:$B$30,AL37)/$AL$5,"記載する期間を選択してください")) -> 記載する期間を選択してください
C42: 2 | E42: 3 | I42: 4 | O42: 5 | U42: 6 | AA42: 7 | AG42: 8 | AL42: 9
A43: ・最初に「年月欄」「サービス種別」「事業所名」を入力してください。 | R43: 6 | X43: 7 | AD43: 8 | AJ43: 9
A44: (1) 「４週」・「暦月」のいずれかを選択してください。
A45: (2) 「予定」・「実績」のいずれかを選択してください。
A46: (3) 事業所における常勤の従業者が勤務すべき時間数を入力してください。
A47: (4) 従業者の職種を入力してください。
A48: 記入の順序は、職種ごとにまとめてください。
A49: (5) 従業者の勤務形態について、下記のうち該当する区分の記号を入力してください。
B50: 記号 | C50: 区分
B51: A | C51: 常勤で専従
B52: B | C52: 常勤で兼務
B53: C | C53: 非常勤で専従
B54: D | C54: 非常勤で兼務
B55: （注）常勤・非常勤の区分について
B56: 当該事業所における勤務時間が、当該事業所において定められている常勤の従業者が勤務すべき時間数に達していることをいいます。雇用の形態は考慮しません。
B57: （例えば、常勤者は週に40時間勤務することとされた事業所であれば、非正規雇用であっても、週40時間勤務する従業者は常勤扱いとなります。）
A58: (6) 従業者の保有する資格を入力してください。
A59: 保有資格を全て記入するのではなく、人員基準上、求められる資格等を入力してください。
A60: ※選択した資格及び研修に関して、必要に応じて、資格証又は研修修了証等の写しを添付資料として提出してください。
A61: (7) 従業者の氏名を記入してください。
A62: (8) 申請する事業に係る従業者（管理者を含む。）の1ヶ月分の勤務時間を入力してください。常勤の職員が休暇を取得する場合は、「休」と入力してください。
A63: ※ 指定基準の確認に際しては、４週分の入力で差し支えありません。
A64: (9) 従業者ごとに、合計勤務時間数を入力してください。
A65: ※ 入力することができる時間数は、当該事業所において常勤の従業者が勤務すべき勤務時間数を上限とします。
A66: (10) 従業者ごとに、週平均の勤務時間数を入力してください。
A67: (11) 申請する事業所以外の事業所・施設との兼務がある場合は、兼務先の事業所・施設の名称、兼務する職務の内容について記入してください。
A68: 同一事業所内の兼務についても兼務する職務の内容を記入してください。
A69: その他、特記事項欄としてもご活用ください。
A70: （12) 必要項目を満たしていれば、各事業所で使用するシフト表等をもって代替書類として差し支えありません。

Sheet 勤務形態（保訪）
A1: 従業者の勤務の体制及び勤務形態一覧表 | AI1: サービス種別 | AK1: 保育所等訪問支援
M2: 2024 | Q2: 年 | U2: 月 | AI2: 事業所名
AI3: (1)記載する期間
AI4: (2)予定/実績の別
AG5: (3)事業所における常勤の従業者が勤務すべき時間数 | AK5: 時間/週 | AM5: 時間/月
A7: No. | B7: (4)職種 | C7: (5)勤務形態 | D7: (6)資格 | E7: (7)氏名 | F7: (8) | AK7: (9)勤務時間数合計 | AL7: (10)週平均の勤務時間数 | AM7: (11)兼務状況 （兼務先／兼務する職務の内容）等
F8: 第１週 | M8: 第２週 | T8: 第３週 | AA8: 第４週 | AH8: 第５週
F9: =DATE($M$2,$S$2,1) -> 45261 | G9: =DATE($M$2,$S$2,2) -> 45262 | H9: =DATE($M$2,$S$2,3) -> 45263 | I9: =DATE($M$2,$S$2,4) -> 45264 | J9: =DATE($M$2,$S$2,5) -> 45265 | K9: =DATE($M$2,$S$2,6) -> 45266 | L9: =DATE($M$2,$S$2,7) -> 45267 | M9: =DATE($M$2,$S$2,8) -> 45268 | N9: =DATE($M$2,$S$2,9) -> 45269 | O9: =DATE($M$2,$S$2,10) -> 45270 | P9: =DATE($M$2,$S$2,11) -> 45271 | Q9: =DATE($M$2,$S$2,12) -> 45272 | R9: =DATE($M$2,$S$2,13) -> 45273 | S9: =DATE($M$2,$S$2,14) -> 45274 | T9: =DATE($M$2,$S$2,15) -> 45275 | U9: =DATE($M$2,$S$2,16) -> 45276 | V9: =DATE($M$2,$S$2,17) -> 45277 | W9: =DATE($M$2,$S$2,18) -> 45278 | X9: =DATE($M$2,$S$2,19) -> 45279 | Y9: =DATE($M$2,$S$2,20) -> 45280 | Z9: =DATE($M$2,$S$2,21) -> 45281 | AA9: =DATE($M$2,$S$2,22) -> 45282 | AB9: =DATE($M$2,$S$2,23) -> 45283 | AC9: =DATE($M$2,$S$2,24) -> 45284 | AD9: =DATE($M$2,$S$2,25) -> 45285 | AE9: =DATE($M$2,$S$2,26) -> 45286 | AF9: =DATE($M$2,$S$2,27) -> 45287 | AG9: =DATE($M$2,$S$2,28) -> 45288 | AH9: =IF(DAY(EOMONTH(F9,0))<29,"",DATE($M$2,$S$2,29)) -> 45289 | AI9: =IF(DAY(EOMONTH(F9,0))<30,"",DATE($M$2,$S$2,30)) -> 45290 | AJ9: =IF(DAY(EOMONTH(F9,0))<31,"",DATE($M$2,$S$2,31)) -> 45291
F10: =DATE($M$2,$S$2,1) -> 45261 | G10: =DATE($M$2,$S$2,2) -> 45262 | H10: =DATE($M$2,$S$2,3) -> 45263 | I10: =DATE($M$2,$S$2,4) -> 45264 | J10: =DATE($M$2,$S$2,5) -> 45265 | K10: =DATE($M$2,$S$2,6) -> 45266 | L10: =DATE($M$2,$S$2,7) -> 45267 | M10: =DATE($M$2,$S$2,8) -> 45268 | N10: =DATE($M$2,$S$2,9) -> 45269 | O10: =DATE($M$2,$S$2,10) -> 45270 | P10: =DATE($M$2,$S$2,11) -> 45271 | Q10: =DATE($M$2,$S$2,12) -> 45272 | R10: =DATE($M$2,$S$2,13) -> 45273 | S10: =DATE($M$2,$S$2,14) -> 45274 | T10: =DATE($M$2,$S$2,15) -> 45275 | U10: =DATE($M$2,$S$2,16) -> 45276 | V10: =DATE($M$2,$S$2,17) -> 45277 | W10: =DATE($M$2,$S$2,18) -> 45278 | X10: =DATE($M$2,$S$2,19) -> 45279 | Y10: =DATE($M$2,$S$2,20) -> 45280 | Z10: =DATE($M$2,$S$2,21) -> 45281 | AA10: =DATE($M$2,$S$2,22) -> 45282 | AB10: =DATE($M$2,$S$2,23) -> 45283 | AC10: =DATE($M$2,$S$2,24) -> 45284 | AD10: =DATE($M$2,$S$2,25) -> 45285 | AE10: =DATE($M$2,$S$2,26) -> 45286 | AF10: =DATE($M$2,$S$2,27) -> 45287 | AG10: =DATE($M$2,$S$2,28) -> 45288 | AH10: =IF(DAY(EOMONTH(F10,0))<29,"",DATE($M$2,$S$2,29)) -> 45289 | AI10: =IF(DAY(EOMONTH(F10,0))<30,"",DATE($M$2,$S$2,30)) -> 45290 | AJ10: =IF(DAY(EOMONTH(F10,0))<31,"",DATE($M$2,$S$2,31)) -> 45291
A11: 1 | C11: A | E11: A | AK11: =+SUM(F11:AJ11) -> 0 | AL11: =IF($AK$3="４週",AK11/4,AK11/(DAY(EOMONTH($F$9,0))/7)) -> 0
A12: 2 | C12: B | E12: B | AK12: =+SUM(F12:AJ12) -> 0 | AL12: =IF($AK$3="４週",AK12/4,AK12/(DAY(EOMONTH($F$9,0))/7)) -> 0
A13: 3 | C13: C | E13: C | AK13: =+SUM(F13:AJ13) -> 0 | AL13: =IF($AK$3="４週",AK13/4,AK13/(DAY(EOMONTH($F$9,0))/7)) -> 0
A14: 4 | C14: D | E14: D | AK14: =+SUM(F14:AJ14) -> 0 | AL14: =IF($AK$3="４週",AK14/4,AK14/(DAY(EOMONTH($F$9,0))/7)) -> 0
A15: 5 | AK15: =+SUM(F15:AJ15) -> 0 | AL15: =IF($AK$3="４週",AK15/4,AK15/(DAY(EOMONTH($F$9,0))/7)) -> 0
A16: 6 | AK16: =+SUM(F16:AJ16) -> 0 | AL16: =IF($AK$3="４週",AK16/4,AK16/(DAY(EOMONTH($F$9,0))/7)) -> 0
A17: 7 | AK17: =+SUM(F17:AJ17) -> 0 | AL17: =IF($AK$3="４週",AK17/4,AK17/(DAY(EOMONTH($F$9,0))/7)) -> 0
A18: 8 | AK18: =+SUM(F18:AJ18) -> 0 | AL18: =IF($AK$3="４週",AK18/4,AK18/(DAY(EOMONTH($F$9,0))/7)) -> 0
A19: 9 | AK19: =+SUM(F19:AJ19) -> 0 | AL19: =IF($AK$3="４週",AK19/4,AK19/(DAY(EOMONTH($F$9,0))/7)) -> 0
A20: 10 | AK20: =+SUM(F20:AJ20) -> 0 | AL20: =IF($AK$3="４週",AK20/4,AK20/(DAY(EOMONTH($F$9,0))/7)) -> 0
A21: 11 | AK21: =+SUM(F21:AJ21) -> 0 | AL21: =IF($AK$3="４週",AK21/4,AK21/(DAY(EOMONTH($F$9,0))/7)) -> 0
A22: 12 | AK22: =+SUM(F22:AJ22) -> 0 | AL22: =IF($AK$3="４週",AK22/4,AK22/(DAY(EOMONTH($F$9,0))/7)) -> 0
A23: 13 | AK23: =+SUM(F23:AJ23) -> 0 | AL23: =IF($AK$3="４週",AK23/4,AK23/(DAY(EOMONTH($F$9,0))/7)) -> 0
A24: 14 | AK24: =+SUM(F24:AJ24) -> 0 | AL24: =IF($AK$3="４週",AK24/4,AK24/(DAY(EOMONTH($F$9,0))/7)) -> 0
A25: 15 | AK25: =+SUM(F25:AJ25) -> 0 | AL25: =IF($AK$3="４週",AK25/4,AK25/(DAY(EOMONTH($F$9,0))/7)) -> 0
A26: 16 | AK26: =+SUM(F26:AJ26) -> 0 | AL26: =IF($AK$3="４週",AK26/4,AK26/(DAY(EOMONTH($F$9,0))/7)) -> 0
... A30: 20 | AK30: =+SUM(F30:AJ30) -> 0 | AL30: =IF($AK$3="４週",AK30/4,AK30/(DAY(EOMONTH($F$9,0))/7)) -> 0
A31: 合計 | F31: =+SUM(F11:F30) -> 0 | G31: =+SUM(G11:G30) -> 0 | H31: =+SUM(H11:H30) -> 0 | I31: =+SUM(I11:I30) -> 0 | J31: =+SUM(J11:J30) -> 0 | K31: =+SUM(K11:K30) -> 0 | L31: =+SUM(L11:L30) -> 0 | M31: =+SUM(M11:M30) -> 0 | ... AJ31: =+SUM(AJ11:AJ30) -> 0 | AK31: =+SUM(F31:AJ31) -> 0 | AL31: =IF($AK$3="４週",AK31/4,AK31/(DAY(EOMONTH($F$9,0))/7)) -> 0
A32: サービス提供時間
A36: ＜実人数集計＞
C37: =IF(VLOOKUP($AK$1,'選択肢 '!$A$1:$J$31,C42,FALSE)=0,"-",VLOOKUP($AK$1,'選択肢 '!$A$1:$J$31,C42,FALSE)) -> 管理者 | E37: =IF(VLOOKUP($AK$1,'選択肢 '!$A$1:$J$31,E42,FALSE)=0,"-",VLOOKUP($AK$1,'選択肢 '!$A$1:$J$31,E42,FALSE)) -> 児童発達支援管理責任者 | I37: =IF(VLOOKUP($AK$1,'選択肢 '!$A$1:$J$31,I42,FALSE)=0,"-",VLOOKUP($AK$1,'選択肢 '!$A$1:$J$31,I42,FALSE)) -> 訪問支援員 | O37: =IF(VLOOKUP($AK$1,'選択肢 '!$A$1:$J$31,O42,FALSE)=0,"-",VLOOKUP($AK$1,'選択肢 '!$A$1:$J$31,O42,FALSE)) -> - | U37: =IF(VLOOKUP($AK$1,'選択肢 '!$A$1:$J$31,U42,FALSE)=0,"-",VLOOKUP($AK$1,'選択肢 '!$A$1:$J$31,U42,FALSE)) -> - | AA37: =IF(VLOOKUP($AK$1,'選択肢 '!$A$1:$J$31,AA42,FALSE)=0,"-",VLOOKUP($AK$1,'選択肢 '!$A$1:$J$31,AA42,FALSE)) -> - | AG37: =IF(VLOOKUP($AK$1,'選択肢 '!$A$1:$J$31,AG42,FALSE)=0,"-",VLOOKUP($AK$1,'選択肢 '!$A$1:$J$31,AG42,FALSE)) -> - | AL37: =IF(VLOOKUP($AK$1,'選択肢 '!$A$1:$J$31,AL42,FALSE)=0,"-",VLOOKUP($AK$1,'選択肢 '!$A$1:$J$31,AL42,FALSE)) -> -
C38: 専従 | D38: 兼務 | E38: 専従 | F38: 兼務 | I38: 専従 | L38: 兼務 | O38: 専従 | R38: 兼務 | U38: 専従 | X38: 兼務 | AA38: 専従 | AD38: 兼務 | AG38: 専従 | AJ38: 兼務 | AL38: 専従 | AM38: 兼務
B39: 常勤 | C39: =COUNTIFS($B$11:$B$30,C$37,$C$11:$C$30,"A",$E$11:$E$30,"*") -> 0 | D39: =COUNTIFS($B$11:$B$30,C$37,$C$11:$C$30,"B",$E$11:$E$30,"*") -> 0 | E39: =COUNTIFS($B$11:$B$30,E$37,$C$11:$C$30,"A",$E$11:$E$30,"*") -> 0 | F39: =COUNTIFS($B$11:$B$30,E$37,$C$11:$C$30,"B",$E$11:$E$30,"*") -> 0 | I39: =COUNTIFS($B$11:$B$30,I$37,$C$11:$C$30,"A",$E$11:$E$30,"*") -> 0 | L39: =COUNTIFS($B$11:$B$30,I$37,$C$11:$C$30,"B",$E$11:$E$30,"*") -> 0 | O39: =COUNTIFS($B$11:$B$30,O$37,$C$11:$C$30,"A",$E$11:$E$30,"*") -> 0 | R39: =COUNTIFS($B$11:$B$30,O$37,$C$11:$C$30,"B",$E$11:$E$30,"*") -> 0 | U39: =COUNTIFS($B$11:$B$30,U$37,$C$11:$C$30,"A",$E$11:$E$30,"*") -> 0 | X39: =COUNTIFS($B$11:$B$30,U$37,$C$11:$C$30,"B",$E$11:$E$30,"*") -> 0 | AA39: =COUNTIFS($B$11:$B$30,AA$37,$C$11:$C$30,"A",$E$11:$E$30,"*") -> 0 | AD39: =COUNTIFS($B$11:$B$30,AA$37,$C$11:$C$30,"B",$E$11:$E$30,"*") -> 0 | AG39: =COUNTIFS($B$11:$B$30,AG$37,$C$11:$C$30,"A",$E$11:$E$30,"*") -> 0 | AJ39: =COUNTIFS($B$11:$B$30,AG$37,$C$11:$C$30,"B",$E$11:$E$30,"*") -> 0 | AL39: =COUNTIFS($B$11:$B$30,AL$37,$C$11:$C$30,"A",$E$11:$E$30,"*") -> 0 | AM39: =COUNTIFS($B$11:$B$30,AL$37,$C$11:$C$30,"B",$E$11:$E$30,"*") -> 0
B40: 非常勤 | C40: =COUNTIFS($B$11:$B$30,C$37,$C$11:$C$30,"C",$E$11:$E$30,"*") -> 0 | D40: =COUNTIFS($B$11:$B$30,C$37,$C$11:$C$30,"D",$E$11:$E$30,"*") -> 0 | E40: =COUNTIFS($B$11:$B$30,E$37,$C$11:$C$30,"C",$E$11:$E$30,"*") -> 0 | F40: =COUNTIFS($B$11:$B$30,E$37,$C$11:$C$30,"D",$E$11:$E$30,"*") -> 0 | I40: =COUNTIFS($B$11:$B$30,I$37,$C$11:$C$30,"C",$E$11:$E$30,"*") -> 0 | L40: =COUNTIFS($B$11:$B$30,I$37,$C$11:$C$30,"D",$E$11:$E$30,"*") -> 0 | O40: =COUNTIFS($B$11:$B$30,O$37,$C$11:$C$30,"C",$E$11:$E$30,"*") -> 0 | R40: =COUNTIFS($B$11:$B$30,O$37,$C$11:$C$30,"D",$E$11:$E$30,"*") -> 0 | U40: =COUNTIFS($B$11:$B$30,U$37,$C$11:$C$30,"C",$E$11:$E$30,"*") -> 0 | X40: =COUNTIFS($B$11:$B$30,U$37,$C$11:$C$30,"D",$E$11:$E$30,"*") -> 0 | AA40: =COUNTIFS($B$11:$B$30,AA$37,$C$11:$C$30,"C",$E$11:$E$30,"*") -> 0 | AD40: =COUNTIFS($B$11:$B$30,AA$37,$C$11:$C$30,"D",$E$11:$E$30,"*") -> 0 | AG40: =COUNTIFS($B$11:$B$30,AG$37,$C$11:$C$30,"C",$E$11:$E$30,"*") -> 0 | AJ40: =COUNTIFS($B$11:$B$30,AG$37,$C$11:$C$30,"D",$E$11:$E$30,"*") -> 0 | AL40: =COUNTIFS($B$11:$B$30,AL$37,$C$11:$C$30,"C",$E$11:$E$30,"*") -> 0 | AM40: =COUNTIFS($B$11:$B$30,AL$37,$C$11:$C$30,"D",$E$11:$E$30,"*") -> 0
B41: 常勤換算数 | C41: =IF($AK$3="４週",SUMIFS($AK$11:$AK$30,$B$11:$B$30,C37)/4/$AH$5,IF($AK$3="歴月",SUMIFS($AK$11:$AK$30,$B$11:$B$30,C37)/$AL$5,"記載する期間を選択してください")) -> 記載する期間を選択してください | E41: =IF($AK$3="４週",SUMIFS($AK$11:$AK$30,$B$11:$B$30,E37)/4/$AH$5,IF($AK$3="歴月",SUMIFS($AK$11:$AK$30,$B$11:$B$30,E37)/$AL$5,"記載する期間を選択してください")) -> 記載する期間を選択してください | I41: =IF($AK$3="４週",SUMIFS($AK$11:$AK$30,$B$11:$B$30,I37)/4/$AH$5,IF($AK$3="歴月",SUMIFS($AK$11:$AK$30,$B$11:$B$30,I37)/$AL$5,"記載する期間を選択してください")) -> 記載する期間を選択してください | O41: =IF($AK$3="４週",SUMIFS($AK$11:$AK$30,$B$11:$B$30,O37)/4/$AH$5,IF($AK$3="歴月",SUMIFS($AK$11:$AK$30,$B$11:$B$30,O37)/$AL$5,"記載する期間を選択してください")) -> 記載する期間を選択してください | U41: =IF($AK$3="４週",SUMIFS($AK$11:$AK$30,$B$11:$B$30,U37)/4/$AH$5,IF($AK$3="歴月",SUMIFS($AK$11:$AK$30,$B$11:$B$30,U37)/$AL$5,"記載する期間を選択してください")) -> 記載する期間を選択してください | AA41: =IF($AK$3="４週",SUMIFS($AK$11:$AK$30,$B$11:$B$30,AA37)/4/$AH$5,IF($AK$3="歴月",SUMIFS($AK$11:$AK$30,$B$11:$B$30,AA37)/$AL$5,"記載する期間を選択してください")) -> 記載する期間を選択してください | AG41: =IF($AK$3="４週",SUMIFS($AK$11:$AK$30,$B$11:$B$30,AG37)/4/$AH$5,IF($AK$3="歴月",SUMIFS($AK$11:$AK$30,$B$11:$B$30,AG37)/$AL$5,"記載する期間を選択してください")) -> 記載する期間を選択してください | AL41: =IF($AK$3="４週",SUMIFS($AK$11:$AK$30,$B$11:$B$30,AL37)/4/$AH$5,IF($AK$3="歴月",SUMIFS($AK$11:$AK$30,$B$11:$B$30,AL37)/$AL$5,"記載する期間を選択してください")) -> 記載する期間を選択してください
C42: 2 | E42: 3 | I42: 4 | O42: 5 | U42: 6 | AA42: 7 | AG42: 8 | AL42: 9
A43: ・最初に「年月欄」「サービス種別」「事業所名」を入力してください。 | R43: 6 | X43: 7 | AD43: 8 | AJ43: 9
A44: (1) 「４週」・「暦月」のいずれかを選択してください。
A45: (2) 「予定」・「実績」のいずれかを選択してください。
A46: (3) 事業所における常勤の従業者が勤務すべき時間数を入力してください。
A47: (4) 従業者の職種を入力してください。
A48: 記入の順序は、職種ごとにまとめてください。
A49: (5) 従業者の勤務形態について、下記のうち該当する区分の記号を入力してください。
B50: 記号 | C50: 区分
B51: A | C51: 常勤で専従
B52: B | C52: 常勤で兼務
B53: C | C53: 非常勤で専従
B54: D | C54: 非常勤で兼務
B55: （注）常勤・非常勤の区分について
B56: 当該事業所における勤務時間が、当該事業所において定められている常勤の従業者が勤務すべき時間数に達していることをいいます。雇用の形態は考慮しません。
B57: （例えば、常勤者は週に40時間勤務することとされた事業所であれば、非正規雇用であっても、週40時間勤務する従業者は常勤扱いとなります。）
A58: (6) 従業者の保有する資格を入力してください。
A59: 保有資格を全て記入するのではなく、人員基準上、求められる資格等を入力してください。
A60: ※選択した資格及び研修に関して、必要に応じて、資格証又は研修修了証等の写しを添付資料として提出してください。
A61: (7) 従業者の氏名を記入してください。
A62: (8) 申請する事業に係る従業者（管理者を含む。）の1ヶ月分の勤務時間を入力してください。常勤の職員が休暇を取得する場合は、「休」と入力してください。
A63: ※ 指定基準の確認に際しては、４週分の入力で差し支えありません。
A64: (9) 従業者ごとに、合計勤務時間数を入力してください。
A65: ※ 入力することができる時間数は、当該事業所において常勤の従業者が勤務すべき勤務時間数を上限とします。
A66: (10) 従業者ごとに、週平均の勤務時間数を入力してください。
A67: (11) 申請する事業所以外の事業所・施設との兼務がある場合は、兼務先の事業所・施設の名称、兼務する職務の内容について記入してください。
A68: 同一事業所内の兼務についても兼務する職務の内容を記入してください。
A69: その他、特記事項欄としてもご活用ください。
A70: （12) 必要項目を満たしていれば、各事業所で使用するシフト表等をもって代替書類として差し支えありません。

Sheet 勤務形態（福祉型入所）
A1: 従業者の勤務の体制及び勤務形態一覧表 | AI1: サービス種別 | AK1: 福祉型障害児入所施設
M2: 2024 | Q2: 年 | U2: 月 | AI2: 事業所名
AI3: (1)記載する期間
AI4: (2)予定/実績の別
AG5: (3)事業所における常勤の従業者が勤務すべき時間数 | AK5: 時間/週 | AM5: 時間/月
A7: No. | B7: (4)職種 | C7: (5)勤務形態 | D7: (6)資格 | E7: (7)氏名 | F7: (8) | AK7: (9)勤務時間数合計 | AL7: (10)週平均の勤務時間数 | AM7: (11)兼務状況 （兼務先／兼務する職務の内容）等
F8: 第１週 | M8: 第２週 | T8: 第３週 | AA8: 第４週 | AH8: 第５週
F9: =DATE($M$2,$S$2,1) -> 45261 | G9: =DATE($M$2,$S$2,2) -> 45262 | H9: =DATE($M$2,$S$2,3) -> 45263 | I9: =DATE($M$2,$S$2,4) -> 45264 | J9: =DATE($M$2,$S$2,5) -> 45265 | K9: =DATE($M$2,$S$2,6) -> 45266 | L9: =DATE($M$2,$S$2,7) -> 45267 | M9: =DATE($M$2,$S$2,8) -> 45268 | N9: =DATE($M$2,$S$2,9) -> 45269 | O9: =DATE($M$2,$S$2,10) -> 45270 | P9: =DATE($M$2,$S$2,11) -> 45271 | Q9: =DATE($M$2,$S$2,12) -> 45272 | R9: =DATE($M$2,$S$2,13) -> 45273 | S9: =DATE($M$2,$S$2,14) -> 45274 | T9: =DATE($M$2,$S$2,15) -> 45275 | U9: =DATE($M$2,$S$2,16) -> 45276 | V9: =DATE($M$2,$S$2,17) -> 45277 | W9: =DATE($M$2,$S$2,18) -> 45278 | X9: =DATE($M$2,$S$2,19) -> 45279 | Y9: =DATE($M$2,$S$2,20) -> 45280 | Z9: =DATE($M$2,$S$2,21) -> 45281 | AA9: =DATE($M$2,$S$2,22) -> 45282 | AB9: =DATE($M$2,$S$2,23) -> 45283 | AC9: =DATE($M$2,$S$2,24) -> 45284 | AD9: =DATE($M$2,$S$2,25) -> 45285 | AE9: =DATE($M$2,$S$2,26) -> 45286 | AF9: =DATE($M$2,$S$2,27) -> 45287 | AG9: =DATE($M$2,$S$2,28) -> 45288 | AH9: =IF(DAY(EOMONTH(F9,0))<29,"",DATE($M$2,$S$2,29)) -> 45289 | AI9: =IF(DAY(EOMONTH(F9,0))<30,"",DATE($M$2,$S$2,30)) -> 45290 | AJ9: =IF(DAY(EOMONTH(F9,0))<31,"",DATE($M$2,$S$2,31)) -> 45291
F10: =DATE($M$2,$S$2,1) -> 45261 | G10: =DATE($M$2,$S$2,2) -> 45262 | H10: =DATE($M$2,$S$2,3) -> 45263 | I10: =DATE($M$2,$S$2,4) -> 45264 | J10: =DATE($M$2,$S$2,5) -> 45265 | K10: =DATE($M$2,$S$2,6) -> 45266 | L10: =DATE($M$2,$S$2,7) -> 45267 | M10: =DATE($M$2,$S$2,8) -> 45268 | N10: =DATE($M$2,$S$2,9) -> 45269 | O10: =DATE($M$2,$S$2,10) -> 45270 | P10: =DATE($M$2,$S$2,11) -> 45271 | Q10: =DATE($M$2,$S$2,12) -> 45272 | R10: =DATE($M$2,$S$2,13) -> 45273 | S10: =DATE($M$2,$S$2,14) -> 45274 | T10: =DATE($M$2,$S$2,15) -> 45275 | U10: =DATE($M$2,$S$2,16) -> 45276 | V10: =DATE($M$2,$S$2,17) -> 45277 | W10: =DATE($M$2,$S$2,18) -> 45278 | X10: =DATE($M$2,$S$2,19) -> 45279 | Y10: =DATE($M$2,$S$2,20) -> 45280 | Z10: =DATE($M$2,$S$2,21) -> 45281 | AA10: =DATE($M$2,$S$2,22) -> 45282 | AB10: =DATE($M$2,$S$2,23) -> 45283 | AC10: =DATE($M$2,$S$2,24) -> 45284 | AD10: =DATE($M$2,$S$2,25) -> 45285 | AE10: =DATE($M$2,$S$2,26) -> 45286 | AF10: =DATE($M$2,$S$2,27) -> 45287 | AG10: =DATE($M$2,$S$2,28) -> 45288 | AH10: =IF(DAY(EOMONTH(F10,0))<29,"",DATE($M$2,$S$2,29)) -> 45289 | AI10: =IF(DAY(EOMONTH(F10,0))<30,"",DATE($M$2,$S$2,30)) -> 45290 | AJ10: =IF(DAY(EOMONTH(F10,0))<31,"",DATE($M$2,$S$2,31)) -> 45291
A11: 1 | C11: A | E11: A | AK11: =+SUM(F11:AJ11) -> 0 | AL11: =IF($AK$3="４週",AK11/4,AK11/(DAY(EOMONTH($F$9,0))/7)) -> 0
A12: 2 | C12: B | E12: B | AK12: =+SUM(F12:AJ12) -> 0 | AL12: =IF($AK$3="４週",AK12/4,AK12/(DAY(EOMONTH($F$9,0))/7)) -> 0
A13: 3 | C13: C | E13: C | AK13: =+SUM(F13:AJ13) -> 0 | AL13: =IF($AK$3="４週",AK13/4,AK13/(DAY(EOMONTH($F$9,0))/7)) -> 0
A14: 4 | C14: D | E14: D | AK14: =+SUM(F14:AJ14) -> 0 | AL14: =IF($AK$3="４週",AK14/4,AK14/(DAY(EOMONTH($F$9,0))/7)) -> 0
A15: 5 | C15: C | E15: B | AK15: =+SUM(F15:AJ15) -> 0 | AL15: =IF($AK$3="４週",AK15/4,AK15/(DAY(EOMONTH($F$9,0))/7)) -> 0
A16: 6 | AK16: =+SUM(F16:AJ16) -> 0 | AL16: =IF($AK$3="４週",AK16/4,AK16/(DAY(EOMONTH($F$9,0))/7)) -> 0
A17: 7 | AK17: =+SUM(F17:AJ17) -> 0 | AL17: =IF($AK$3="４週",AK17/4,AK17/(DAY(EOMONTH($F$9,0))/7)) -> 0
A18: 8 | AK18: =+SUM(F18:AJ18) -> 0 | AL18: =IF($AK$3="４週",AK18/4,AK18/(DAY(EOMONTH($F$9,0))/7)) -> 0
A19: 9 | AK19: =+SUM(F19:AJ19) -> 0 | AL19: =IF($AK$3="４週",AK19/4,AK19/(DAY(EOMONTH($F$9,0))/7)) -> 0
A20: 10 | AK20: =+SUM(F20:AJ20) -> 0 | AL20: =IF($AK$3="４週",AK20/4,AK20/(DAY(EOMONTH($F$9,0))/7)) -> 0
A21: 11 | AK21: =+SUM(F21:AJ21) -> 0 | AL21: =IF($AK$3="４週",AK21/4,AK21/(DAY(EOMONTH($F$9,0))/7)) -> 0
A22: 12 | AK22: =+SUM(F22:AJ22) -> 0 | AL22: =IF($AK$3="４週",AK22/4,AK22/(DAY(EOMONTH($F$9,0))/7)) -> 0
A23: 13 | AK23: =+SUM(F23:AJ23) -> 0 | AL23: =IF($AK$3="４週",AK23/4,AK23/(DAY(EOMONTH($F$9,0))/7)) -> 0
A24: 14 | AK24: =+SUM(F24:AJ24) -> 0 | AL24: =IF($AK$3="４週",AK24/4,AK24/(DAY(EOMONTH($F$9,0))/7)) -> 0
A25: 15 | AK25: =+SUM(F25:AJ25) -> 0 | AL25: =IF($AK$3="４週",AK25/4,AK25/(DAY(EOMONTH($F$9,0))/7)) -> 0
A26: 16 | AK26: =+SUM(F26:AJ26) -> 0 | AL26: =IF($AK$3="４週",AK26/4,AK26/(DAY(EOMONTH($F$9,0))/7)) -> 0
A27: 17 | AK27: =+SUM(F27:AJ27) -> 0 | AL27: =IF($AK$3="４週",AK27/4,AK27/(DAY(EOMONTH($F$9,0))/7)) -> 0
... A30: 20 | AK30: =+SUM(F30:AJ30) -> 0 | AL30: =IF($AK$3="４週",AK30/4,AK30/(DAY(EOMONTH($F$9,0))/7)) -> 0
A31: 合計 | F31: =+SUM(F11:F30) -> 0 | G31: =+SUM(G11:G30) -> 0 | H31: =+SUM(H11:H30) -> 0 | I31: =+SUM(I11:I30) -> 0 | J31: =+SUM(J11:J30) -> 0 | K31: =+SUM(K11:K30) -> 0 | L31: =+SUM(L11:L30) -> 0 | M31: =+SUM(M11:M30) -> 0 | ... AJ31: =+SUM(AJ11:AJ30) -> 0 | AK31: =+SUM(F31:AJ31) -> 0 | AL31: =IF($AK$3="４週",AK31/4,AK31/(DAY(EOMONTH($F$9,0))/7)) -> 0
A32: サービス提供時間
A36: ＜主な対象者及び障害児の数＞
B37: 主な対象者の区分 | L37: 障害児の数
B38: 主として盲ろうあ児を入所させる福祉型障害児入所施設
A40: ＜人員に関する基準＞
A41: 区分 | C41: 看護職員 | E41: 児童指導員及び保育士
A42: 必要な配置数 | C42: =ROUNDDOWN(IF(B38="主として知的障害のある児童を入所させる福祉型障害児入所施設",L38/20,IF(B38="主として肢体不自由のある児童を入所させる福祉型障害児入所施設",1,"0")),1) -> 0 | E42: =ROUNDDOWN(IF(B38="主として知的障害のある児童を入所させる福祉型障害児入所施設",IF(L38<=30,L38/4+1,L38/4),IF(B38="主として肢体不自由のある児童を入所させる福祉型障害児入所施設",L38/3.5,IF(B38="主として盲ろうあ児を入所させる福祉型障害児入所施設",IF(L38<=35,L38/4+1,L38/4),0))),1) -> 1
A44: ＜実人数集計＞
C45: =IF(VLOOKUP($AK$1,'選択肢 '!$A$1:$J$31,C50,FALSE)=0,"-",VLOOKUP($AK$1,'選択肢 '!$A$1:$J$31,C50,FALSE)) -> 管理者 | E45: =IF(VLOOKUP($AK$1,'選択肢 '!$A$1:$J$31,E50,FALSE)=0,"-",VLOOKUP($AK$1,'選択肢 '!$A$1:$J$31,E50,FALSE)) -> 児童発達支援管理責任者 | I45: =IF(VLOOKUP($AK$1,'選択肢 '!$A$1:$J$31,I50,FALSE)=0,"-",VLOOKUP($AK$1,'選択肢 '!$A$1:$J$31,I50,FALSE)) -> 医師 | O45: =IF(VLOOKUP($AK$1,'選択肢 '!$A$1:$J$31,O50,FALSE)=0,"-",VLOOKUP($AK$1,'選択肢 '!$A$1:$J$31,O50,FALSE)) -> 看護職員 | U45: =IF(VLOOKUP($AK$1,'選択肢 '!$A$1:$J$31,U50,FALSE)=0,"-",VLOOKUP($AK$1,'選択肢 '!$A$1:$J$31,U50,FALSE)) -> 児童指導員 | AA45: =IF(VLOOKUP($AK$1,'選択肢 '!$A$1:$J$31,AA50,FALSE)=0,"-",VLOOKUP($AK$1,'選択肢 '!$A$1:$J$31,AA50,FALSE)) -> 保育士 | AG45: =IF(VLOOKUP($AK$1,'選択肢 '!$A$1:$J$31,AG50,FALSE)=0,"-",VLOOKUP($AK$1,'選択肢 '!$A$1:$J$31,AG50,FALSE)) -> 栄養士 | AL45: =IF(VLOOKUP($AK$1,'選択肢 '!$A$1:$J$31,AL50,FALSE)=0,"-",VLOOKUP($AK$1,'選択肢 '!$A$1:$J$31,AL50,FALSE)) -> 調理員
C46: 専従 | D46: 兼務 | E46: 専従 | F46: 兼務 | I46: 専従 | L46: 兼務 | O46: 専従 | R46: 兼務 | U46: 専従 | X46: 兼務 | AA46: 専従 | AD46: 兼務 | AG46: 専従 | AJ46: 兼務 | AL46: 専従 | AM46: 兼務
B47: 常勤 | C47: =COUNTIFS($B$11:$B$30,C$45,$C$11:$C$30,"A",$E$11:$E$30,"*") -> 0 | D47: =COUNTIFS($B$11:$B$30,C$45,$C$11:$C$30,"B",$E$11:$E$30,"*") -> 0 | E47: =COUNTIFS($B$11:$B$30,E$45,$C$11:$C$30,"A",$E$11:$E$30,"*") -> 0 | F47: =COUNTIFS($B$11:$B$30,E$45,$C$11:$C$30,"B",$E$11:$E$30,"*") -> 0 | I47: =COUNTIFS($B$11:$B$30,I$45,$C$11:$C$30,"A",$E$11:$E$30,"*") -> 0 | L47: =COUNTIFS($B$11:$B$30,I$45,$C$11:$C$30,"B",$E$11:$E$30,"*") -> 0 | O47: =COUNTIFS($B$11:$B$30,O$45,$C$11:$C$30,"A",$E$11:$E$30,"*") -> 0 | R47: =COUNTIFS($B$11:$B$30,O$45,$C$11:$C$30,"B",$E$11:$E$30,"*") -> 0 | U47: =COUNTIFS($B$11:$B$30,U$45,$C$11:$C$30,"A",$E$11:$E$30,"*") -> 0 | X47: =COUNTIFS($B$11:$B$30,U$45,$C$11:$C$30,"B",$E$11:$E$30,"*") -> 0 | AA47: =COUNTIFS($B$11:$B$30,AA$45,$C$11:$C$30,"A",$E$11:$E$30,"*") -> 0 | AD47: =COUNTIFS($B$11:$B$30,AA$45,$C$11:$C$30,"B",$E$11:$E$30,"*") -> 0 | AG47: =COUNTIFS($B$11:$B$30,AG$45,$C$11:$C$30,"A",$E$11:$E$30,"*") -> 0 | AJ47: =COUNTIFS($B$11:$B$30,AG$45,$C$11:$C$30,"B",$E$11:$E$30,"*") -> 0 | AL47: =COUNTIFS($B$11:$B$30,AL$45,$C$11:$C$30,"A",$E$11:$E$30,"*") -> 0 | AM47: =COUNTIFS($B$11:$B$30,AL$45,$C$11:$C$30,"B",$E$11:$E$30,"*") -> 0
B48: 非常勤 | C48: =COUNTIFS($B$11:$B$30,C$45,$C$11:$C$30,"C",$E$11:$E$30,"*") -> 0 | D48: =COUNTIFS($B$11:$B$30,C$45,$C$11:$C$30,"D",$E$11:$E$30,"*") -> 0 | E48: =COUNTIFS($B$11:$B$30,E$45,$C$11:$C$30,"C",$E$11:$E$30,"*") -> 0 | F48: =COUNTIFS($B$11:$B$30,E$45,$C$11:$C$30,"D",$E$11:$E$30,"*") -> 0 | I48: =COUNTIFS($B$11:$B$30,I$45,$C$11:$C$30,"C",$E$11:$E$30,"*") -> 0 | L48: =COUNTIFS($B$11:$B$30,I$45,$C$11:$C$30,"D",$E$11:$E$30,"*") -> 0 | O48: =COUNTIFS($B$11:$B$30,O$45,$C$11:$C$30,"C",$E$11:$E$30,"*") -> 0 | R48: =COUNTIFS($B$11:$B$30,O$45,$C$11:$C$30,"D",$E$11:$E$30,"*") -> 0 | U48: =COUNTIFS($B$11:$B$30,U$45,$C$11:$C$30,"C",$E$11:$E$30,"*") -> 0 | X48: =COUNTIFS($B$11:$B$30,U$45,$C$11:$C$30,"D",$E$11:$E$30,"*") -> 0 | AA48: =COUNTIFS($B$11:$B$30,AA$45,$C$11:$C$30,"C",$E$11:$E$30,"*") -> 0 | AD48: =COUNTIFS($B$11:$B$30,AA$45,$C$11:$C$30,"D",$E$11:$E$30,"*") -> 0 | AG48: =COUNTIFS($B$11:$B$30,AG$45,$C$11:$C$30,"C",$E$11:$E$30,"*") -> 0 | AJ48: =COUNTIFS($B$11:$B$30,AG$45,$C$11:$C$30,"D",$E$11:$E$30,"*") -> 0 | AL48: =COUNTIFS($B$11:$B$30,AL$45,$C$11:$C$30,"C",$E$11:$E$30,"*") -> 0 | AM48: =COUNTIFS($B$11:$B$30,AL$45,$C$11:$C$30,"D",$E$11:$E$30,"*") -> 0
B49: 常勤換算数 | C49: =IF($AK$3="４週",SUMIFS($AK$11:$AK$30,$B$11:$B$30,C45)/4/$AH$5,IF($AK$3="歴月",SUMIFS($AK$11:$AK$30,$B$11:$B$30,C45)/$AL$5,"記載する期間を選択してください")) -> 記載する期間を選択してください | E49: =IF($AK$3="４週",SUMIFS($AK$11:$AK$30,$B$11:$B$30,E45)/4/$AH$5,IF($AK$3="歴月",SUMIFS($AK$11:$AK$30,$B$11:$B$30,E45)/$AL$5,"記載する期間を選択してください")) -> 記載する期間を選択してください | I49: =IF($AK$3="４週",SUMIFS($AK$11:$AK$30,$B$11:$B$30,I45)/4/$AH$5,IF($AK$3="歴月",SUMIFS($AK$11:$AK$30,$B$11:$B$30,I45)/$AL$5,"記載する期間を選択してください")) -> 記載する期間を選択してください | O49: =IF($AK$3="４週",SUMIFS($AK$11:$AK$30,$B$11:$B$30,O45)/4/$AH$5,IF($AK$3="歴月",SUMIFS($AK$11:$AK$30,$B$11:$B$30,O45)/$AL$5,"記載する期間を選択してください")) -> 記載する期間を選択してください | U49: =IF($AK$3="４週",SUMIFS($AK$11:$AK$30,$B$11:$B$30,U45)/4/$AH$5,IF($AK$3="歴月",SUMIFS($AK$11:$AK$30,$B$11:$B$30,U45)/$AL$5,"記載する期間を選択してください")) -> 記載する期間を選択してください | AA49: =IF($AK$3="４週",SUMIFS($AK$11:$AK$30,$B$11:$B$30,AA45)/4/$AH$5,IF($AK$3="歴月",SUMIFS($AK$11:$AK$30,$B$11:$B$30,AA45)/$AL$5,"記載する期間を選択してください")) -> 記載する期間を選択してください | AG49: =IF($AK$3="４週",SUMIFS($AK$11:$AK$30,$B$11:$B$30,AG45)/4/$AH$5,IF($AK$3="歴月",SUMIFS($AK$11:$AK$30,$B$11:$B$30,AG45)/$AL$5,"記載する期間を選択してください")) -> 記載する期間を選択してください | AL49: =IF($AK$3="４週",SUMIFS($AK$11:$AK$30,$B$11:$B$30,AL45)/4/$AH$5,IF($AK$3="歴月",SUMIFS($AK$11:$AK$30,$B$11:$B$30,AL45)/$AL$5,"記載する期間を選択してください")) -> 記載する期間を選択してください
C50: 2 | E50: 3 | I50: 4 | O50: 5 | U50: 6 | AA50: 7 | AG50: 8 | AL50: 9
A51: ・最初に「年月欄」「サービス種別」「事業所名」を入力してください。 | R51: 6 | X51: 7 | AD51: 8 | AJ51: 9
A52: (1) 「４週」・「暦月」のいずれかを選択してください。
A53: (2) 「予定」・「実績」のいずれかを選択してください。
A54: (3) 事業所における常勤の従業者が勤務すべき時間数を入力してください。
A55: (4) 従業者の職種を入力してください。
A56: 記入の順序は、職種ごとにまとめてください。
A57: (5) 従業者の勤務形態について、下記のうち該当する区分の記号を入力してください。
B58: 記号 | C58: 区分
B59: A | C59: 常勤で専従
B60: B | C60: 常勤で兼務
B61: C | C61: 非常勤で専従
B62: D | C62: 非常勤で兼務
B63: （注）常勤・非常勤の区分について
B64: 当該事業所における勤務時間が、当該事業所において定められている常勤の従業者が勤務すべき時間数に達していることをいいます。雇用の形態は考慮しません。
B65: （例えば、常勤者は週に40時間勤務することとされた事業所であれば、非正規雇用であっても、週40時間勤務する従業者は常勤扱いとなります。）
A66: (6) 従業者の保有する資格を入力してください。
A67: 保有資格を全て記入するのではなく、人員基準・加配加算上、求められる資格等を入力してください。
A68: ※選択した資格及び研修に関して、必要に応じて、資格証又は研修修了証等の写しを添付資料として提出してください。
A69: (7) 従業者の氏名を記入してください。
A70: (8) 申請する事業に係る従業者（管理者を含む。）の1ヶ月分の勤務時間を入力してください。常勤の職員が休暇を取得する場合は、「休」と入力してください。
A71: ※ 指定基準の確認に際しては、４週分の入力で差し支えありません。
A72: (9) 従業者ごとに、合計勤務時間数を入力してください。
A73: ※ 入力することができる時間数は、当該事業所において常勤の従業者が勤務すべき勤務時間数を上限とします。
A74: (10) 従業者ごとに、週平均の勤務時間数を入力してください。
A75: (11) 申請する事業所以外の事業所・施設との兼務がある場合は、兼務先の事業所・施設の名称、兼務する職務の内容について記入してください。
A76: 同一事業所内の兼務についても兼務する職務の内容を記入してください。
A77: その他、特記事項欄としてもご活用ください。
A78: （12) 必要項目を満たしていれば、各事業所で使用するシフト表等をもって代替書類として差し支えありません。

Sheet 勤務形態（医療型入所）
A1: 従業者の勤務の体制及び勤務形態一覧表 | AI1: サービス種別 | AK1: 医療型障害児入所施設
M2: 2024 | Q2: 年 | U2: 月 | AI2: 事業所名
AI3: (1)記載する期間
AI4: (2)予定/実績の別
AG5: (3)事業所における常勤の従業者が勤務すべき時間数 | AK5: 時間/週 | AM5: 時間/月
A7: No. | B7: (4)職種 | C7: (5)勤務形態 | D7: (6)資格 | E7: (7)氏名 | F7: (8) | AK7: (9)勤務時間数合計 | AL7: (10)週平均の勤務時間数 | AM7: (11)兼務状況 （兼務先／兼務する職務の内容）等
F8: 第１週 | M8: 第２週 | T8: 第３週 | AA8: 第４週 | AH8: 第５週
F9: =DATE($M$2,$S$2,1) -> 45261 | G9: =DATE($M$2,$S$2,2) -> 45262 | H9: =DATE($M$2,$S$2,3) -> 45263 | I9: =DATE($M$2,$S$2,4) -> 45264 | J9: =DATE($M$2,$S$2,5) -> 45265 | K9: =DATE($M$2,$S$2,6) -> 45266 | L9: =DATE($M$2,$S$2,7) -> 45267 | M9: =DATE($M$2,$S$2,8) -> 45268 | N9: =DATE($M$2,$S$2,9) -> 45269 | O9: =DATE($M$2,$S$2,10) -> 45270 | P9: =DATE($M$2,$S$2,11) -> 45271 | Q9: =DATE($M$2,$S$2,12) -> 45272 | R9: =DATE($M$2,$S$2,13) -> 45273 | S9: =DATE($M$2,$S$2,14) -> 45274 | T9: =DATE($M$2,$S$2,15) -> 45275 | U9: =DATE($M$2,$S$2,16) -> 45276 | V9: =DATE($M$2,$S$2,17) -> 45277 | W9: =DATE($M$2,$S$2,18) -> 45278 | X9: =DATE($M$2,$S$2,19) -> 45279 | Y9: =DATE($M$2,$S$2,20) -> 45280 | Z9: =DATE($M$2,$S$2,21) -> 45281 | AA9: =DATE($M$2,$S$2,22) -> 45282 | AB9: =DATE($M$2,$S$2,23) -> 45283 | AC9: =DATE($M$2,$S$2,24) -> 45284 | AD9: =DATE($M$2,$S$2,25) -> 45285 | AE9: =DATE($M$2,$S$2,26) -> 45286 | AF9: =DATE($M$2,$S$2,27) -> 45287 | AG9: =DATE($M$2,$S$2,28) -> 45288 | AH9: =IF(DAY(EOMONTH(F9,0))<29,"",DATE($M$2,$S$2,29)) -> 45289 | AI9: =IF(DAY(EOMONTH(F9,0))<30,"",DATE($M$2,$S$2,30)) -> 45290 | AJ9: =IF(DAY(EOMONTH(F9,0))<31,"",DATE($M$2,$S$2,31)) -> 45291
F10: =DATE($M$2,$S$2,1) -> 45261 | G10: =DATE($M$2,$S$2,2) -> 45262 | H10: =DATE($M$2,$S$2,3) -> 45263 | I10: =DATE($M$2,$S$2,4) -> 45264 | J10: =DATE($M$2,$S$2,5) -> 45265 | K10: =DATE($M$2,$S$2,6) -> 45266 | L10: =DATE($M$2,$S$2,7) -> 45267 | M10: =DATE($M$2,$S$2,8) -> 45268 | N10: =DATE($M$2,$S$2,9) -> 45269 | O10: =DATE($M$2,$S$2,10) -> 45270 | P10: =DATE($M$2,$S$2,11) -> 45271 | Q10: =DATE($M$2,$S$2,12) -> 45272 | R10: =DATE($M$2,$S$2,13) -> 45273 | S10: =DATE($M$2,$S$2,14) -> 45274 | T10: =DATE($M$2,$S$2,15) -> 45275 | U10: =DATE($M$2,$S$2,16) -> 45276 | V10: =DATE($M$2,$S$2,17) -> 45277 | W10: =DATE($M$2,$S$2,18) -> 45278 | X10: =DATE($M$2,$S$2,19) -> 45279 | Y10: =DATE($M$2,$S$2,20) -> 45280 | Z10: =DATE($M$2,$S$2,21) -> 45281 | AA10: =DATE($M$2,$S$2,22) -> 45282 | AB10: =DATE($M$2,$S$2,23) -> 45283 | AC10: =DATE($M$2,$S$2,24) -> 45284 | AD10: =DATE($M$2,$S$2,25) -> 45285 | AE10: =DATE($M$2,$S$2,26) -> 45286 | AF10: =DATE($M$2,$S$2,27) -> 45287 | AG10: =DATE($M$2,$S$2,28) -> 45288 | AH10: =IF(DAY(EOMONTH(F10,0))<29,"",DATE($M$2,$S$2,29)) -> 45289 | AI10: =IF(DAY(EOMONTH(F10,0))<30,"",DATE($M$2,$S$2,30)) -> 45290 | AJ10: =IF(DAY(EOMONTH(F10,0))<31,"",DATE($M$2,$S$2,31)) -> 45291
A11: 1 | C11: A | E11: A | AK11: =+SUM(F11:AJ11) -> 0 | AL11: =IF($AK$3="４週",AK11/4,AK11/(DAY(EOMONTH($F$9,0))/7)) -> 0
A12: 2 | C12: B | E12: B | AK12: =+SUM(F12:AJ12) -> 0 | AL12: =IF($AK$3="４週",AK12/4,AK12/(DAY(EOMONTH($F$9,0))/7)) -> 0
A13: 3 | C13: C | E13: C | AK13: =+SUM(F13:AJ13) -> 0 | AL13: =IF($AK$3="４週",AK13/4,AK13/(DAY(EOMONTH($F$9,0))/7)) -> 0
A14: 4 | C14: D | E14: D | AK14: =+SUM(F14:AJ14) -> 0 | AL14: =IF($AK$3="４週",AK14/4,AK14/(DAY(EOMONTH($F$9,0))/7)) -> 0
A15: 5 | AK15: =+SUM(F15:AJ15) -> 0 | AL15: =IF($AK$3="４週",AK15/4,AK15/(DAY(EOMONTH($F$9,0))/7)) -> 0
A16: 6 | AK16: =+SUM(F16:AJ16) -> 0 | AL16: =IF($AK$3="４週",AK16/4,AK16/(DAY(EOMONTH($F$9,0))/7)) -> 0
A17: 7 | AK17: =+SUM(F17:AJ17) -> 0 | AL17: =IF($AK$3="４週",AK17/4,AK17/(DAY(EOMONTH($F$9,0))/7)) -> 0
A18: 8 | AK18: =+SUM(F18:AJ18) -> 0 | AL18: =IF($AK$3="４週",AK18/4,AK18/(DAY(EOMONTH($F$9,0))/7)) -> 0
A19: 9 | AK19: =+SUM(F19:AJ19) -> 0 | AL19: =IF($AK$3="４週",AK19/4,AK19/(DAY(EOMONTH($F$9,0))/7)) -> 0
A20: 10 | AK20: =+SUM(F20:AJ20) -> 0 | AL20: =IF($AK$3="４週",AK20/4,AK20/(DAY(EOMONTH($F$9,0))/7)) -> 0
A21: 11 | AK21: =+SUM(F21:AJ21) -> 0 | AL21: =IF($AK$3="４週",AK21/4,AK21/(DAY(EOMONTH($F$9,0))/7)) -> 0
A22: 12 | AK22: =+SUM(F22:AJ22) -> 0 | AL22: =IF($AK$3="４週",AK22/4,AK22/(DAY(EOMONTH($F$9,0))/7)) -> 0
A23: 13 | AK23: =+SUM(F23:AJ23) -> 0 | AL23: =IF($AK$3="４週",AK23/4,AK23/(DAY(EOMONTH($F$9,0))/7)) -> 0
A24: 14 | AK24: =+SUM(F24:AJ24) -> 0 | AL24: =IF($AK$3="４週",AK24/4,AK24/(DAY(EOMONTH($F$9,0))/7)) -> 0
A25: 15 | AK25: =+SUM(F25:AJ25) -> 0 | AL25: =IF($AK$3="４週",AK25/4,AK25/(DAY(EOMONTH($F$9,0))/7)) -> 0
A26: 16 | AK26: =+SUM(F26:AJ26) -> 0 | AL26: =IF($AK$3="４週",AK26/4,AK26/(DAY(EOMONTH($F$9,0))/7)) -> 0
... A30: 20 | AK30: =+SUM(F30:AJ30) -> 0 | AL30: =IF($AK$3="４週",AK30/4,AK30/(DAY(EOMONTH($F$9,0))/7)) -> 0
A31: 合計 | F31: =+SUM(F11:F30) -> 0 | G31: =+SUM(G11:G30) -> 0 | H31: =+SUM(H11:H30) -> 0 | I31: =+SUM(I11:I30) -> 0 | J31: =+SUM(J11:J30) -> 0 | K31: =+SUM(K11:K30) -> 0 | L31: =+SUM(L11:L30) -> 0 | M31: =+SUM(M11:M30) -> 0 | ... AJ31: =+SUM(AJ11:AJ30) -> 0 | AK31: =+SUM(F31:AJ31) -> 0 | AL31: =IF($AK$3="４週",AK31/4,AK31/(DAY(EOMONTH($F$9,0))/7)) -> 0
A32: サービス提供時間
A36: ＜主な対象者及び障害児の数＞
B37: 主な対象者の区分 | L37: 障害児である乳幼児の数 | P37: 障害児である少年の数 | T37: 障害児の数
B38: 主として知的障害のある児童を入所させる福祉型障害児入所施設 | T38: =SUM(L38:S38) -> 0
A40: ＜人員に関する基準＞
A41: 区分 | C41: 児童指導員及び保育士
A42: 必要な配置数 | C42: =ROUNDDOWN(IF(B38="主として知的障害のある児童を入所させる福祉型障害児入所施設",T38/6.7,IF(B38="主として肢体不自由のある児童を入所させる福祉型障害児入所施設",L38/10+P38/20,0)),1) -> 0
A44: ＜実人数集計＞
C45: =IF(VLOOKUP($AK$1,'選択肢 '!$A$1:$J$31,C50,FALSE)=0,"-",VLOOKUP($AK$1,'選択肢 '!$A$1:$J$31,C50,FALSE)) -> 児童発達支援管理責任者 | E45: =IF(VLOOKUP($AK$1,'選択肢 '!$A$1:$J$31,E50,FALSE)=0,"-",VLOOKUP($AK$1,'選択肢 '!$A$1:$J$31,E50,FALSE)) -> 医師 | I45: =IF(VLOOKUP($AK$1,'選択肢 '!$A$1:$J$31,I50,FALSE)=0,"-",VLOOKUP($AK$1,'選択肢 '!$A$1:$J$31,I50,FALSE)) -> 看護職員 | O45: =IF(VLOOKUP($AK$1,'選択肢 '!$A$1:$J$31,O50,FALSE)=0,"-",VLOOKUP($AK$1,'選択肢 '!$A$1:$J$31,O50,FALSE)) -> 児童指導員 | U45: =IF(VLOOKUP($AK$1,'選択肢 '!$A$1:$J$31,U50,FALSE)=0,"-",VLOOKUP($AK$1,'選択肢 '!$A$1:$J$31,U50,FALSE)) -> 保育士 | AA45: =IF(VLOOKUP($AK$1,'選択肢 '!$A$1:$J$31,AA50,FALSE)=0,"-",VLOOKUP($AK$1,'選択肢 '!$A$1:$J$31,AA50,FALSE)) -> 心理担当職員 | AG45: =IF(VLOOKUP($AK$1,'選択肢 '!$A$1:$J$31,AG50,FALSE)=0,"-",VLOOKUP($AK$1,'選択肢 '!$A$1:$J$31,AG50,FALSE)) -> 理学療法士又は作業療法士 | AL45: =IF(VLOOKUP($AK$1,'選択肢 '!$A$1:$J$31,AL50,FALSE)=0,"-",VLOOKUP($AK$1,'選択肢 '!$A$1:$J$31,AL50,FALSE)) -> 職業指導員
C46: 専従 | D46: 兼務 | E46: 専従 | F46: 兼務 | I46: 専従 | L46: 兼務 | O46: 専従 | R46: 兼務 | U46: 専従 | X46: 兼務 | AA46: 専従 | AD46: 兼務 | AG46: 専従 | AJ46: 兼務 | AL46: 専従 | AM46: 兼務
B47: 常勤 | C47: =COUNTIFS($B$11:$B$30,C$45,$C$11:$C$30,"A",$E$11:$E$30,"*") -> 0 | D47: =COUNTIFS($B$11:$B$30,C$45,$C$11:$C$30,"B",$E$11:$E$30,"*") -> 0 | E47: =COUNTIFS($B$11:$B$30,E$45,$C$11:$C$30,"A",$E$11:$E$30,"*") -> 0 | F47: =COUNTIFS($B$11:$B$30,E$45,$C$11:$C$30,"B",$E$11:$E$30,"*") -> 0 | I47: =COUNTIFS($B$11:$B$30,I$45,$C$11:$C$30,"A",$E$11:$E$30,"*") -> 0 | L47: =COUNTIFS($B$11:$B$30,I$45,$C$11:$C$30,"B",$E$11:$E$30,"*") -> 0 | O47: =COUNTIFS($B$11:$B$30,O$45,$C$11:$C$30,"A",$E$11:$E$30,"*") -> 0 | R47: =COUNTIFS($B$11:$B$30,O$45,$C$11:$C$30,"B",$E$11:$E$30,"*") -> 0 | U47: =COUNTIFS($B$11:$B$30,U$45,$C$11:$C$30,"A",$E$11:$E$30,"*") -> 0 | X47: =COUNTIFS($B$11:$B$30,U$45,$C$11:$C$30,"B",$E$11:$E$30,"*") -> 0 | AA47: =COUNTIFS($B$11:$B$30,AA$45,$C$11:$C$30,"A",$E$11:$E$30,"*") -> 0 | AD47: =COUNTIFS($B$11:$B$30,AA$45,$C$11:$C$30,"B",$E$11:$E$30,"*") -> 0 | AG47: =COUNTIFS($B$11:$B$30,AG$45,$C$11:$C$30,"A",$E$11:$E$30,"*") -> 0 | AJ47: =COUNTIFS($B$11:$B$30,AG$45,$C$11:$C$30,"B",$E$11:$E$30,"*") -> 0 | AL47: =COUNTIFS($B$11:$B$30,AL$45,$C$11:$C$30,"A",$E$11:$E$30,"*") -> 0 | AM47: =COUNTIFS($B$11:$B$30,AL$45,$C$11:$C$30,"B",$E$11:$E$30,"*") -> 0
B48: 非常勤 | C48: =COUNTIFS($B$11:$B$30,C$45,$C$11:$C$30,"C",$E$11:$E$30,"*") -> 0 | D48: =COUNTIFS($B$11:$B$30,C$45,$C$11:$C$30,"D",$E$11:$E$30,"*") -> 0 | E48: =COUNTIFS($B$11:$B$30,E$45,$C$11:$C$30,"C",$E$11:$E$30,"*") -> 0 | F48: =COUNTIFS($B$11:$B$30,E$45,$C$11:$C$30,"D",$E$11:$E$30,"*") -> 0 | I48: =COUNTIFS($B$11:$B$30,I$45,$C$11:$C$30,"C",$E$11:$E$30,"*") -> 0 | L48: =COUNTIFS($B$11:$B$30,I$45,$C$11:$C$30,"D",$E$11:$E$30,"*") -> 0 | O48: =COUNTIFS($B$11:$B$30,O$45,$C$11:$C$30,"C",$E$11:$E$30,"*") -> 0 | R48: =COUNTIFS($B$11:$B$30,O$45,$C$11:$C$30,"D",$E$11:$E$30,"*") -> 0 | U48: =COUNTIFS($B$11:$B$30,U$45,$C$11:$C$30,"C",$E$11:$E$30,"*") -> 0 | X48: =COUNTIFS($B$11:$B$30,U$45,$C$11:$C$30,"D",$E$11:$E$30,"*") -> 0 | AA48: =COUNTIFS($B$11:$B$30,AA$45,$C$11:$C$30,"C",$E$11:$E$30,"*") -> 0 | AD48: =COUNTIFS($B$11:$B$30,AA$45,$C$11:$C$30,"D",$E$11:$E$30,"*") -> 0 | AG48: =COUNTIFS($B$11:$B$30,AG$45,$C$11:$C$30,"C",$E$11:$E$30,"*") -> 0 | AJ48: =COUNTIFS($B$11:$B$30,AG$45,$C$11:$C$30,"D",$E$11:$E$30,"*") -> 0 | AL48: =COUNTIFS($B$11:$B$30,AL$45,$C$11:$C$30,"C",$E$11:$E$30,"*") -> 0 | AM48: =COUNTIFS($B$11:$B$30,AL$45,$C$11:$C$30,"D",$E$11:$E$30,"*") -> 0
B49: 常勤換算数 | C49: =IF($AK$3="４週",SUMIFS($AK$11:$AK$30,$B$11:$B$30,C45)/4/$AH$5,IF($AK$3="歴月",SUMIFS($AK$11:$AK$30,$B$11:$B$30,C45)/$AL$5,"記載する期間を選択してください")) -> 記載する期間を選択してください | E49: =IF($AK$3="４週",SUMIFS($AK$11:$AK$30,$B$11:$B$30,E45)/4/$AH$5,IF($AK$3="歴月",SUMIFS($AK$11:$AK$30,$B$11:$B$30,E45)/$AL$5,"記載する期間を選択してください")) -> 記載する期間を選択してください | I49: =IF($AK$3="４週",SUMIFS($AK$11:$AK$30,$B$11:$B$30,I45)/4/$AH$5,IF($AK$3="歴月",SUMIFS($AK$11:$AK$30,$B$11:$B$30,I45)/$AL$5,"記載する期間を選択してください")) -> 記載する期間を選択してください | O49: =IF($AK$3="４週",SUMIFS($AK$11:$AK$30,$B$11:$B$30,O45)/4/$AH$5,IF($AK$3="歴月",SUMIFS($AK$11:$AK$30,$B$11:$B$30,O45)/$AL$5,"記載する期間を選択してください")) -> 記載する期間を選択してください | U49: =IF($AK$3="４週",SUMIFS($AK$11:$AK$30,$B$11:$B$30,U45)/4/$AH$5,IF($AK$3="歴月",SUMIFS($AK$11:$AK$30,$B$11:$B$30,U45)/$AL$5,"記載する期間を選択してください")) -> 記載する期間を選択してください | AA49: =IF($AK$3="４週",SUMIFS($AK$11:$AK$30,$B$11:$B$30,AA45)/4/$AH$5,IF($AK$3="歴月",SUMIFS($AK$11:$AK$30,$B$11:$B$30,AA45)/$AL$5,"記載する期間を選択してください")) -> 記載する期間を選択してください | AG49: =IF($AK$3="４週",SUMIFS($AK$11:$AK$30,$B$11:$B$30,AG45)/4/$AH$5,IF($AK$3="歴月",SUMIFS($AK$11:$AK$30,$B$11:$B$30,AG45)/$AL$5,"記載する期間を選択してください")) -> 記載する期間を選択してください | AL49: =IF($AK$3="４週",SUMIFS($AK$11:$AK$30,$B$11:$B$30,AL45)/4/$AH$5,IF($AK$3="歴月",SUMIFS($AK$11:$AK$30,$B$11:$B$30,AL45)/$AL$5,"記載する期間を選択してください")) -> 記載する期間を選択してください
C50: 2 | E50: 3 | I50: 4 | O50: 5 | U50: 6 | AA50: 7 | AG50: 8 | AL50: 9
A51: ・最初に「年月欄」「サービス種別」「事業所名」を入力してください。 | R51: 6 | X51: 7 | AD51: 8 | AJ51: 9
A52: (1) 「４週」・「暦月」のいずれかを選択してください。
A53: (2) 「予定」・「実績」のいずれかを選択してください。
A54: (3) 事業所における常勤の従業者が勤務すべき時間数を入力してください。
A55: (4) 従業者の職種を入力してください。
A56: 記入の順序は、職種ごとにまとめてください。
A57: (5) 従業者の勤務形態について、下記のうち該当する区分の記号を入力してください。
B58: 記号 | C58: 区分
B59: A | C59: 常勤で専従
B60: B | C60: 常勤で兼務
B61: C | C61: 非常勤で専従
B62: D | C62: 非常勤で兼務
B63: （注）常勤・非常勤の区分について
B64: 当該事業所における勤務時間が、当該事業所において定められている常勤の従業者が勤務すべき時間数に達していることをいいます。雇用の形態は考慮しません。
B65: （例えば、常勤者は週に40時間勤務することとされた事業所であれば、非正規雇用であっても、週40時間勤務する従業者は常勤扱いとなります。）
A66: (6) 従業者の保有する資格を入力してください。
A67: 保有資格を全て記入するのではなく、人員基準・加配加算上、求められる資格等を入力してください。
A68: ※選択した資格及び研修に関して、必要に応じて、資格証又は研修修了証等の写しを添付資料として提出してください。
A69: (7) 従業者の氏名を記入してください。
A70: (8) 申請する事業に係る従業者（管理者を含む。）の1ヶ月分の勤務時間を入力してください。常勤の職員が休暇を取得する場合は、「休」と入力してください。
A71: ※ 指定基準の確認に際しては、４週分の入力で差し支えありません。
A72: (9) 従業者ごとに、合計勤務時間数を入力してください。
A73: ※ 入力することができる時間数は、当該事業所において常勤の従業者が勤務すべき勤務時間数を上限とします。
A74: (10) 従業者ごとに、週平均の勤務時間数を入力してください。
A75: (11) 申請する事業所以外の事業所・施設との兼務がある場合は、兼務先の事業所・施設の名称、兼務する職務の内容について記入してください。
A76: 同一事業所内の兼務についても兼務する職務の内容を記入してください。
A77: その他、特記事項欄としてもご活用ください。
A78: （12) 必要項目を満たしていれば、各事業所で使用するシフト表等をもって代替書類として差し支えありません。

Sheet 参考様式９
A1: (参考様式９）
D3: 組 織 体 制 図
B5: 事業所の名称
B6: サービスの種類
B53: 備考 既存の組織体制図がある場合は、その写し等の添付でかまいません。

Sheet 様式第11号（通所）
A1: 様式第11号
A2: 同 意 書
O8: 令和 | R8: 年 | T8: 月 | V8: 日
A13: 横 浜 市 長
J18: （申請者）
J20: 所 在 地
J22: 名 称
J24: 代表者氏名
A32: 令和 | D32: 年 | F32: 月 | H32: 日 | I32: に申請した、児童福祉法に規定する障害児通所支援に係る指
A35: 定申請書の内容について、横浜市指定通所支援の事業等の人員、設備、運営等の基準に関する条
A38: 例第４条第２項及び第３項に基づき、暴力団員でないことを確認するため、記載された情報を神
A41: 奈川県警察本部長に照会することについて同意します。
A61: 横浜市指定通所支援の事業等の人員、設備、運営等の基準に関する条例【抜粋】
A63: 第４条 法第21条の５の15第３項第１号の条例で定める者は、法人とする。ただし、児童発達支援(病院又は 診療所により行われるものに限る。)に係る指定の申請については、この限りでない。 ２ 前項の法人は、横浜市暴力団排除条例(平成23年12月横浜市条例第51号)第２条第２号の暴力団、同条第５ 号の暴力団経営支配法人等又は同条例第7条の暴力団員等と密接な関係を有すると認められる者(以下この項 において「暴力団等」という。)であってはならない。ただし、前項ただし書の申請については、暴力団等 又は同条例第２条第４号の暴力団員等であってはならない。 ３ 前２項の規定は、法第21条の５の16第1項の規定による指定障害児通所支援事業者の指定の更新について 準用する。

Sheet 様式第11号（入所）
A1: 様式第11号
A2: 同 意 書
O8: 令和 | R8: 年 | T8: 月 | V8: 日
A13: 横 浜 市 長
J18: （申請者）
J20: 所 在 地
J22: 名 称
J24: 代表者氏名
A32: 令和 | D32: 年 | F32: 月 | H32: 日 | I32: に申請した、児童福祉法に規定する障害児入所支援に係る
A35: 指定申請書の内容について、横浜市指定障害児入所施設等の人員、設備、運営等の基準に関する
A38: 条例第４条に基づき、暴力団員でないことを確認するため、記載された情報を神奈川県警察
A41: 本部長に照会することについて同意します。
A61: 横浜市指定障害児入所施設等の人員、設備、運営等の基準に関する条例【抜粋】
A63: 第４条 法第24条の９第３項において準用する法第21条の５の15第３項第１号の条例で定める者
A65: は、法人であって、横浜市暴力団排除条例(平成23年12月横浜市条例第51号)第２条第２号
B67: の暴力団、同条第５号の暴力団経営支配法人等又は同条例第7条の暴力団員等と密接な関係を有する
B68: と認められる者でないものとする。

Sheet 様式第12号
A1: 様式第12号 | C1: 役 員 等 名 簿 | K1: 申請者（法人）名（ ）
B2: 氏名（姓と名を１字開けてください） | E2: 生年月日 | I2: 性別 | J2: 住 所 | L2: 役職名 ・呼称 | M2: TEL | N2: FAX
B3: ｶﾅ（半角） | D3: 漢 字 | E3: m（明治） t（大正） s（昭和） h（平成） | F3: 年 | G3: 月 | H3: 日 | I3: 男性（m）女性（f）
A4: 1
A5: 2
A6: 3
A7: 4
A8: 5
A9: 6
A10: 7
A11: 8
A12: 9
A13: 10
A14: 11
A15: 12
A16: ・役員等名簿に記載するのは当該法人の役員及び事業所の管理者です。 ・当該法人の役員とは、業務を執行する社員、取締役、執行役又はこれらに準ずる者をいい、相談役、顧問その他いかなる名称を有する者であるかを問わず、法人に対し業務を執行する社員、取締役、執行役、幹事又はこれらに準ずる者と同等以上の支配力を有するものと認められる者を含みます。 ・当該法人の役員が変わる場合には、新たに就任する役員のみ記載してください（退任する役員については記載不要です）。

Sheet 参考様式10-1（児発・放デイ）
A1: 参考様式10-１ | C1: 協力医療機関への説明確認書
A3: 事業所の名称
A4: サービスの種類 （選択してください） | C4: 児童発達支援 ・ 放課後等デイサービス ・ その他（ ）
A6: 協力医療機関の名称（＊）
A7: 所在地
A8: 診療科目
A9: 事業所・施設からの距離 | E9: km | F9: （徒歩 分 車 分）
A10: 確認事項 | C10: この度はお忙しい中お時間をいただきありがとうございます。別紙にある通り、当施設は、障害児通所支援事業として運営を予定しています。 障害児通所支援事業において、あらかじめ協力医療機関を定めておくことは、国の「児童福祉法に基づく指定通所支援の事業等の人員、設備及び運営に関する基準」第42条に規定されており、踏まえて横浜市では「横浜市指定通所支援の事業等の人員、設備、運営等の基準に関する条例」第43条に規定されています。 このため今回説明および確認のため書面を持参させていただきました。 協力医療機関の役割については「放課後等デイサービスガイドライン」（こども家庭庁 令和６年７月）及び、同様の記載が「児童発達支援ガイドライン」（こども家庭庁 令和６年７月）にもあります。 「こどもの事故やけが、健康状態の急変が生じた場合に備え、近隣の協力医療機関をあらかじめ定めておく必要がある。協力医療機関は緊急時の対応が生じた場合に相談をすることが想定されることから、できるだけ近い場所であることや事業所等の作成する緊急時の対応マニュアルを、事前に協力医療機関や保護者と共有しておくことが望ましい。特に、医療的ケアが必要なこどもや重症心身障害のあるこどもは、事前に協力医療機関を受診し、医師にこどもの状態について理解しておいてもらうことも必要である。」 これらを踏まえ、当施設の利用者が緊急対応を必要としたときに、診療時間内に相談（受診）させていただくことがあることについてご報告及び確認をさせていただきました。
C38: 医療機関名 | E38: 上記（＊）と同じ
C40: 医師氏名
A45: 備考（何かあれば追記）

Sheet 参考様式10-2（入所）
A1: 参考様式10-2（医療型障害児入所施設を除く）
C2: 協力医療機関との契約の内容
A4: 事業所の名称
A5: サービスの種類
A7: 協力医療機関の名称
A8: 所在地
A9: 診療科目
A10: 事業所・施設からの距離 | E10: km | F10: （徒歩 分 車 分）
A11: 契約の内容
A42: 備考 | B42: 「契約の内容」は、契約書の写し等の添付でもかまいません。

Sheet 参考様式11
A1: 参考様式11
A3: 事 業 計 画 書
B5: 事業所名又は施設名
B6: サービス種類
A8: 項 目 | D8: 内 容
A10: １ 事業の内容
A27: ２ 事業開始年月日
A29: ３ 従業者等の人員
A39: ４ 利用者の定員
A44: ５ 研修計画
A50: ６ その他
A54: ※事業計画書は、当該事業所の年間事業計画を作成してください。

Sheet 参考様式12
A1: （参考様式12） | C1: 障害児通所支援事業 開始届出書
F2: 令和 年 月 日
A3: 横浜市長
D5: 法人名
D6: 届出者 住所
D7: 代表者職氏名
A9: 次のとおり障害児通所支援事業を開始しますので、届け出ます。
A11: １ 事業の種類及び内容
A14: ２ 経営者の氏名及び住所（法人であるときは、その名称及び主たる事務所の所在地）
A17: ３ 職員の定数及び職務の内容
A20: ４ 主な職員の氏名及び経歴
A23: ５ 事業を行おうとする区域
A26: ６ 当該事業の用に供する施設の所在地及び利用定員
A29: ７ 事業開始の予定年月日
A32: 備考 この届出書は、指定申請書と同時に提出してください。

Sheet 管理者誓約書（通所）
A1: 指定障害児通所支援事業所 管理者誓約書
A5: 「指定障害児通所支援の事業等の人員、設備及び運営に関する基準等を定める条例（平成24年横浜市条例第61号）」の規定に従い、運営に関する基準を遵守し、当指定障害児通所支援事業の管理者の責務を適正に果たすことを誓約します。
A10: 令和 年 月 日
A13: 横浜市長
A16: 事業者名（開設法人名）
A19: 代表者氏名
A22: 事業所名
A25: 管理者氏名
A32: 指定障害児通所支援の事業等の人員、設備及び運営に関する基準等を定める条例【抜粋】
A34: （管理者の責務）
A35: 第37条 指定児童発達支援事業所の管理者は、当該指定児童発達支援事業所の従業者及び業務の 管理その他の管理を、一元的に行わなければならない。
A38: ２ 指定児童発達支援事業所の管理者は、当該指定児童発達支援事業所の従業者にこの章の規定を 遵守させるため必要な指揮命令を行うものとする。
A41: （医療型児童発達支援、放課後等デイサービス、保育所等訪問支援においても準用）

Sheet 管理者誓約書（入所）
A1: 指定障害児入所施設 管理者誓約書
A5: 「指定障害児入所施設等の人員、設備及び運営に関する基準等を定める条例（平成24年横浜市条例第62号）」の規定に従い、運営に関する基準を遵守し、当指定障害児入所施設の管理者の責務を適正に果たすことを誓約します。
A10: 令和 年 月 日
A13: 横浜市長
A16: 事業者名（開設法人名）
A19: 代表者氏名
A22: 事業所名
A25: 管理者氏名
A32: 指定障害児入所施設等の人員、設備及び運営に関する基準等を定める条例【抜粋】
A34: （管理者による管理等）
A35: 第34条
A36: （第１項 略）
... A42: （医療型障害児入所施設においても準用）

Sheet 事業者指定前の確認・誓約事項
A1: 事業者指定前の確認・誓約事項
A2: 申請 | B2: ○意図の如何に関わらず、本書を含む申請書類に虚偽が判明した場合、原則として、指定前の場合は当該申請を拒否、指定後の場合は取消しとします。
B3: ○虚偽申請により事業者として不適格とみなされた場合は、事業者として運営する他事業所も合わせて指定を取り消すことがあります。
B4: ○申請書の提出以降、申請内容について変更があった場合には、一旦、申請取下げの上、再申請していただきます。
A6: 指定基準 | B6: ○基準条例及び報酬告示は遵守していただきます。これらに適合しない場合は、指定を行いません。
B7: ○関係法令のうち代表的なものは別表１のとおりです。
B8: ○代表的なＱ＆Ａは、別表２のとおりです。
B9: ○上記に記載されている内容は、申請者・事業者の責任において理解していただきます。解釈に関するご質問は受け付けますが、個別の事例により取り扱いが異なることがあります。
A11: 他法遵守 及び 地域住民等への説明 | B11: ○事業所運営に関連する他の法律も遵守していただきます。（関連の多い法律の例は別表３のとおり。）必ず、事前に他法に係る関係機関との連絡・調整を済ませてください。
B12: ○他の法律に適合せず、事業を実施できないことが判明した場合、指定を行いません。また、指定後に当該事実が判明した場合は、関係機関と協議の上、指定の停止等の処分も含めて対応を検討します。
B13: ○事業所の開設を予定する地域の住民に対しては、必ずご理解・ご協力を得られるよう事業所について十分な説明を行ってください。
B14: ○開所後は、他事業者や教育機関等との連携を図るよう努めてください。
A16: その他 | B16: ○管理者を事業所の指導員としても兼務し配置する場合は、専従でなければなりません。また、管理者が指導員ではなく他事業所の管理者と兼務する場合であっても、適切に移動できる範囲内で、適切に管理できる数の事業所に限られます。
B17: ○事業開始後は、事業所の運営に係る書類はすべて整備保管してください。
B18: ・請求の根拠となるサービス提供に係るあらゆる記録は、整備保管されていなければなりま せん。記録されていない場合や、保管されておらず確認できない場合は、報酬・加算の請求 を取り下げていただくことがあります。
B19: ・管理者、児童発達支援管理責任者及び指導員等当該事業所に勤務する者については、雇用 契約を結び、勤務状況が確認できるようにして下さい。雇用契約や勤務状況等が確認できな い場合、各種減算の対象となるほか、指定の停止等の処分も含めて対応を検討します。
B20: 〇事業開始後に、運営基準違等に違反することが疑われる場合、本市の調査に協力してください。調査の結果、改善の指導または指示がなされた場合は、速やかに応じてください。
A22: 以上のことを理解し、遵守することを誓約します。
D24: 誓約日 | F24: 年 | G24: 月 | H24: 日
D25: 法人名
D26: 法人所在地
D27: 代表者

Sheet 事業者指定前の確認・誓約書（別表１）
A1: 別表１〈関係法令等〉
A2: （法律）
A3: ・ | B3: 社会福祉法
A4: ・ | B4: 児童福祉法
A5: ・ | B5: 障害者の日常生活及び社会生活を総合的に支援するための法律
A6: （政令）
B7: 上記各法の施行令
A8: （省令）
A9: ・ | B9: 上記各法の施行規則
A10: ・ | B10: 児童福祉施設の設備及び運営に関する基準
A11: ・ | B11: 児童福祉法に基づく指定障害児入所施設等の人員、設備及び運営に関する基準
A12: ・ | B12: 児童福祉法に基づく指定通所支援の事業等の人員、設備及び運営に関する基準
A13: ・ | B13: 障害児通所給付費等の請求に関する省令
A14: （告示）
A15: ・ | B15: 児童福祉法に基づく指定入所支援に要する費用の額の算定に関する基準
A16: ・ | B16: 児童福祉法に基づく指定通所支援及び基準該当通所支援に要する費用の額の算定に関する基準
A17: ・ | B17: 障害児通所支援又は障害児入所支援の提供の管理を行う者として厚生労働大臣が定めるもの
A18: ・ | B18: 厚生労働大臣が定める一単位の単価
A19: ・ | B19: 食事の提供に要する費用及び光熱水費に係る利用料等に関する指針
A20: ・ | B20: 厚生労働大臣が定める施設基準
A21: ・ | B21: 厚生労働大臣が定める児童等
A22: ・ | B22: 厚生労働大臣が定める障害児の数の基準、従業者の員数の基準及び営業時間の時間数並びに所定単位数に乗じる割合
A23: ・ | B23: 児童福祉法に基づく指定通所支援及び基準該当通所支援に要する費用の額の算定に関する基準に基づき厚生労働大臣が定める地域
A24: （条例）
A25: ・ | B25: 児童福祉施設の設備及び運営に関する基準を定める条例
A26: ・ | B26: 指定通所支援の事業等の人員、設備及び運営に関する基準等を定める条例
A27: ・ | B27: 児童福祉法施行細則
A29: 別表２〈Ｑ＆Ａ〉
A30: ・ | B30: Ｑ＆Ａについては、こども家庭庁ホームページを参照。
B31: https://www.cfa.go.jp/policies/shougaijishien/shisaku/hoshukaitei
A33: 別表３〈その他関連する主な法律等〉 ※( )書きは、法令所管機関
A34: ・ | B34: 行政書士法
A35: ・ | B35: 法人所管法令…社会福祉法、特定非営利活動促進法、一般社団法人及び一般財団法人に関する法律、会社法 等
A36: ・ | B36: 国税法令…法人税法、消費税法、印紙税法 等
A37: ・ | B37: 地方税法（市税事務所）
A38: ・ | B38: 労働基準法（労働基準監督署）
A39: ・ | B39: 消防法（各市町村消防）
A40: ・ | B40: 建築基準法
A41: ・ | B41: 都市計画法

Sheet 加入状況確認票（社会保険及び労働保険）
A2: 社会福祉事業等の事業所用
A3: 社会保険及び労働保険への加入状況にかかる確認票
A5: 貴事業所の現状等について、下記の項目に回答してください。
A6: Ⅰ．現在、厚生年金保険・健康保険に加入していますか。 （該当する番号に○を付してください。また、必要事項をご記入ください。）
B7: 加入状況
A8: 1 | B8: 加入している。 →下記のいずれかの書類の写しを提出してください。（提示も可）
B9: ●保険料の領収証書 ●社会保険料納入証明書
B10: ●社会保険料納入確認書
B11: ●健康保険・厚生年金保険資格取得確認および標準報酬決定通知書
B12: ●健康保険・厚生年金保険適用通知書
B13: ※上記書類を所持していない場合には事業所整理記号を下記に記載するのみで可。
B14: （本社等にて加入手続が行われている場合も事業所整理記号を下記に記載するのみで可。）
A17: 2 | B17: 現在、加入手続中である。
A18: 3 | B18: 今後、加入手続を行う。
B19: （申請から３か月以内に適用要件（法人事業所または従業員５人以上の個人事業所）に該当する予定の場合を含む。）
B20: 令和（ ）年（ ）月頃に手続予定。（申請から３か月以内の年月をご記入ください。）
A21: 4 | B21: 適用要件に該当しない。（個人事業所（法人ではない事業所）であって従業員が４名以下の場合。申請から３か月以内に適用要件に該当する予定がない。）
A22: 5 | B22: 適用要件に該当するか不明である。
B23: （個人事業所（法人ではない事業所）であって、正社員と、正社員以外で１週間の所定労働時間及び１か月の所定労働日数が同じ事業所で同様の業務に従事している正社員の４分の３以上である者との合計が５人以上か不明な場合。）
A25: Ⅱ．現在、労働者災害補償保険・雇用保険に加入していますか。 （該当する番号に○を付してください。また、必要事項をご記入ください。）
B26: 加入状況
A27: 1 | B27: 加入している。 →下記のいずれかの書類の写しを提出してください。（提示も可）
B28: ●労働保険概算・確定保険料申告書
B29: ●納付書・領収証等 ●保険関係成立届
B30: ※上記書類を所持していない場合には労働保険番号を下記に記載するのみで可。
B31: （本社等にて加入手続が行われている場合も労働保険番号を下記に記載するのみで可。）
M32: －
A34: 2 | B34: 現在、加入手続中である。
A35: 3 | B35: 今後、加入手続を行う。
B36: （申請から３か月以内に従業員（パート・アルバイトを含む）を雇う予定がある場合を含む。）
B37: 令和（ ）年（ ）月頃に手続予定。（申請から３か月以内の年月をご記入ください。）
A38: 4 | B38: 適用要件に該当しない。（事業主・役員・同居の親族のみで経営、従業員（パート・アルバイトを含む）がいない、申請から３か月以内に従業員を雇う予定がない。）
A40: 回答年月日 令和 年 月 日
A41: 事 業 所 名 称
A42: 事業所 所在地
A43: 会社等法人番号
A44: 電 話 番 号
A46: ※ 事業主の皆様には、全ての法令を遵守していただきたいと考えています。社会保険・労働保険の適用が確認できない場合は、厚生労働省からの依頼に基づき、厚生労働省に情報提供いたします。
A47: ※ 社会保険・労働保険の適用促進以外の目的では使用いたしません。

Sheet 参考様式13の1 　暫定配置（１年）
A2: 参考様式13の1
A3: やむを得ない事由による児童発達支援管理責任者の暫定配置に関する届出書 （12か月配置）
O5: 令和 年 月 日
B6: 横浜市長
K7: 所在地
I8: 申請者 | K8: 名 称
K9: 代表者
B12: 児童福祉法に基づき指定を受け、当法人が設置する障害児通所支援事業所において、このたび、児童発達支援管理責任者が次の事由により不在となりましたが、当法人内に児童発達支援管理責任者の要件を満たす、配置可能な従業者が不在です。 このため、12か月間（以内）に限り、児童発達支援管理責任者の実務経験の要件を満たす者を配置し、暫定措置による事業実施を行います。 また、暫定措置の期間終了後、速やかに児童発達支援管理責任者の変更届を提出します。
A14: 1 | B14: 事業所名
A15: 2 | B15: 退職等となった児童発達支援管理責任者の氏名
A16: 3 | B16: 児童発達支援管理責任者が不在となった理由
A17: 4 | B17: 要件を満たす児童発達管理責任者が配置できない理由
A18: 4 | B18: 児童発達支援管理責任者が不在となった年月日 | I18: 令和 年 月 日
A19: 5 | B19: 暫定で配置する児童発達支援管理責任者の氏名
A20: 6 | B20: 暫定で配置する児童発達支援管理責任者の実務経験について | I20: ①従事した期間、日数及び業務内容 平成 平成 令和 年 月 日 ～ 令和 年 月 日( 年 か月）
P21: 従事した日数 | S21: 日
I22: ②従事した期間、日数及び業務内容 平成 平成 令和 年 月 日 ～ 令和 年 月 日( 年 か月）
P23: 従事した日数 | S23: 日
A24: 7 | B24: 暫定で配置する児童発達支援管理責任者の研修受講状況 | I24: 児童発達支援管理責任者研修 | O24: 未受講 | V24: ✔
O25: 受講済み （研修修了日： 年 月 日）
I26: サービス管理責任者補足研修 （相談支援従事者初任者研修（講義部分の２日間）） | O26: 未受講
O27: 受講済み （研修修了日： 年 月 日）
I28: 児童発達支援管理責任者 実践研修 | O28: 未受講
O29: 受講予定 （研修受講予定： 年 月 日）
A30: 8 | B30: 暫定措置終了年月 | I30: 令和 年 月末
B31: ※ 暫定措置終了期限は、現在の児童発達支援管理責任者が上記理由により不在となった日から１年間です。
B32: ※ 3の「不在になった理由」は詳細に記載ください。内容によっては、やむを得ない事由とは認められません。
B33: ※ 4の「配置できない理由」は、法人や事業所内の人員配置状況、採用活動状況等を記載してください。
B34: ※ 暫定で配置する者が、児童発達支援管理責任者の研修を受講している場合は、修了証の写しと実務経験証明書（原本）を添付してください。
B35: ※ 実務経験証明書は既に他の要件確認のために原本を提出していただいている場合は写しでも結構です。

Sheet 参考様式13の２　暫定配置（実践終了まで）
A2: 参考様式13の2
A3: やむを得ない事由による児童発達支援管理責任者の暫定配置に関する届出書 （実践研修終了までの配置)
O5: 令和 年 月 日
B6: 横浜市長
K7: 所在地
I8: 申請者 | K8: 名 称
K9: 代表者
B12: 児童福祉法に基づき指定を受け、当法人が設置する障害児通所支援事業所において、このたび、児童発達支援管理責任者が次の事由により不在となりましたが、当法人内に児童発達支援管理責任者の要件を満たす、配置可能な従業者が不在です。 このため、実務経験を満たす基礎研修修了者を実践研修修了時まで配置し、暫定措置による事業実施を行います。 また、実践研修修了後、速やかに児童発達支援管理責任者の変更届を提出します。
A14: 1 | B14: 事業所名
A15: 2 | B15: 退職等となった児童発達支援管理責任者の氏名
A16: 3 | B16: 児童発達支援管理責任者が不在となった理由
A17: 4 | B17: 要件を満たす児童発達管理責任者が配置できない理由
A18: 5 | B18: 児童発達支援管理責任者が不在となった年月日 | I18: 令和 年 月 日
A19: 6 | B19: 暫定で配置する児童発達支援管理責任者の氏名
A20: 7 | B20: 暫定で配置する児童発達管理責任者が当該事業所に配置された日 | I20: 令和 年 月 日
A21: 8 | B21: 暫定で配置する児童発達支援管理責任者の実務経験について | I21: ①従事した期間、日数及び業務内容 平成 平成 令和 年 月 日 ～ 令和 年 月 日( 年 か月）
P22: 従事した日数 | S22: 日
I23: ②従事した期間、日数及び業務内容 平成 平成 令和 年 月 日 ～ 令和 年 月 日( 年 か月）
P24: 従事した日数 | S24: 日
A25: 9 | B25: 暫定で配置する児童発達支援管理責任者の研修受講状況 | I25: 児童発達支援管理責任者研修 | O25: 研修修了日： 年 月 日 | V25: ✔
I26: サービス管理責任者補足研修 （相談支援従事者初任者研修（講義部分の３日間）） | O26: 研修修了日： 年 月 日
I27: 児童発達支援管理責任者 実践研修 | O27: 受講予定 （研修受講予定： 年 月 日）
A28: 10 | B28: 暫定措置終了年月 | I28: 実践研修修了時まで （最長で児童発達管理責任者が欠如した日から２年間＝ 令和 年 月末）
B29: ※ 暫定措置終了期限は、現在の児童発達支援管理責任者が上記理由により不在となった日から、実践研修修了時まで（最長２年）です。
B30: ※ 3の「不在になった理由」は詳細に記載ください。内容によっては、やむを得ない事由とは認められません。
B31: ※ 4の「配置できない理由」は、法人や事業所内の人員配置状況、採用活動状況等を記載してください。
B32: ※ 7は、暫定で配置する者が、児童発達管理責任者が欠如時以前から当該事業所に配置されていない場合、暫定配置期間は12か月です。
B33: ※ 暫定で配置する児童発達支援管理責任者の研修の修了証の写しと実務経験証明書（原本）を添付してください。
B34: ※ 実務経験証明書は既に他の要件確認のために原本を提出していただいている場合は写しでも結構です。
B35: ※ 実践研修を受講するためのOJT期間を６か月以上とするためには、本届出書と併せて、「実務経験の短縮の届出書」が必要です。

Sheet 参考様式14 短縮届出
A1: （参考様式14）
B3: 児童発達支援管理責任者等
B4: 実践研修受講に係る実務経験短縮の届出書
J6: 令和 | N6: 年 | Q6: 月 | T6: 日
C7: 横浜市長 | D7: 様
E9: 届出者 | F9: 所 在 地
F10: 事業者名
F11: 代表者職氏名
F12: 担当者
F13: 電話番号
A15: 児童発達支援管理責任者等実践研修の受講に当たって必要な実務経験（ＯＪＴ）について、下記の者が要件１及び要件２を満たしているため届出をします。
B18: （フリガナ）
B19: 従事者名
B20: 従事者生年月日 | N20: 年 | Q20: 月 | T20: 日
B23: 要件１（該当する場合チェックをしてください）
B24: 上記の者は基礎研修受講時に既に児童発達支援管理責任者の配置に係る実務経験要件（相談支援業務又は直接支援業務３～８年）を満たしている。 | U24: ←チェック
B27: 要件２
B28: 個別支援計画（原案）作成の業務に従事した（従事する）施設・事業所 | E28: 事業所番号
E29: 名 称
E30: 所在地
E31: サービスの種類
B32: 個別支援計画（原案）作成の業務に従事した（従事する）期間 | E32: 令和 年 月 日 ～ 令和 年 月 日
E33: 計【 年 ヵ月】
E34: ※実践研修受講開始前まで（予定も含む）
A36: ※ | B36: 以下の要件を満たしている方のみ提出して下さい。虚偽の届出等が認められた場合、無効となります。
A37: ① | B37: 基礎研修受講時に既に児童発達支援管理責任者の配置に係る実務経験要件（相談支援業務又は直接支援業務３～８
B38: 年）を満たしている。
A39: ② | B39: 児童発達支援管理責任者が配置されている事業所において、 個別支援計画の原案作成までの一連の業務を行う。
A42: ※ | B42: 実践研修に申込時に、指定権者への届出を求められた場合は本届出書の写しを提出してください。

Sheet 参考様式14 短縮届出（記載例）
A1: （参考様式14）
B3: 児童発達支援管理責任者等
B4: 実践研修受講に係る実務経験短縮の届出書
J6: 令和 | L6: 5 | N6: 年 | O6: 9 | Q6: 月 | R6: 5 | T6: 日
C7: 横浜市長 | D7: 様
E9: 届出者 | F9: 所 在 地 | H9: 横浜市○○3丁目10番
F10: 事業者名 | H10: 社会福祉法人○○
F11: 代表者職氏名 | H11: 理事長 横浜 太郎
F12: 担当者 | H12: 佐藤 花子
F13: 電話番号 | H13: 045-00-0000
A15: 児童発達支援管理責任者等実践研修の受講に当たって必要な実務経験（ＯＪＴ）について、下記の者が要件１及び要件２を満たしているため届出をします。
B18: （フリガナ） | F18: スズキジロウ
B19: 従事者名 | F19: 鈴木 次郎
B20: 従事者生年月日 | J20: 平成 | L20: 3 | N20: 年 | O20: 1 | Q20: 月 | R20: 1 | T20: 日
B23: 要件１（該当する場合チェックをしてください）
B24: 上記の者は基礎研修受講時に既に児童発達支援管理責任者の配置に係る実務経験要件（相談支援業務又は直接支援業務３～８年）を満たしている。 | U24: ←チェック
B27: 要件２
B28: 個別支援計画（原案）作成の業務に従事した（従事する）施設・事業所 | E28: 事業所番号 | G28: 1450000000
E29: 名 称 | G29: ○○サービス
E30: 所在地 | G30: 横浜市○○4丁目11番
E31: サービスの種類 | G31: 放課後等デイサービス
B32: 個別支援計画（原案）作成の業務に従事した（従事する）期間 | E32: 令和５年９月１日 ～ 令和６年６月30日
E33: 計【 年 10ヵ月】
E34: ※実践研修受講開始前まで（予定も含む）
A36: ※ | B36: 以下の要件を満たしている方のみ提出して下さい。虚偽の届出等が認められた場合、無効となります。
A37: ① | B37: 基礎研修受講時に既に児童発達支援管理責任者の配置に係る実務経験要件（相談支援業務又は直接支援業務３～８
B38: 年）を満たしている。
A39: ② | B39: 児童発達支援管理責任者が配置されている事業所において、 個別支援計画の原案作成までの一連の業務を行う。
A42: ※ | B42: 実践研修に申込時に、指定権者への届出を求められた場合は本届出書の写しを提出してください。

Sheet 選択肢 
A1: ！申請するサービス類型を選択してください | B1: 職種① | C1: 職種② | D1: 職種③ | E1: 職種④ | F1: 職種⑤ | G1: 職種⑥ | H1: 職種⑦ | I1: 職種⑧ | J1: 職種⑨ | K1: 職種⑩
A2: 居宅介護 | B2: 管理者 | C2: サービス提供責任者 | D2: 従業者
A3: 重度訪問介護 | B3: 管理者 | C3: サービス提供責任者 | D3: 従業者
A4: 同行援護 | B4: 管理者 | C4: サービス提供責任者 | D4: 従業者
A5: 行動援護 | B5: 管理者 | C5: サービス提供責任者 | D5: 従業者
A6: 療養介護 | B6: 管理者 | C6: サービス管理責任者 | D6: 医師 | E6: 看護職員 | F6: 生活支援員
A7: 生活介護 | B7: 管理者 | C7: サービス管理責任者 | D7: 医師 | E7: 看護職員 | F7: 理学療法士 | G7: 作業療法士 | H7: 言語聴覚士 | I7: 生活支援員 | J7: その他職員
A8: 短期入所・併設型 | B8: 管理者 | C8: 生活支援員
A9: 短期入所・空床利用型 | B9: 管理者 | C9: 生活支援員
A10: 短期入所・単独型 | B10: 管理者 | C10: 生活支援員
A11: 重度障害者等包括支援 | B11: 管理者 | C11: サービス提供責任者
A12: 共同生活援助・介護サービス包括型 | B12: 管理者 | C12: サービス管理責任者 | D12: 世話人 | E12: 生活支援員 | F12: その他職員
A13: 共同生活援助・外部サービス利用型 | B13: 管理者 | C13: サービス管理責任者 | D13: 世話人 | E13: その他職員
A14: 共同生活援助・日中サービス支援型 | B14: 管理者 | C14: サービス管理責任者 | D14: 世話人 | E14: 生活支援員 | F14: 夜間支援従事者 | G14: その他職員
A15: 障害者支援施設 | B15: 管理者 | C15: サービス管理責任者 | D15: 医師 | E15: 看護職員 | F15: 理学療法士 | G15: 作業療法士 | H15: 言語聴覚士 | I15: 就労支援員 | J15: 職業指導員 | K15: 生活支援員 | L15: その他職員
A16: 機能訓練 | B16: 管理者 | C16: サービス管理責任者 | D16: 看護職員 | E16: 理学療法士 | F16: 作業療法士 | G16: 言語聴覚士 | H16: 生活支援員
A17: 生活訓練 | B17: 管理者 | C17: サービス管理責任者 | D17: 地域移行支援員 | E17: 生活支援員 | F17: その他職員
A18: 就労移行支援 | B18: 管理者 | C18: サービス管理責任者 | D18: 就労支援員 | E18: 職業指導員 | F18: 生活支援員
A19: 認定指定就労移行支援 | B19: 管理者 | C19: サービス管理責任者 | D19: 職業指導員 | E19: 生活支援員
A20: 就労継続支援Ａ型・Ｂ型 | B20: 管理者 | C20: サービス管理責任者 | D20: 職業指導員 | E20: 生活支援員 | F20: その他職員
A21: 一般相談支援事業 | B21: 管理者 | C21: 従業者
A22: 就労定着支援 | B22: 管理者 | C22: サービス管理責任者 | D22: 就労定着支援員
A23: 自立生活援助 | B23: 管理者 | C23: サービス管理責任者 | D23: 地域生活支援員
A24: 特定相談支援・障害児相談支援 | B24: 管理者 | C24: 相談支援専門員 | D24: 相談支援員
A25: 放課後等デイサービス | B25: 管理者 | C25: 児童発達支援管理責任者 | D25: 児童指導員 | E25: 保育士 | F25: 機能訓練担当職員 | G25: 看護職員 | H25: その他職員
A26: 児童発達支援・主として重症心身障害児を対象とする場合 | B26: 管理者 | C26: 児童発達支援管理責任者 | D26: 嘱託医 | E26: 看護職員 | F26: 児童指導員 | G26: 保育士 | H26: 機能訓練担当職員 | I26: その他職員
A27: 児童発達支援・児童発達支援センターであるもの | B27: 管理者 | C27: 児童発達支援管理責任者 | D27: 嘱託医 | E27: 児童指導員 | F27: 保育士 | G27: 栄養士 | H27: 調理員 | I27: 機能訓練担当職員 | J27: 看護職員 | K27: その他職員
A28: 保育所等訪問支援 | B28: 管理者 | C28: 児童発達支援管理責任者 | D28: 訪問支援員
A29: 居宅訪問型児童発達支援 | B29: 管理者 | C29: 児童発達支援管理責任者 | D29: 訪問支援員
A30: 福祉型障害児入所施設 | B30: 管理者 | C30: 児童発達支援管理責任者 | D30: 医師 | E30: 看護職員 | F30: 児童指導員 | G30: 保育士 | H30: 栄養士 | I30: 調理員 | J30: 心理担当職員 | K30: その他職員
A31: 医療型障害児入所施設 | B31: 児童発達支援管理責任者 | C31: 医師 | D31: 看護職員 | E31: 児童指導員 | F31: 保育士 | G31: 心理担当職員 | H31: 理学療法士又は作業療法士 | I31: 職業指導員 | J31: その他職員
A32: 児童発達支援 | B32: 管理者 | C32: 児童発達支援管理責任者 | D32: 児童指導員 | E32: 保育士 | F32: 機能訓練担当職員 | G32: 看護職員 | H32: その他職員
A33: 放課後等デイサービス・主として重症心身障害児を対象とする場合 | B33: 管理者 | C33: 児童発達支援管理責任者 | D33: 嘱託医 | E33: 看護職員 | F33: 児童指導員 | G33: 保育士 | H33: 機能訓練担当職員 | I33: その他職員

Sheet 選択肢
A1: ！申請するサービス類型を選択してください | B1: 職種① | C1: 職種② | D1: 職種③ | E1: 職種④ | F1: 職種⑤ | G1: 職種⑥ | H1: 職種⑦ | I1: 職種⑧ | J1: 職種⑨ | K1: 職種⑩
A2: 特定相談支援・障害児相談支援 | B2: 管理者 | C2: 相談支援専門員 | D2: 相談支援員
A3: 児童発達支援・放課後等デイサービス | B3: 管理者 | C3: 児童発達支援管理責任者 | D3: 児童指導員 | E3: 保育士 | F3: 機能訓練担当職員 | G3: 看護職員 | H3: その他職員
A4: 児童発達支援・主として重症心身障害児を対象とする場合 | B4: 管理者 | C4: 児童発達支援管理責任者 | D4: 嘱託医 | E4: 看護職員 | F4: 児童指導員 | G4: 保育士 | H4: 機能訓練担当職員 | I4: その他職員
A5: 児童発達支援・児童発達支援センターであるもの | B5: 管理者 | C5: 児童発達支援管理責任者 | D5: 嘱託医 | E5: 児童指導員 | F5: 保育士 | G5: 栄養士 | H5: 調理員 | I5: 機能訓練担当職員 | J5: 看護職員 | K5: その他職員
A6: 保育所等訪問支援 | B6: 管理者 | C6: 児童発達支援管理責任者 | D6: 訪問支援員
A7: 居宅訪問型児童発達支援 | B7: 管理者 | C7: 児童発達支援管理責任者 | D7: 訪問支援員
A8: 福祉型障害児入所施設 | B8: 管理者 | C8: 児童発達支援管理責任者 | D8: 医師 | E8: 看護職員 | F8: 児童指導員 | G8: 保育士 | H8: 栄養士 | I8: 調理員 | J8: 心理担当職員 | K8: その他職員
A9: 医療型障害児入所施設 | B9: 児童発達支援管理責任者 | C9: 医師 | D9: 看護職員 | E9: 児童指導員 | F9: 保育士 | G9: 心理担当職員 | H9: 理学療法士又は作業療法士 | I9: 職業指導員 | J9: その他職員
